Workbook
Name __________PJ50: #REF!
Name __________PJ50: #REF!
Name __________PJ50: #REF!
Name __________PJ50: #REF!
Name __________PJ50: #REF!
Name __________PJ50: #REF!
Name __________PJ50: #REF!
Name __________PJ50: #REF!
Name __________PJ50: #REF!
Name __________PJ50: #REF!
Name __________pj51: #REF!
Name __________pj51: #REF!
Name __________pj51: #REF!
Name __________pj51: #REF!
Name __________pj51: #REF!
Name __________pj51: #REF!
Name __________pj51: #REF!
Name __________pj51: #REF!
Name __________pj51: #REF!
Name __________pj51: #REF!
Name _________PJ50: #REF!
Name _________PJ50: #REF!
Name _________PJ50: #REF!
Name _________PJ50: #REF!
Name _________PJ50: #REF!
Name _________PJ50: #REF!
Name _________PJ50: #REF!
Name _________PJ50: #REF!
Name _________PJ50: #REF!
Name _________PJ50: #REF!
Name _________pj51: #REF!
Name _________pj51: #REF!
Name _________pj51: #REF!
Name _________pj51: #REF!
Name _________pj51: #REF!
Name _________pj51: #REF!
Name _________pj51: #REF!
Name _________pj51: #REF!
Name _________pj51: #REF!
Name _________pj51: #REF!
Name ________MA2: #REF!
Name ________MA2: #REF!
Name ________MA2: #REF!
Name ________MA2: #REF!
Name ________MA2: #REF!
Name ________MA2: #REF!
Name ________MA2: #REF!
Name ________MA2: #REF!
Name ________MA2: #REF!
Name ________MA2: #REF!
Name ________PJ50: #REF!
Name ________PJ50: #REF!
Name ________PJ50: #REF!
Name ________PJ50: #REF!
Name ________PJ50: #REF!
Name ________PJ50: #REF!
Name ________PJ50: #REF!
Name ________PJ50: #REF!
Name ________PJ50: #REF!
Name ________PJ50: #REF!

Sheet M
B2: FORMATO - LISTA DE MATERIALES
B5: No. | C5: MATERIAL | D5: UNIDAD | E5: PRECIO - UNITARIO
B6: 1 | C6: Estacas de madera | D6: Un | E6: 870
B7: =B6+1 -> 2 | C7: Puntilla con cabeza o clavos de 1" a 3.1/2" | D7: Lb | E7: 2800
B8: =B7+1 -> 3 | C8: Madera redonda | D8: Un | E8: 4500
B9: =B8+1 -> 4 | C9: Puntillas | D9: Lb | E9: 3000
B10: =B9+1 -> 5 | C10: MORTERO 1:3 | D10: M3 | E10: 416235
B11: =B10+1 -> 6 | C11: Lona Verde | D11: m | E11: 3500
B12: =B11+1 -> 7 | C12: Material gravo arcilloso Tipo 2 | D12: M3 | E12: 20000
B13: =B12+1 -> 8 | C13: Base Granular en cumplimiento de las especificaciones del INVIAS | D13: M3 | E13: 115000
B14: =B13+1 -> 9 | C14: Agua | D14: Lts | E14: 80
B15: =B14+1 -> 10 | C15: Concreto de 3000 psi | D15: M3 | E15: 410017
B16: =B15+1 -> 11 | C16: Malla electrosoldada | D16: M2 | E16: 7500
B17: =B16+1 -> 12 | C17: Acero de Refuerzo (figurado) | D17: Kg | E17: 4691
B18: =B17+1 -> 13 | C18: Concreto de 3500 psi | D18: M3 | E18: 449980
... B21: =B20+1 -> 16 | C21: Madera | D21: m | E21: 4500
B22: =B21+1 -> 17 | C22: Concreto de 2500 psi | D22: M3 | E22: ='[50]3'!$F$596 -> 383715
B23: =B22+1 -> 18 | C23: Piedra Rajon | D23: M3 | E23: 140000
B24: =B23+1 -> 19 | C24: Listones de madera de 2" x 2" | D24: Un | E24: 12000
B25: =B24+1 -> 20 | C25: Ladrillo de arcilla a la vista tipo Hollman | D25: Un | E25: 1250
B26: =B25+1 -> 21 | C26: Impermeabilizante con sika 1 o similar | D26: Kg | E26: 15000
B27: =B26+1 -> 22 | C27: Ladrillo H- 10 | D27: Un | E27: 1150
B28: =B27+1 -> 23 | C28: Pintura Tipo 1 | D28: Gl | E28: 75000
B29: =B28+1 -> 24 | C29: Platiestuco | D29: Kg | E29: 1500
B30: =B29+1 -> 25 | C30: cielo f. acrilico pvc | D30: M2 | E30: 26000
B31: =B30+1 -> 26 | C31: angulo 1 x 3/ 4 alu tira de 6 metros | D31: m | E31: 5800
B32: =B31+1 -> 27 | C32: tee alum.anodizado 1"x3/4" | D32: m | E32: 2850
B33: =B32+1 -> 28 | C33: remache pop 4-2 1/4"x1/8" | D33: Un | E33: 160
B34: =B33+1 -> 29 | C34: alambre galvanizado # 18 u | D34: KG | E34: 5647
... B126: =B125+1 -> 121 | C126: Triturado de 3/4" | D126: M3 | E126: 85000

Sheet E
B2: FORMATO - EQUIPOS Y TRANSPORTE
B3: =M!B3 -> 0
B5: No. | C5: EQUIPO | D5: UNIDAD | E5: TARIFA
B6: 1 | C6: Equipo de topografia | D6: Dia | E6: 2500000
B7: =B6+1 -> 2 | C7: Retroexcavadora | D7: Dia | E7: 1200000
B8: =B7+1 -> 3 | C8: SALTARIN O RANA (incluye costos de insumos) | D8: Dia | E8: 100000
B9: =B8+1 -> 4 | C9: Retroexcavadora tipo Pajarita | D9: Hr | E9: 120000
B10: =B9+1 -> 5 | C10: Motoniveladora 120 G o similar | D10: Hr | E10: 160000
B11: =B10+1 -> 6 | C11: Vibrocompactador de rodillo 6 Ton | D11: Hr | E11: 120000
B12: =B11+1 -> 7 | C12: Carro Tanque de 5.000 Lts para riego de agua | D12: Hr | E12: 75000
B13: =B12+1 -> 8 | C13: Moldes para estampillar concreto en cara superior | D13: Dia | E13: 90000
B14: =B13+1 -> 9 | C14: Compresor y pistola para pintura elementos metalicos | D14: Dia | E14: 77907
B15: =B14+1 -> 10 | C15: Trompo mezclador | D15: Dia | E15: 85000
B16: =B15+1 -> 11 | C16: Cizalla | D16: Dia | E16: 5960
B17: =B16+1 -> 12 | C17: Andamios | D17: Un | E17: 2200
B18: =B17+1 -> 13 | C18: Equipo de soldadura | D18: Dia | E18: 100000

Sheet COSTOS INDIRECTOS
B1: =PPTO!$D$3 -> PRESUPUESTO MUNICIPIO EL BAGRE (ANTIOQUIA).
B3: ALCALDIA MUNICIPAL | H3: COSTOS ADMINISTRATIVOS - AIU
B5: =PPTO!$D$5 -> PROYECTO DE MEJORAMIENTO VIAL, ESPACIO PUBLICO Y OBRAS COMPLEMENTARIAS DE LA AVENIDA LA JUVENTUD Y TRAMOS ADYACENTES Y PRIORITARIOS DEL SECTOR URBANO EN EL MUNICIPIO EL BAGRE ANTIOQUIA.
B8: VALOR COSTO DIRECTO | D8: =PPTO!$I$124 -> 10714220439 | I8: % ADMIN PRESUPUESTO | K8: =J56 -> 0.26
B9: VALOR COSTO TOTAL CD + AIU | D9: =PPTO!I126 -> 14035628775
B11: COSTOS ADMINISTRATIVOS | D11: VALOR MENSUAL | E11: FP | F11: Salario Base | G11: %Ocup Mes | H11: Meses Dedic. | I11: VALOR PARCIAL | J11: %S/Costos Directos | K11: VALOR EN PESOS
B12: PERSONAL TÉCNCO Y ARDMINISTRATIVO (Inc.Prest. Soc.) | D12: =SUM(D14:D24) -> 62525200 | I12: =SUM(I14:I24) -> 877985440 | J12: =ROUND(SUM(J14:J24),4) -> 0.0818 | K12: =+J12*CD -> 8.7642323e+08 | O12: 877985440 | P12: 0.08 | Q12: 8.7642323e+08
C13: Cant. | L13: F.P | M13: SALARIO BASE
B14: DIRECTOR DE OBRA | C14: 1 | D14: =+M14*(1+L14) -> 12340500 | E14: =L14 -> 0.6454 | F14: =M14 -> 7500000 | G14: 1 | H14: 8 | I14: =C14*D14*G14*H14 -> 98724000 | J14: =+I14/CD -> 0.0092 | K14: =+I14 -> 98724000 | L14: =ffpp -> 0.6454 | M14: 7500000
B15: RESIDENTE DE OBRA | C15: 3 | D15: =+M15*(1+L15) -> 6581600 | E15: =L15 -> 0.6454 | F15: =M15 -> 4000000 | G15: 1 | H15: =$H$14 -> 8 | I15: =C15*D15*G15*H15 -> 157958400 | J15: =+I15/CD -> 0.0147 | K15: =+I15 -> 157958400 | L15: =L14 -> 0.6454 | M15: 4000000
B16: RESIDENTE DE CALIDAD | C16: 2 | D16: =+M16*(1+L16) -> 6252520 | E16: =L16 -> 0.6454 | F16: =M16 -> 3800000 | G16: 1 | H16: =$H$14 -> 8 | I16: =C16*D16*G16*H16 -> 100040320 | J16: =+I16/CD -> 0.0093 | K16: =+I16 -> 100040320 | L16: =L15 -> 0.6454 | M16: 3800000
B17: ESPECIALISTA EN PAVIMENTOS | C17: 1 | D17: =+M17*(1+L17) -> 9872400 | E17: =L17 -> 0.6454 | F17: =M17 -> 6000000 | G17: 1 | H17: =$H$14 -> 8 | I17: =C17*D17*G17*H17 -> 78979200 | J17: =+I17/CD -> 0.0074 | K17: =+I17 -> 78979200 | L17: =L15 -> 0.6454 | M17: 6000000
B18: SISO | C18: 3 | D18: =+M18*(1+L18) -> 5758900 | E18: =L18 -> 0.6454 | F18: =M18 -> 3500000 | G18: 1 | H18: =$H$14 -> 8 | I18: =C18*D18*G18*H18 -> 138213600 | J18: =+I18/CD -> 0.0129 | K18: =+I18 -> 138213600 | L18: =L17 -> 0.6454 | M18: 3500000
B19: TECNOLOGO EN SST | C19: 2 | D19: =+M19*(1+L19) -> 4113500 | E19: =L19 -> 0.6454 | F19: =M19 -> 2500000 | G19: 1 | H19: =$H$14 -> 8 | I19: =C19*D19*G19*H19 -> 65816000 | J19: =+I19/CD -> 0.0061 | K19: =+I19 -> 65816000 | L19: =L18 -> 0.6454 | M19: 2500000
B20: TOPOGRAFO | C20: 1 | D20: =+M20*(1+L20) -> 5758900 | E20: =L20 -> 0.6454 | F20: =M20 -> 3500000 | G20: 1 | H20: 8 | I20: =C20*D20*G20*H20 -> 46071200 | J20: =+I20/CD -> 0.0043 | K20: =+I20 -> 46071200 | L20: =L19 -> 0.6454 | M20: 3500000
B21: CADENERO | C21: 2 | D21: =+M21*(1+L21) -> 3290800 | E21: =L21 -> 0.6454 | F21: =M21 -> 2000000 | G21: 1 | H21: =$H$14 -> 8 | I21: =C21*D21*G21*H21 -> 52652800 | J21: =+I21/CD -> 0.0049 | K21: =+I21 -> 52652800 | L21: =L20 -> 0.6454 | M21: 2000000
B22: SECRETARIA | C22: 1 | D22: =+M22*(1+L22) -> 2632640 | E22: =L22 -> 0.6454 | F22: =M22 -> 1600000 | G22: 1 | H22: =$H$14 -> 8 | I22: =C22*D22*G22*H22 -> 21061120 | J22: =+I22/CD -> 0.002 | K22: =+I22 -> 21061120 | L22: =L21 -> 0.6454 | M22: 1600000
B23: CONDUCTOR | C23: 2 | D23: =+M23*(1+L23) -> 2961720 | E23: =L23 -> 0.6454 | F23: =M23 -> 1800000 | G23: 1 | H23: =$H$14 -> 8 | I23: =C23*D23*G23*H23 -> 47387520 | J23: =+I23/CD -> 0.0044 | K23: =+I23 -> 47387520 | L23: =L22 -> 0.6454 | M23: 1800000
B24: VIGIILANTE | C24: 3 | D24: =+M24*(1+L24) -> 2961720 | E24: =L24 -> 0.6454 | F24: =M24 -> 1800000 | G24: 1 | H24: =$H$14 -> 8 | I24: =C24*D24*G24*H24 -> 71081280 | J24: =+I24/CD -> 0.0066 | K24: =+I24 -> 71081280 | L24: =L23 -> 0.6454 | M24: 1800000
B25: OFICINA, PAPELERIA Y OTROS: | C25: Cant. | G25: %Utiliz. | H25: Meses | I25: =SUM(I26:I41) -> 122254452 | J25: =ROUND(SUM(J26:J41),4) -> 0.0113 | K25: =+J25*CD -> 1.2107069e+08 | O25: 122254452 | P25: 0.01 | Q25: 1.2107069e+08
B26: ARRENDAMIENTO PLANTA FISICA CON DOTACION DE OFICINA Y BODEGA. | C26: 1 | D26: =+L26*$M$26 -> 1401245 | G26: 1 | H26: =H14 -> 8 | I26: =+C26*D26*G26*H26 -> 11209960 | J26: =+I26/CD -> 0.001 | K26: =I26 -> 11209960 | L26: 1283081 | M26: 1.0920938
B27: COSTO PAPELERIA, FOTOCOPIAS, ETC | C27: 1 | D27: =+L27*$M$26 -> 1401245 | G27: 1 | H27: =H26 -> 8 | I27: =+C27*D27*G27*H27 -> 11209960 | J27: =+I27/CD -> 0.001 | K27: =I27 -> 11209960 | L27: 1283081
B28: SERVICIOS PUBLICOS Y OPERACIONALES | C28: 1 | D28: =+L28*$M$26 -> 336298 | G28: 1 | H28: =H27 -> 8 | I28: =+C28*D28*G28*H28 -> 2690384 | J28: =+I28/CD -> 0.0003 | K28: =I28 -> 2690384 | L28: 307939
B29: ALQUILER DE EQUIPOS DE COMPUTO Y COMUNICACIONES | C29: =SUM(C14:C19) -> 12 | D29: 128447 | G29: 1 | H29: =H28 -> 8 | I29: =+C29*D29*G29*H29 -> 12330912 | J29: =+I29/CD -> 0.0012 | K29: =I29 -> 12330912 | L29: 128308
B30: ALQUILER ESTACION TOPOGRAFICA, NIVEL Y ACCESORIOS. | C30: 1 | D30: =+L30*$M$26 -> 1401245 | G30: 1 | H30: =H29 -> 8 | I30: =+C30*D30*G30*H30 -> 11209960 | J30: =+I30/CD -> 0.001 | K30: =I30 -> 11209960 | L30: 1283081
B31: ENSAYOS DE LABORATORIO
B32: 1. Determinación del límite líquido de suelos cada 250ml | C32: 19 | D32: 52406 | I32: =C32*D32 -> 995714 | J32: =+I32/CD -> 0.0001 | K32: =I32 -> 995714 | L32: 47987
B33: 2. Límite plástico e índice de plasticidad de los suelos cada 250 ml | C33: 19 | D33: 49323 | I33: =C33*D33 -> 937137 | J33: =+I33/CD -> 0.0001 | K33: =I33 -> 937137 | L33: 45164
B34: 3. Relación de soporte del suelo en laboratorio CBR (Suelos Granulares) cada 250 ml | C34: 19 | D34: 255027 | I34: =C34*D34 -> 4845513 | J34: =+I34/CD -> 0.0005 | K34: =I34 -> 4845513 | L34: 233521
B35: 4.Relaciones de humedad - peso unitario seco en los suelos (ensayo normal de compactación): – Método A (molde 1/30 pie3) | C35: 50 | D35: 196174 | I35: =C35*D35 -> 9808700 | J35: =+I35/CD -> 0.0009 | K35: =I35 -> 9808700 | L35: 179631
B36: 5. Resistencia a la compresión de cilindros y núcleos de concreto Que la toma de cilindros de concreto se realice mínimo una vez por día, o por lo menos una vez por cada 120 m3 de concreto | C36: 100 | D36: 14013 | I36: =C36*D36 -> 1401300 | J36: =+I36/CD -> 0.0001 | K36: =I36 -> 1401300 | L36: 12831
B37: 6. Densidad o masa unitaria del suelo en el terreno método del cono de arena. Cada 40 m o 250m2 | C37: 62 | D37: 84075 | I37: =C37*D37 -> 5212650 | J37: =+I37/CD -> 0.0005 | K37: =I37 -> 5212650 | L37: 76985
B38: 7. Pruebas de resistencia de tension indirecta de cilindros de Concreto | C38: 50 | D38: 22645 | I38: =C38*D38 -> 1132250 | J38: =+I38/CD -> 0.0001 | K38: =I38 -> 1132250 | L38: 20735
B39: ALQUILER DE CAMIONETA (INCLUYE COMBUSTIBLE Y CONDUCTOR) | C39: 1 | D39: 3643236 | G39: 1 | H39: =H29 -> 8 | I39: =+C39*D39*G39*H39 -> 29145888 | J39: =+I39/CD -> 0.0027 | K39: =I39 -> 29145888 | L39: 3336010
B40: SEÑALIZACION DE SEGURIDAD INDUSTRIAL DE OBRA - TEMPORAL | C40: 1 | D40: 2183462 | G40: 1 | H40: =H30 -> 8 | I40: =+C40*D40*G40*H40 -> 17467696 | J40: =+I40/CD -> 0.0016 | K40: =I40 -> 17467696 | L40: 1999336
B41: VALLA INFORMATIVA SEGÚN CIRCULAR No.0006 DEL DEPARTAMENTO NACIONAL DE PLANEACION. (INCLUYE SOPORTES METALICOS). | C41: 2 | D41: 1328214 | I41: =C41*D41 -> 2656428 | J41: =+I41/CD -> 0.0002 | K41: =I41 -> 2656428 | L41: 1216209
B43: LEGALIZACION Y PERFECCIONAMIENTO | J43: 0.1669 | K43: =+J43*CD -> 1.7882034e+09
B45: GARANTIAS | G45: % | I45: VLR TOTAL
B46: Cumplimiento | F46: 0.0027 | I46: =+F46*CD -> 28928395 | L46: =SUM(L47:L49) -> #REF!
B47: Amparo de salarios y prest. sociales | F47: 0.002 | I47: =+F47*CD -> 21428441 | L47: =PPTO!#REF! -> #REF!
B48: Amparo de anticipo | F48: 0.0012 | I48: =+F48*CD -> 12857065 | L48: =PPTO!#REF! -> #REF!
B49: Responsabilidad civil extracontractual | F49: 0.0013 | I49: =+F49*CD -> 13928487 | L49: =PPTO!#REF! -> #REF!
B50: Estabilidad de obra | F50: 0.0047 | I50: =+F50*CD -> 50356836
B52: IMPUESTOS Y DEDUCCIONES | F52: 0.16 | G52: % | I52: =+F52*CD -> 1.7142753e+09
B54: TOTAL COSTOS ADMINISTRATIVOS (SUMA) | K54: =K43+K25+K12 -> 2.7856973e+09
B55: ADMINISTRACIÓN:
B56: TOTAL COSTOS ADMINISTRATIVOS | J56: =+J45+SUM(J43)+J25+J12 -> 0.26 | K56: =+K54 -> 2785697314 | L56: =PPTO!#REF! -> #REF! | M56: =K56-L56 -> #REF! | N56: =M56/2 -> #REF!
B57: IMPREVISTOS: | M57: =-M56 -> #REF!
B58: RESERVA PARA IMPREVISTOS | J58: 0.02 | K58: =+J58*CD -> 214284409 | L58: =PPTO!#REF! -> #REF!
B59: UTILIDAD
B60: UTILIDAD ESTIMADA | J60: 0.03 | K60: =J60*CD -> 321426613 | L60: =PPTO!#REF! -> #REF!
B64: TOTAL COSTOS INDIRECTOS | J64: =J56+J58+J60 -> 0.31 | K64: =+K60+K56+K58 -> 3321408336 | L64: =SUM(L56:L60) -> #REF! | M64: =K64-L64 -> #REF!
K66: 3321408336
B68: Carlos Alberto Lopez Melo | K68: =+K66-K64 -> 0
B69: Mat. 68202121963STD

Sheet PPTO
D3: PRESUPUESTO MUNICIPIO EL BAGRE (ANTIOQUIA).
D5: PROYECTO DE MEJORAMIENTO VIAL, ESPACIO PUBLICO Y OBRAS COMPLEMENTARIAS DE LA AVENIDA LA JUVENTUD Y TRAMOS ADYACENTES Y PRIORITARIOS DEL SECTOR URBANO EN EL MUNICIPIO EL BAGRE ANTIOQUIA. | L5: Cant. Meses | M5: Mes de Inicio | N5: Mes de Finalización | O5: FLUJO DE INVERSIONES (Miles $)
B9: INV | D9: ITEM | E9: DESCRIPCION | F9: UNIDAD | G9: CANTIDAD | H9: PRECIO UNITARIO | I9: PARCIAL CONTRATADO | O9: 1 | P9: 2 | Q9: 3 | R9: 4 | S9: 5 | T9: 6 | U9: 7 | V9: 8 | W9: 9 | X9: 10
B10: DESCRIPCION | C10: CODIGO | D10: 1 | E10: TRABAJOS PRELIMINARES | O10: 10meses
D11: =D10+0.1 -> 1.1 | E11: Malla de cerramiento (tela aditiva; h=2,1 m ) y madera rolliza cada 3 mts | F11: m | G11: =MC!C203 -> 5882.58 | H11: ='1.1'!G42 -> 2862 | I11: =+G11*H11 -> 16835944 | K11: 2 | L11: 1 | M11: 1 | N11: =IF(L11="","",M11+L11-1) -> 1 | O11: =IF($L11="","",IF(OR(O$9<$M11,O$9>$N11),"",IF($K11=1,IF((O$9/$M11)=1,($I11/1000)/(($L11)*2)*$L11*1.3,IF((O$9/$M11)>1,($I11/1000)/(($L11)*2)*$L11*(0.7/($L11-1)))),IF($K11=2,($I11/1000)/$L11,IF($K11=3,IF((O$9/$N11)=1,($I11/1000)/(($L11)*2)*$L11*1.3,IF((O$9/$N11)<1,($I11/1000)/(($L11)*2)*$L11*(0.7/($L11-1))))))))) -> 16836 | P11: =IF($L11="","",IF(OR(P$9<$M11,P$9>$N11),"",IF($K11=1,IF((P$9/$M11)=1,($I11/1000)/(($L11)*2)*$L11*1.3,IF((P$9/$M11)>1,($I11/1000)/(($L11)*2)*$L11*(0.7/($L11-1)))),IF($K11=2,($I11/1000)/$L11,IF($K11=3,IF((P$9/$N11)=1,($I11/1000)/(($L11)*2)*$L11*1.3,IF((P$9/$N11)<1,($I11/1000)/(($L11)*2)*$L11*(0.7/($L11-1))))))))) | Q11: =IF($L11="","",IF(OR(Q$9<$M11,Q$9>$N11),"",IF($K11=1,IF((Q$9/$M11)=1,($I11/1000)/(($L11)*2)*$L11*1.3,IF((Q$9/$M11)>1,($I11/1000)/(($L11)*2)*$L11*(0.7/($L11-1)))),IF($K11=2,($I11/1000)/$L11,IF($K11=3,IF((Q$9/$N11)=1,($I11/1000)/(($L11)*2)*$L11*1.3,IF((Q$9/$N11)<1,($I11/1000)/(($L11)*2)*$L11*(0.7/($L11-1))))))))) | R11: =IF($L11="","",IF(OR(R$9<$M11,R$9>$N11),"",IF($K11=1,IF((R$9/$M11)=1,($I11/1000)/(($L11)*2)*$L11*1.3,IF((R$9/$M11)>1,($I11/1000)/(($L11)*2)*$L11*(0.7/($L11-1)))),IF($K11=2,($I11/1000)/$L11,IF($K11=3,IF((R$9/$N11)=1,($I11/1000)/(($L11)*2)*$L11*1.3,IF((R$9/$N11)<1,($I11/1000)/(($L11)*2)*$L11*(0.7/($L11-1))))))))) | S11: =IF($L11="","",IF(OR(S$9<$M11,S$9>$N11),"",IF($K11=1,IF((S$9/$M11)=1,($I11/1000)/(($L11)*2)*$L11*1.3,IF((S$9/$M11)>1,($I11/1000)/(($L11)*2)*$L11*(0.7/($L11-1)))),IF($K11=2,($I11/1000)/$L11,IF($K11=3,IF((S$9/$N11)=1,($I11/1000)/(($L11)*2)*$L11*1.3,IF((S$9/$N11)<1,($I11/1000)/(($L11)*2)*$L11*(0.7/($L11-1))))))))) | T11: =IF($L11="","",IF(OR(T$9<$M11,T$9>$N11),"",IF($K11=1,IF((T$9/$M11)=1,($I11/1000)/(($L11)*2)*$L11*1.3,IF((T$9/$M11)>1,($I11/1000)/(($L11)*2)*$L11*(0.7/($L11-1)))),IF($K11=2,($I11/1000)/$L11,IF($K11=3,IF((T$9/$N11)=1,($I11/1000)/(($L11)*2)*$L11*1.3,IF((T$9/$N11)<1,($I11/1000)/(($L11)*2)*$L11*(0.7/($L11-1))))))))) | U11: =IF($L11="","",IF(OR(U$9<$M11,U$9>$N11),"",IF($K11=1,IF((U$9/$M11)=1,($I11/1000)/(($L11)*2)*$L11*1.3,IF((U$9/$M11)>1,($I11/1000)/(($L11)*2)*$L11*(0.7/($L11-1)))),IF($K11=2,($I11/1000)/$L11,IF($K11=3,IF((U$9/$N11)=1,($I11/1000)/(($L11)*2)*$L11*1.3,IF((U$9/$N11)<1,($I11/1000)/(($L11)*2)*$L11*(0.7/($L11-1))))))))) | V11: =IF($L11="","",IF(OR(V$9<$M11,V$9>$N11),"",IF($K11=1,IF((V$9/$M11)=1,($I11/1000)/(($L11)*2)*$L11*1.3,IF((V$9/$M11)>1,($I11/1000)/(($L11)*2)*$L11*(0.7/($L11-1)))),IF($K11=2,($I11/1000)/$L11,IF($K11=3,IF((V$9/$N11)=1,($I11/1000)/(($L11)*2)*$L11*1.3,IF((V$9/$N11)<1,($I11/1000)/(($L11)*2)*$L11*(0.7/($L11-1))))))))) | ... X11: =IF($L11="","",IF(OR(X$9<$M11,X$9>$N11),"",IF($K11=1,IF((X$9/$M11)=1,($I11/1000)/(($L11)*2)*$L11*1.3,IF((X$9/$M11)>1,($I11/1000)/(($L11)*2)*$L11*(0.7/($L11-1)))),IF($K11=2,($I11/1000)/$L11,IF($K11=3,IF((X$9/$N11)=1,($I11/1000)/(($L11)*2)*$L11*1.3,IF((X$9/$N11)<1,($I11/1000)/(($L11)*2)*$L11*(0.7/($L11-1)))))))))
D12: =D11+0.1 -> 1.2 | E12: Demolicion de Pavimento y Andenes existentes en sector de proyecto, espesor y resistencia variables. | F12: m2 | G12: =MC!C213 -> 27916.18 | H12: ='1.2'!G42 -> 7002 | I12: =+G12*H12 -> 195469092 | K12: 2 | L12: 1 | M12: 1 | N12: =IF(L12="","",M12+L12-1) -> 1 | O12: =IF($L12="","",IF(OR(O$9<$M12,O$9>$N12),"",IF($K12=1,IF((O$9/$M12)=1,($I12/1000)/(($L12)*2)*$L12*1.3,IF((O$9/$M12)>1,($I12/1000)/(($L12)*2)*$L12*(0.7/($L12-1)))),IF($K12=2,($I12/1000)/$L12,IF($K12=3,IF((O$9/$N12)=1,($I12/1000)/(($L12)*2)*$L12*1.3,IF((O$9/$N12)<1,($I12/1000)/(($L12)*2)*$L12*(0.7/($L12-1))))))))) -> 195469 | P12: =IF($L12="","",IF(OR(P$9<$M12,P$9>$N12),"",IF($K12=1,IF((P$9/$M12)=1,($I12/1000)/(($L12)*2)*$L12*1.3,IF((P$9/$M12)>1,($I12/1000)/(($L12)*2)*$L12*(0.7/($L12-1)))),IF($K12=2,($I12/1000)/$L12,IF($K12=3,IF((P$9/$N12)=1,($I12/1000)/(($L12)*2)*$L12*1.3,IF((P$9/$N12)<1,($I12/1000)/(($L12)*2)*$L12*(0.7/($L12-1))))))))) | Q12: =IF($L12="","",IF(OR(Q$9<$M12,Q$9>$N12),"",IF($K12=1,IF((Q$9/$M12)=1,($I12/1000)/(($L12)*2)*$L12*1.3,IF((Q$9/$M12)>1,($I12/1000)/(($L12)*2)*$L12*(0.7/($L12-1)))),IF($K12=2,($I12/1000)/$L12,IF($K12=3,IF((Q$9/$N12)=1,($I12/1000)/(($L12)*2)*$L12*1.3,IF((Q$9/$N12)<1,($I12/1000)/(($L12)*2)*$L12*(0.7/($L12-1))))))))) | R12: =IF($L12="","",IF(OR(R$9<$M12,R$9>$N12),"",IF($K12=1,IF((R$9/$M12)=1,($I12/1000)/(($L12)*2)*$L12*1.3,IF((R$9/$M12)>1,($I12/1000)/(($L12)*2)*$L12*(0.7/($L12-1)))),IF($K12=2,($I12/1000)/$L12,IF($K12=3,IF((R$9/$N12)=1,($I12/1000)/(($L12)*2)*$L12*1.3,IF((R$9/$N12)<1,($I12/1000)/(($L12)*2)*$L12*(0.7/($L12-1))))))))) | S12: =IF($L12="","",IF(OR(S$9<$M12,S$9>$N12),"",IF($K12=1,IF((S$9/$M12)=1,($I12/1000)/(($L12)*2)*$L12*1.3,IF((S$9/$M12)>1,($I12/1000)/(($L12)*2)*$L12*(0.7/($L12-1)))),IF($K12=2,($I12/1000)/$L12,IF($K12=3,IF((S$9/$N12)=1,($I12/1000)/(($L12)*2)*$L12*1.3,IF((S$9/$N12)<1,($I12/1000)/(($L12)*2)*$L12*(0.7/($L12-1))))))))) | T12: =IF($L12="","",IF(OR(T$9<$M12,T$9>$N12),"",IF($K12=1,IF((T$9/$M12)=1,($I12/1000)/(($L12)*2)*$L12*1.3,IF((T$9/$M12)>1,($I12/1000)/(($L12)*2)*$L12*(0.7/($L12-1)))),IF($K12=2,($I12/1000)/$L12,IF($K12=3,IF((T$9/$N12)=1,($I12/1000)/(($L12)*2)*$L12*1.3,IF((T$9/$N12)<1,($I12/1000)/(($L12)*2)*$L12*(0.7/($L12-1))))))))) | U12: =IF($L12="","",IF(OR(U$9<$M12,U$9>$N12),"",IF($K12=1,IF((U$9/$M12)=1,($I12/1000)/(($L12)*2)*$L12*1.3,IF((U$9/$M12)>1,($I12/1000)/(($L12)*2)*$L12*(0.7/($L12-1)))),IF($K12=2,($I12/1000)/$L12,IF($K12=3,IF((U$9/$N12)=1,($I12/1000)/(($L12)*2)*$L12*1.3,IF((U$9/$N12)<1,($I12/1000)/(($L12)*2)*$L12*(0.7/($L12-1))))))))) | V12: =IF($L12="","",IF(OR(V$9<$M12,V$9>$N12),"",IF($K12=1,IF((V$9/$M12)=1,($I12/1000)/(($L12)*2)*$L12*1.3,IF((V$9/$M12)>1,($I12/1000)/(($L12)*2)*$L12*(0.7/($L12-1)))),IF($K12=2,($I12/1000)/$L12,IF($K12=3,IF((V$9/$N12)=1,($I12/1000)/(($L12)*2)*$L12*1.3,IF((V$9/$N12)<1,($I12/1000)/(($L12)*2)*$L12*(0.7/($L12-1))))))))) | ... X12: =IF($L12="","",IF(OR(X$9<$M12,X$9>$N12),"",IF($K12=1,IF((X$9/$M12)=1,($I12/1000)/(($L12)*2)*$L12*1.3,IF((X$9/$M12)>1,($I12/1000)/(($L12)*2)*$L12*(0.7/($L12-1)))),IF($K12=2,($I12/1000)/$L12,IF($K12=3,IF((X$9/$N12)=1,($I12/1000)/(($L12)*2)*$L12*1.3,IF((X$9/$N12)<1,($I12/1000)/(($L12)*2)*$L12*(0.7/($L12-1)))))))))
D13: =CONCATENATE("SUBTOTAL ",E10) -> SUBTOTAL TRABAJOS PRELIMINARES | I13: =SUM(I11:I12) -> 212305036 | K13: 2 | N13: =IF(L13="","",M13+L13-1) | O13: =IF($L13="","",IF(OR(O$9<$M13,O$9>$N13),"",IF($K13=1,IF((O$9/$M13)=1,($I13/1000)/(($L13)*2)*$L13*1.3,IF((O$9/$M13)>1,($I13/1000)/(($L13)*2)*$L13*(0.7/($L13-1)))),IF($K13=2,($I13/1000)/$L13,IF($K13=3,IF((O$9/$N13)=1,($I13/1000)/(($L13)*2)*$L13*1.3,IF((O$9/$N13)<1,($I13/1000)/(($L13)*2)*$L13*(0.7/($L13-1))))))))) | P13: =IF($L13="","",IF(OR(P$9<$M13,P$9>$N13),"",IF($K13=1,IF((P$9/$M13)=1,($I13/1000)/(($L13)*2)*$L13*1.3,IF((P$9/$M13)>1,($I13/1000)/(($L13)*2)*$L13*(0.7/($L13-1)))),IF($K13=2,($I13/1000)/$L13,IF($K13=3,IF((P$9/$N13)=1,($I13/1000)/(($L13)*2)*$L13*1.3,IF((P$9/$N13)<1,($I13/1000)/(($L13)*2)*$L13*(0.7/($L13-1))))))))) | Q13: =IF($L13="","",IF(OR(Q$9<$M13,Q$9>$N13),"",IF($K13=1,IF((Q$9/$M13)=1,($I13/1000)/(($L13)*2)*$L13*1.3,IF((Q$9/$M13)>1,($I13/1000)/(($L13)*2)*$L13*(0.7/($L13-1)))),IF($K13=2,($I13/1000)/$L13,IF($K13=3,IF((Q$9/$N13)=1,($I13/1000)/(($L13)*2)*$L13*1.3,IF((Q$9/$N13)<1,($I13/1000)/(($L13)*2)*$L13*(0.7/($L13-1))))))))) | R13: =IF($L13="","",IF(OR(R$9<$M13,R$9>$N13),"",IF($K13=1,IF((R$9/$M13)=1,($I13/1000)/(($L13)*2)*$L13*1.3,IF((R$9/$M13)>1,($I13/1000)/(($L13)*2)*$L13*(0.7/($L13-1)))),IF($K13=2,($I13/1000)/$L13,IF($K13=3,IF((R$9/$N13)=1,($I13/1000)/(($L13)*2)*$L13*1.3,IF((R$9/$N13)<1,($I13/1000)/(($L13)*2)*$L13*(0.7/($L13-1))))))))) | S13: =IF($L13="","",IF(OR(S$9<$M13,S$9>$N13),"",IF($K13=1,IF((S$9/$M13)=1,($I13/1000)/(($L13)*2)*$L13*1.3,IF((S$9/$M13)>1,($I13/1000)/(($L13)*2)*$L13*(0.7/($L13-1)))),IF($K13=2,($I13/1000)/$L13,IF($K13=3,IF((S$9/$N13)=1,($I13/1000)/(($L13)*2)*$L13*1.3,IF((S$9/$N13)<1,($I13/1000)/(($L13)*2)*$L13*(0.7/($L13-1))))))))) | T13: =IF($L13="","",IF(OR(T$9<$M13,T$9>$N13),"",IF($K13=1,IF((T$9/$M13)=1,($I13/1000)/(($L13)*2)*$L13*1.3,IF((T$9/$M13)>1,($I13/1000)/(($L13)*2)*$L13*(0.7/($L13-1)))),IF($K13=2,($I13/1000)/$L13,IF($K13=3,IF((T$9/$N13)=1,($I13/1000)/(($L13)*2)*$L13*1.3,IF((T$9/$N13)<1,($I13/1000)/(($L13)*2)*$L13*(0.7/($L13-1))))))))) | U13: =IF($L13="","",IF(OR(U$9<$M13,U$9>$N13),"",IF($K13=1,IF((U$9/$M13)=1,($I13/1000)/(($L13)*2)*$L13*1.3,IF((U$9/$M13)>1,($I13/1000)/(($L13)*2)*$L13*(0.7/($L13-1)))),IF($K13=2,($I13/1000)/$L13,IF($K13=3,IF((U$9/$N13)=1,($I13/1000)/(($L13)*2)*$L13*1.3,IF((U$9/$N13)<1,($I13/1000)/(($L13)*2)*$L13*(0.7/($L13-1))))))))) | V13: =IF($L13="","",IF(OR(V$9<$M13,V$9>$N13),"",IF($K13=1,IF((V$9/$M13)=1,($I13/1000)/(($L13)*2)*$L13*1.3,IF((V$9/$M13)>1,($I13/1000)/(($L13)*2)*$L13*(0.7/($L13-1)))),IF($K13=2,($I13/1000)/$L13,IF($K13=3,IF((V$9/$N13)=1,($I13/1000)/(($L13)*2)*$L13*1.3,IF((V$9/$N13)<1,($I13/1000)/(($L13)*2)*$L13*(0.7/($L13-1))))))))) | ... X13: =IF($L13="","",IF(OR(X$9<$M13,X$9>$N13),"",IF($K13=1,IF((X$9/$M13)=1,($I13/1000)/(($L13)*2)*$L13*1.3,IF((X$9/$M13)>1,($I13/1000)/(($L13)*2)*$L13*(0.7/($L13-1)))),IF($K13=2,($I13/1000)/$L13,IF($K13=3,IF((X$9/$N13)=1,($I13/1000)/(($L13)*2)*$L13*1.3,IF((X$9/$N13)<1,($I13/1000)/(($L13)*2)*$L13*(0.7/($L13-1)))))))))
D14: 2 | E14: MOVIMIENTOS DE TIERRA Y ADECUACIONES | K14: 2 | N14: =IF(L14="","",M14+L14-1) | O14: =IF($L14="","",IF(OR(O$9<$M14,O$9>$N14),"",IF($K14=1,IF((O$9/$M14)=1,($I14/1000)/(($L14)*2)*$L14*1.3,IF((O$9/$M14)>1,($I14/1000)/(($L14)*2)*$L14*(0.7/($L14-1)))),IF($K14=2,($I14/1000)/$L14,IF($K14=3,IF((O$9/$N14)=1,($I14/1000)/(($L14)*2)*$L14*1.3,IF((O$9/$N14)<1,($I14/1000)/(($L14)*2)*$L14*(0.7/($L14-1))))))))) | P14: =IF($L14="","",IF(OR(P$9<$M14,P$9>$N14),"",IF($K14=1,IF((P$9/$M14)=1,($I14/1000)/(($L14)*2)*$L14*1.3,IF((P$9/$M14)>1,($I14/1000)/(($L14)*2)*$L14*(0.7/($L14-1)))),IF($K14=2,($I14/1000)/$L14,IF($K14=3,IF((P$9/$N14)=1,($I14/1000)/(($L14)*2)*$L14*1.3,IF((P$9/$N14)<1,($I14/1000)/(($L14)*2)*$L14*(0.7/($L14-1))))))))) | Q14: =IF($L14="","",IF(OR(Q$9<$M14,Q$9>$N14),"",IF($K14=1,IF((Q$9/$M14)=1,($I14/1000)/(($L14)*2)*$L14*1.3,IF((Q$9/$M14)>1,($I14/1000)/(($L14)*2)*$L14*(0.7/($L14-1)))),IF($K14=2,($I14/1000)/$L14,IF($K14=3,IF((Q$9/$N14)=1,($I14/1000)/(($L14)*2)*$L14*1.3,IF((Q$9/$N14)<1,($I14/1000)/(($L14)*2)*$L14*(0.7/($L14-1))))))))) | R14: =IF($L14="","",IF(OR(R$9<$M14,R$9>$N14),"",IF($K14=1,IF((R$9/$M14)=1,($I14/1000)/(($L14)*2)*$L14*1.3,IF((R$9/$M14)>1,($I14/1000)/(($L14)*2)*$L14*(0.7/($L14-1)))),IF($K14=2,($I14/1000)/$L14,IF($K14=3,IF((R$9/$N14)=1,($I14/1000)/(($L14)*2)*$L14*1.3,IF((R$9/$N14)<1,($I14/1000)/(($L14)*2)*$L14*(0.7/($L14-1))))))))) | S14: =IF($L14="","",IF(OR(S$9<$M14,S$9>$N14),"",IF($K14=1,IF((S$9/$M14)=1,($I14/1000)/(($L14)*2)*$L14*1.3,IF((S$9/$M14)>1,($I14/1000)/(($L14)*2)*$L14*(0.7/($L14-1)))),IF($K14=2,($I14/1000)/$L14,IF($K14=3,IF((S$9/$N14)=1,($I14/1000)/(($L14)*2)*$L14*1.3,IF((S$9/$N14)<1,($I14/1000)/(($L14)*2)*$L14*(0.7/($L14-1))))))))) | T14: =IF($L14="","",IF(OR(T$9<$M14,T$9>$N14),"",IF($K14=1,IF((T$9/$M14)=1,($I14/1000)/(($L14)*2)*$L14*1.3,IF((T$9/$M14)>1,($I14/1000)/(($L14)*2)*$L14*(0.7/($L14-1)))),IF($K14=2,($I14/1000)/$L14,IF($K14=3,IF((T$9/$N14)=1,($I14/1000)/(($L14)*2)*$L14*1.3,IF((T$9/$N14)<1,($I14/1000)/(($L14)*2)*$L14*(0.7/($L14-1))))))))) | U14: =IF($L14="","",IF(OR(U$9<$M14,U$9>$N14),"",IF($K14=1,IF((U$9/$M14)=1,($I14/1000)/(($L14)*2)*$L14*1.3,IF((U$9/$M14)>1,($I14/1000)/(($L14)*2)*$L14*(0.7/($L14-1)))),IF($K14=2,($I14/1000)/$L14,IF($K14=3,IF((U$9/$N14)=1,($I14/1000)/(($L14)*2)*$L14*1.3,IF((U$9/$N14)<1,($I14/1000)/(($L14)*2)*$L14*(0.7/($L14-1))))))))) | V14: =IF($L14="","",IF(OR(V$9<$M14,V$9>$N14),"",IF($K14=1,IF((V$9/$M14)=1,($I14/1000)/(($L14)*2)*$L14*1.3,IF((V$9/$M14)>1,($I14/1000)/(($L14)*2)*$L14*(0.7/($L14-1)))),IF($K14=2,($I14/1000)/$L14,IF($K14=3,IF((V$9/$N14)=1,($I14/1000)/(($L14)*2)*$L14*1.3,IF((V$9/$N14)<1,($I14/1000)/(($L14)*2)*$L14*(0.7/($L14-1))))))))) | ... X14: =IF($L14="","",IF(OR(X$9<$M14,X$9>$N14),"",IF($K14=1,IF((X$9/$M14)=1,($I14/1000)/(($L14)*2)*$L14*1.3,IF((X$9/$M14)>1,($I14/1000)/(($L14)*2)*$L14*(0.7/($L14-1)))),IF($K14=2,($I14/1000)/$L14,IF($K14=3,IF((X$9/$N14)=1,($I14/1000)/(($L14)*2)*$L14*1.3,IF((X$9/$N14)<1,($I14/1000)/(($L14)*2)*$L14*(0.7/($L14-1)))))))))
B15: EXCAVACIONES VARIAS SIN CLASIFICAR | C15: 600.1.1 | D15: =D14+0.1 -> 2.1 | E15: Excavación manual para perfilado en sector de andenes y obras de arte, en material común de 0.0 - 2.0 mts | F15: m3 | G15: =ROUND(MC!$C$229,2) -> 984.71 | H15: =+'2.1'!G43 -> 25284 | I15: =+G15*H15 -> 24897408 | K15: 2 | L15: 1 | M15: 1 | N15: =IF(L15="","",M15+L15-1) -> 1 | O15: =IF($L15="","",IF(OR(O$9<$M15,O$9>$N15),"",IF($K15=1,IF((O$9/$M15)=1,($I15/1000)/(($L15)*2)*$L15*1.3,IF((O$9/$M15)>1,($I15/1000)/(($L15)*2)*$L15*(0.7/($L15-1)))),IF($K15=2,($I15/1000)/$L15,IF($K15=3,IF((O$9/$N15)=1,($I15/1000)/(($L15)*2)*$L15*1.3,IF((O$9/$N15)<1,($I15/1000)/(($L15)*2)*$L15*(0.7/($L15-1))))))))) -> 24897 | P15: =IF($L15="","",IF(OR(P$9<$M15,P$9>$N15),"",IF($K15=1,IF((P$9/$M15)=1,($I15/1000)/(($L15)*2)*$L15*1.3,IF((P$9/$M15)>1,($I15/1000)/(($L15)*2)*$L15*(0.7/($L15-1)))),IF($K15=2,($I15/1000)/$L15,IF($K15=3,IF((P$9/$N15)=1,($I15/1000)/(($L15)*2)*$L15*1.3,IF((P$9/$N15)<1,($I15/1000)/(($L15)*2)*$L15*(0.7/($L15-1))))))))) | Q15: =IF($L15="","",IF(OR(Q$9<$M15,Q$9>$N15),"",IF($K15=1,IF((Q$9/$M15)=1,($I15/1000)/(($L15)*2)*$L15*1.3,IF((Q$9/$M15)>1,($I15/1000)/(($L15)*2)*$L15*(0.7/($L15-1)))),IF($K15=2,($I15/1000)/$L15,IF($K15=3,IF((Q$9/$N15)=1,($I15/1000)/(($L15)*2)*$L15*1.3,IF((Q$9/$N15)<1,($I15/1000)/(($L15)*2)*$L15*(0.7/($L15-1))))))))) | R15: =IF($L15="","",IF(OR(R$9<$M15,R$9>$N15),"",IF($K15=1,IF((R$9/$M15)=1,($I15/1000)/(($L15)*2)*$L15*1.3,IF((R$9/$M15)>1,($I15/1000)/(($L15)*2)*$L15*(0.7/($L15-1)))),IF($K15=2,($I15/1000)/$L15,IF($K15=3,IF((R$9/$N15)=1,($I15/1000)/(($L15)*2)*$L15*1.3,IF((R$9/$N15)<1,($I15/1000)/(($L15)*2)*$L15*(0.7/($L15-1))))))))) | S15: =IF($L15="","",IF(OR(S$9<$M15,S$9>$N15),"",IF($K15=1,IF((S$9/$M15)=1,($I15/1000)/(($L15)*2)*$L15*1.3,IF((S$9/$M15)>1,($I15/1000)/(($L15)*2)*$L15*(0.7/($L15-1)))),IF($K15=2,($I15/1000)/$L15,IF($K15=3,IF((S$9/$N15)=1,($I15/1000)/(($L15)*2)*$L15*1.3,IF((S$9/$N15)<1,($I15/1000)/(($L15)*2)*$L15*(0.7/($L15-1))))))))) | T15: =IF($L15="","",IF(OR(T$9<$M15,T$9>$N15),"",IF($K15=1,IF((T$9/$M15)=1,($I15/1000)/(($L15)*2)*$L15*1.3,IF((T$9/$M15)>1,($I15/1000)/(($L15)*2)*$L15*(0.7/($L15-1)))),IF($K15=2,($I15/1000)/$L15,IF($K15=3,IF((T$9/$N15)=1,($I15/1000)/(($L15)*2)*$L15*1.3,IF((T$9/$N15)<1,($I15/1000)/(($L15)*2)*$L15*(0.7/($L15-1))))))))) | U15: =IF($L15="","",IF(OR(U$9<$M15,U$9>$N15),"",IF($K15=1,IF((U$9/$M15)=1,($I15/1000)/(($L15)*2)*$L15*1.3,IF((U$9/$M15)>1,($I15/1000)/(($L15)*2)*$L15*(0.7/($L15-1)))),IF($K15=2,($I15/1000)/$L15,IF($K15=3,IF((U$9/$N15)=1,($I15/1000)/(($L15)*2)*$L15*1.3,IF((U$9/$N15)<1,($I15/1000)/(($L15)*2)*$L15*(0.7/($L15-1))))))))) | V15: =IF($L15="","",IF(OR(V$9<$M15,V$9>$N15),"",IF($K15=1,IF((V$9/$M15)=1,($I15/1000)/(($L15)*2)*$L15*1.3,IF((V$9/$M15)>1,($I15/1000)/(($L15)*2)*$L15*(0.7/($L15-1)))),IF($K15=2,($I15/1000)/$L15,IF($K15=3,IF((V$9/$N15)=1,($I15/1000)/(($L15)*2)*$L15*1.3,IF((V$9/$N15)<1,($I15/1000)/(($L15)*2)*$L15*(0.7/($L15-1))))))))) | ... X15: =IF($L15="","",IF(OR(X$9<$M15,X$9>$N15),"",IF($K15=1,IF((X$9/$M15)=1,($I15/1000)/(($L15)*2)*$L15*1.3,IF((X$9/$M15)>1,($I15/1000)/(($L15)*2)*$L15*(0.7/($L15-1)))),IF($K15=2,($I15/1000)/$L15,IF($K15=3,IF((X$9/$N15)=1,($I15/1000)/(($L15)*2)*$L15*1.3,IF((X$9/$N15)<1,($I15/1000)/(($L15)*2)*$L15*(0.7/($L15-1)))))))))
B16: EXCAVACIONES VARIAS EN MATERIAL COMUN EN SECO | C16: 600.2.3 | D16: =D15+0.1 -> 2.2 | E16: Excavación mecánica de 0 a 2m (Incluye fractura de placas y corte ) | F16: m3 | G16: =ROUND(MC!$C$268,2) -> 25831.6 | H16: =+'2.2'!G43 -> 24213 | I16: =+G16*H16 -> 625460531 | K16: 2 | L16: 1 | M16: 1 | N16: =IF(L16="","",M16+L16-1) -> 1 | O16: =IF($L16="","",IF(OR(O$9<$M16,O$9>$N16),"",IF($K16=1,IF((O$9/$M16)=1,($I16/1000)/(($L16)*2)*$L16*1.3,IF((O$9/$M16)>1,($I16/1000)/(($L16)*2)*$L16*(0.7/($L16-1)))),IF($K16=2,($I16/1000)/$L16,IF($K16=3,IF((O$9/$N16)=1,($I16/1000)/(($L16)*2)*$L16*1.3,IF((O$9/$N16)<1,($I16/1000)/(($L16)*2)*$L16*(0.7/($L16-1))))))))) -> 625461 | P16: =IF($L16="","",IF(OR(P$9<$M16,P$9>$N16),"",IF($K16=1,IF((P$9/$M16)=1,($I16/1000)/(($L16)*2)*$L16*1.3,IF((P$9/$M16)>1,($I16/1000)/(($L16)*2)*$L16*(0.7/($L16-1)))),IF($K16=2,($I16/1000)/$L16,IF($K16=3,IF((P$9/$N16)=1,($I16/1000)/(($L16)*2)*$L16*1.3,IF((P$9/$N16)<1,($I16/1000)/(($L16)*2)*$L16*(0.7/($L16-1))))))))) | Q16: =IF($L16="","",IF(OR(Q$9<$M16,Q$9>$N16),"",IF($K16=1,IF((Q$9/$M16)=1,($I16/1000)/(($L16)*2)*$L16*1.3,IF((Q$9/$M16)>1,($I16/1000)/(($L16)*2)*$L16*(0.7/($L16-1)))),IF($K16=2,($I16/1000)/$L16,IF($K16=3,IF((Q$9/$N16)=1,($I16/1000)/(($L16)*2)*$L16*1.3,IF((Q$9/$N16)<1,($I16/1000)/(($L16)*2)*$L16*(0.7/($L16-1))))))))) | R16: =IF($L16="","",IF(OR(R$9<$M16,R$9>$N16),"",IF($K16=1,IF((R$9/$M16)=1,($I16/1000)/(($L16)*2)*$L16*1.3,IF((R$9/$M16)>1,($I16/1000)/(($L16)*2)*$L16*(0.7/($L16-1)))),IF($K16=2,($I16/1000)/$L16,IF($K16=3,IF((R$9/$N16)=1,($I16/1000)/(($L16)*2)*$L16*1.3,IF((R$9/$N16)<1,($I16/1000)/(($L16)*2)*$L16*(0.7/($L16-1))))))))) | S16: =IF($L16="","",IF(OR(S$9<$M16,S$9>$N16),"",IF($K16=1,IF((S$9/$M16)=1,($I16/1000)/(($L16)*2)*$L16*1.3,IF((S$9/$M16)>1,($I16/1000)/(($L16)*2)*$L16*(0.7/($L16-1)))),IF($K16=2,($I16/1000)/$L16,IF($K16=3,IF((S$9/$N16)=1,($I16/1000)/(($L16)*2)*$L16*1.3,IF((S$9/$N16)<1,($I16/1000)/(($L16)*2)*$L16*(0.7/($L16-1))))))))) | T16: =IF($L16="","",IF(OR(T$9<$M16,T$9>$N16),"",IF($K16=1,IF((T$9/$M16)=1,($I16/1000)/(($L16)*2)*$L16*1.3,IF((T$9/$M16)>1,($I16/1000)/(($L16)*2)*$L16*(0.7/($L16-1)))),IF($K16=2,($I16/1000)/$L16,IF($K16=3,IF((T$9/$N16)=1,($I16/1000)/(($L16)*2)*$L16*1.3,IF((T$9/$N16)<1,($I16/1000)/(($L16)*2)*$L16*(0.7/($L16-1))))))))) | U16: =IF($L16="","",IF(OR(U$9<$M16,U$9>$N16),"",IF($K16=1,IF((U$9/$M16)=1,($I16/1000)/(($L16)*2)*$L16*1.3,IF((U$9/$M16)>1,($I16/1000)/(($L16)*2)*$L16*(0.7/($L16-1)))),IF($K16=2,($I16/1000)/$L16,IF($K16=3,IF((U$9/$N16)=1,($I16/1000)/(($L16)*2)*$L16*1.3,IF((U$9/$N16)<1,($I16/1000)/(($L16)*2)*$L16*(0.7/($L16-1))))))))) | V16: =IF($L16="","",IF(OR(V$9<$M16,V$9>$N16),"",IF($K16=1,IF((V$9/$M16)=1,($I16/1000)/(($L16)*2)*$L16*1.3,IF((V$9/$M16)>1,($I16/1000)/(($L16)*2)*$L16*(0.7/($L16-1)))),IF($K16=2,($I16/1000)/$L16,IF($K16=3,IF((V$9/$N16)=1,($I16/1000)/(($L16)*2)*$L16*1.3,IF((V$9/$N16)<1,($I16/1000)/(($L16)*2)*$L16*(0.7/($L16-1))))))))) | ... X16: =IF($L16="","",IF(OR(X$9<$M16,X$9>$N16),"",IF($K16=1,IF((X$9/$M16)=1,($I16/1000)/(($L16)*2)*$L16*1.3,IF((X$9/$M16)>1,($I16/1000)/(($L16)*2)*$L16*(0.7/($L16-1)))),IF($K16=2,($I16/1000)/$L16,IF($K16=3,IF((X$9/$N16)=1,($I16/1000)/(($L16)*2)*$L16*1.3,IF((X$9/$N16)<1,($I16/1000)/(($L16)*2)*$L16*(0.7/($L16-1)))))))))
B17: TRANSPORTE DE MATERIALES PROVENIENTES DE LA EXCAVACION DE LA EXPLANACION, CANALES Y PRESTAMOS, ENTRE CIEN METROS (100 M) Y MIL METROS (1000 M) DE DISTANCIA | C17: 900.1 | D17: =D16+0.1 -> 2.3 | E17: Acarreo material de excavación sobrante (Incluye cargue y Transporte) | F17: m3-km | G17: =ROUND(MC!$C$285,2) -> 89286.75 | H17: =+'2.3'!G43 -> 1283 | I17: =+G17*H17 -> 114554900 | K17: 1 | L17: 2 | M17: 1 | N17: =IF(L17="","",M17+L17-1) -> 2 | O17: =IF($L17="","",IF(OR(O$9<$M17,O$9>$N17),"",IF($K17=1,IF((O$9/$M17)=1,($I17/1000)/(($L17)*2)*$L17*1.3,IF((O$9/$M17)>1,($I17/1000)/(($L17)*2)*$L17*(0.7/($L17-1)))),IF($K17=2,($I17/1000)/$L17,IF($K17=3,IF((O$9/$N17)=1,($I17/1000)/(($L17)*2)*$L17*1.3,IF((O$9/$N17)<1,($I17/1000)/(($L17)*2)*$L17*(0.7/($L17-1))))))))) -> 74461 | P17: =IF($L17="","",IF(OR(P$9<$M17,P$9>$N17),"",IF($K17=1,IF((P$9/$M17)=1,($I17/1000)/(($L17)*2)*$L17*1.3,IF((P$9/$M17)>1,($I17/1000)/(($L17)*2)*$L17*(0.7/($L17-1)))),IF($K17=2,($I17/1000)/$L17,IF($K17=3,IF((P$9/$N17)=1,($I17/1000)/(($L17)*2)*$L17*1.3,IF((P$9/$N17)<1,($I17/1000)/(($L17)*2)*$L17*(0.7/($L17-1))))))))) -> 40094 | Q17: =IF($L17="","",IF(OR(Q$9<$M17,Q$9>$N17),"",IF($K17=1,IF((Q$9/$M17)=1,($I17/1000)/(($L17)*2)*$L17*1.3,IF((Q$9/$M17)>1,($I17/1000)/(($L17)*2)*$L17*(0.7/($L17-1)))),IF($K17=2,($I17/1000)/$L17,IF($K17=3,IF((Q$9/$N17)=1,($I17/1000)/(($L17)*2)*$L17*1.3,IF((Q$9/$N17)<1,($I17/1000)/(($L17)*2)*$L17*(0.7/($L17-1))))))))) | R17: =IF($L17="","",IF(OR(R$9<$M17,R$9>$N17),"",IF($K17=1,IF((R$9/$M17)=1,($I17/1000)/(($L17)*2)*$L17*1.3,IF((R$9/$M17)>1,($I17/1000)/(($L17)*2)*$L17*(0.7/($L17-1)))),IF($K17=2,($I17/1000)/$L17,IF($K17=3,IF((R$9/$N17)=1,($I17/1000)/(($L17)*2)*$L17*1.3,IF((R$9/$N17)<1,($I17/1000)/(($L17)*2)*$L17*(0.7/($L17-1))))))))) | S17: =IF($L17="","",IF(OR(S$9<$M17,S$9>$N17),"",IF($K17=1,IF((S$9/$M17)=1,($I17/1000)/(($L17)*2)*$L17*1.3,IF((S$9/$M17)>1,($I17/1000)/(($L17)*2)*$L17*(0.7/($L17-1)))),IF($K17=2,($I17/1000)/$L17,IF($K17=3,IF((S$9/$N17)=1,($I17/1000)/(($L17)*2)*$L17*1.3,IF((S$9/$N17)<1,($I17/1000)/(($L17)*2)*$L17*(0.7/($L17-1))))))))) | T17: =IF($L17="","",IF(OR(T$9<$M17,T$9>$N17),"",IF($K17=1,IF((T$9/$M17)=1,($I17/1000)/(($L17)*2)*$L17*1.3,IF((T$9/$M17)>1,($I17/1000)/(($L17)*2)*$L17*(0.7/($L17-1)))),IF($K17=2,($I17/1000)/$L17,IF($K17=3,IF((T$9/$N17)=1,($I17/1000)/(($L17)*2)*$L17*1.3,IF((T$9/$N17)<1,($I17/1000)/(($L17)*2)*$L17*(0.7/($L17-1))))))))) | U17: =IF($L17="","",IF(OR(U$9<$M17,U$9>$N17),"",IF($K17=1,IF((U$9/$M17)=1,($I17/1000)/(($L17)*2)*$L17*1.3,IF((U$9/$M17)>1,($I17/1000)/(($L17)*2)*$L17*(0.7/($L17-1)))),IF($K17=2,($I17/1000)/$L17,IF($K17=3,IF((U$9/$N17)=1,($I17/1000)/(($L17)*2)*$L17*1.3,IF((U$9/$N17)<1,($I17/1000)/(($L17)*2)*$L17*(0.7/($L17-1))))))))) | V17: =IF($L17="","",IF(OR(V$9<$M17,V$9>$N17),"",IF($K17=1,IF((V$9/$M17)=1,($I17/1000)/(($L17)*2)*$L17*1.3,IF((V$9/$M17)>1,($I17/1000)/(($L17)*2)*$L17*(0.7/($L17-1)))),IF($K17=2,($I17/1000)/$L17,IF($K17=3,IF((V$9/$N17)=1,($I17/1000)/(($L17)*2)*$L17*1.3,IF((V$9/$N17)<1,($I17/1000)/(($L17)*2)*$L17*(0.7/($L17-1))))))))) | ... X17: =IF($L17="","",IF(OR(X$9<$M17,X$9>$N17),"",IF($K17=1,IF((X$9/$M17)=1,($I17/1000)/(($L17)*2)*$L17*1.3,IF((X$9/$M17)>1,($I17/1000)/(($L17)*2)*$L17*(0.7/($L17-1)))),IF($K17=2,($I17/1000)/$L17,IF($K17=3,IF((X$9/$N17)=1,($I17/1000)/(($L17)*2)*$L17*1.3,IF((X$9/$N17)<1,($I17/1000)/(($L17)*2)*$L17*(0.7/($L17-1)))))))))
B18: RELLENOS PARA ESTRUCTURAS CON RECEBO. | C18: 610.2 | D18: =D17+0.1 -> 2.4 | E18: Relleno con material tipo II (Gravo-Arcilloso) para suelo estabilizado con CAL | F18: m3 | G18: =+ROUND(MC!$C$297,2) -> 10065.12 | H18: =+'2.4'!G43 -> 51655 | I18: =+G18*H18 -> 519913774 | K18: 3 | L18: 2 | M18: 1 | N18: =IF(L18="","",M18+L18-1) -> 2 | O18: =IF($L18="","",IF(OR(O$9<$M18,O$9>$N18),"",IF($K18=1,IF((O$9/$M18)=1,($I18/1000)/(($L18)*2)*$L18*1.3,IF((O$9/$M18)>1,($I18/1000)/(($L18)*2)*$L18*(0.7/($L18-1)))),IF($K18=2,($I18/1000)/$L18,IF($K18=3,IF((O$9/$N18)=1,($I18/1000)/(($L18)*2)*$L18*1.3,IF((O$9/$N18)<1,($I18/1000)/(($L18)*2)*$L18*(0.7/($L18-1))))))))) -> 181970 | P18: =IF($L18="","",IF(OR(P$9<$M18,P$9>$N18),"",IF($K18=1,IF((P$9/$M18)=1,($I18/1000)/(($L18)*2)*$L18*1.3,IF((P$9/$M18)>1,($I18/1000)/(($L18)*2)*$L18*(0.7/($L18-1)))),IF($K18=2,($I18/1000)/$L18,IF($K18=3,IF((P$9/$N18)=1,($I18/1000)/(($L18)*2)*$L18*1.3,IF((P$9/$N18)<1,($I18/1000)/(($L18)*2)*$L18*(0.7/($L18-1))))))))) -> 337944 | Q18: =IF($L18="","",IF(OR(Q$9<$M18,Q$9>$N18),"",IF($K18=1,IF((Q$9/$M18)=1,($I18/1000)/(($L18)*2)*$L18*1.3,IF((Q$9/$M18)>1,($I18/1000)/(($L18)*2)*$L18*(0.7/($L18-1)))),IF($K18=2,($I18/1000)/$L18,IF($K18=3,IF((Q$9/$N18)=1,($I18/1000)/(($L18)*2)*$L18*1.3,IF((Q$9/$N18)<1,($I18/1000)/(($L18)*2)*$L18*(0.7/($L18-1))))))))) | R18: =IF($L18="","",IF(OR(R$9<$M18,R$9>$N18),"",IF($K18=1,IF((R$9/$M18)=1,($I18/1000)/(($L18)*2)*$L18*1.3,IF((R$9/$M18)>1,($I18/1000)/(($L18)*2)*$L18*(0.7/($L18-1)))),IF($K18=2,($I18/1000)/$L18,IF($K18=3,IF((R$9/$N18)=1,($I18/1000)/(($L18)*2)*$L18*1.3,IF((R$9/$N18)<1,($I18/1000)/(($L18)*2)*$L18*(0.7/($L18-1))))))))) | S18: =IF($L18="","",IF(OR(S$9<$M18,S$9>$N18),"",IF($K18=1,IF((S$9/$M18)=1,($I18/1000)/(($L18)*2)*$L18*1.3,IF((S$9/$M18)>1,($I18/1000)/(($L18)*2)*$L18*(0.7/($L18-1)))),IF($K18=2,($I18/1000)/$L18,IF($K18=3,IF((S$9/$N18)=1,($I18/1000)/(($L18)*2)*$L18*1.3,IF((S$9/$N18)<1,($I18/1000)/(($L18)*2)*$L18*(0.7/($L18-1))))))))) | T18: =IF($L18="","",IF(OR(T$9<$M18,T$9>$N18),"",IF($K18=1,IF((T$9/$M18)=1,($I18/1000)/(($L18)*2)*$L18*1.3,IF((T$9/$M18)>1,($I18/1000)/(($L18)*2)*$L18*(0.7/($L18-1)))),IF($K18=2,($I18/1000)/$L18,IF($K18=3,IF((T$9/$N18)=1,($I18/1000)/(($L18)*2)*$L18*1.3,IF((T$9/$N18)<1,($I18/1000)/(($L18)*2)*$L18*(0.7/($L18-1))))))))) | U18: =IF($L18="","",IF(OR(U$9<$M18,U$9>$N18),"",IF($K18=1,IF((U$9/$M18)=1,($I18/1000)/(($L18)*2)*$L18*1.3,IF((U$9/$M18)>1,($I18/1000)/(($L18)*2)*$L18*(0.7/($L18-1)))),IF($K18=2,($I18/1000)/$L18,IF($K18=3,IF((U$9/$N18)=1,($I18/1000)/(($L18)*2)*$L18*1.3,IF((U$9/$N18)<1,($I18/1000)/(($L18)*2)*$L18*(0.7/($L18-1))))))))) | V18: =IF($L18="","",IF(OR(V$9<$M18,V$9>$N18),"",IF($K18=1,IF((V$9/$M18)=1,($I18/1000)/(($L18)*2)*$L18*1.3,IF((V$9/$M18)>1,($I18/1000)/(($L18)*2)*$L18*(0.7/($L18-1)))),IF($K18=2,($I18/1000)/$L18,IF($K18=3,IF((V$9/$N18)=1,($I18/1000)/(($L18)*2)*$L18*1.3,IF((V$9/$N18)<1,($I18/1000)/(($L18)*2)*$L18*(0.7/($L18-1))))))))) | ... X18: =IF($L18="","",IF(OR(X$9<$M18,X$9>$N18),"",IF($K18=1,IF((X$9/$M18)=1,($I18/1000)/(($L18)*2)*$L18*1.3,IF((X$9/$M18)>1,($I18/1000)/(($L18)*2)*$L18*(0.7/($L18-1)))),IF($K18=2,($I18/1000)/$L18,IF($K18=3,IF((X$9/$N18)=1,($I18/1000)/(($L18)*2)*$L18*1.3,IF((X$9/$N18)<1,($I18/1000)/(($L18)*2)*$L18*(0.7/($L18-1)))))))))
D19: =D18+0.1 -> 2.5 | E19: Seleccion, extendido, conformación y compactación de material seleccionado proveniente de la excavacion. | F19: m3 | G19: =ROUND(MC!$C$312,2) -> 2988.23 | H19: ='2.5'!G43 -> 21318 | I19: =G19*H19 -> 63703087 | K19: 1 | L19: 2 | M19: 2 | N19: =IF(L19="","",M19+L19-1) -> 3 | O19: =IF($L19="","",IF(OR(O$9<$M19,O$9>$N19),"",IF($K19=1,IF((O$9/$M19)=1,($I19/1000)/(($L19)*2)*$L19*1.3,IF((O$9/$M19)>1,($I19/1000)/(($L19)*2)*$L19*(0.7/($L19-1)))),IF($K19=2,($I19/1000)/$L19,IF($K19=3,IF((O$9/$N19)=1,($I19/1000)/(($L19)*2)*$L19*1.3,IF((O$9/$N19)<1,($I19/1000)/(($L19)*2)*$L19*(0.7/($L19-1))))))))) | P19: =IF($L19="","",IF(OR(P$9<$M19,P$9>$N19),"",IF($K19=1,IF((P$9/$M19)=1,($I19/1000)/(($L19)*2)*$L19*1.3,IF((P$9/$M19)>1,($I19/1000)/(($L19)*2)*$L19*(0.7/($L19-1)))),IF($K19=2,($I19/1000)/$L19,IF($K19=3,IF((P$9/$N19)=1,($I19/1000)/(($L19)*2)*$L19*1.3,IF((P$9/$N19)<1,($I19/1000)/(($L19)*2)*$L19*(0.7/($L19-1))))))))) -> 41407 | Q19: =IF($L19="","",IF(OR(Q$9<$M19,Q$9>$N19),"",IF($K19=1,IF((Q$9/$M19)=1,($I19/1000)/(($L19)*2)*$L19*1.3,IF((Q$9/$M19)>1,($I19/1000)/(($L19)*2)*$L19*(0.7/($L19-1)))),IF($K19=2,($I19/1000)/$L19,IF($K19=3,IF((Q$9/$N19)=1,($I19/1000)/(($L19)*2)*$L19*1.3,IF((Q$9/$N19)<1,($I19/1000)/(($L19)*2)*$L19*(0.7/($L19-1))))))))) -> 22296 | R19: =IF($L19="","",IF(OR(R$9<$M19,R$9>$N19),"",IF($K19=1,IF((R$9/$M19)=1,($I19/1000)/(($L19)*2)*$L19*1.3,IF((R$9/$M19)>1,($I19/1000)/(($L19)*2)*$L19*(0.7/($L19-1)))),IF($K19=2,($I19/1000)/$L19,IF($K19=3,IF((R$9/$N19)=1,($I19/1000)/(($L19)*2)*$L19*1.3,IF((R$9/$N19)<1,($I19/1000)/(($L19)*2)*$L19*(0.7/($L19-1))))))))) | S19: =IF($L19="","",IF(OR(S$9<$M19,S$9>$N19),"",IF($K19=1,IF((S$9/$M19)=1,($I19/1000)/(($L19)*2)*$L19*1.3,IF((S$9/$M19)>1,($I19/1000)/(($L19)*2)*$L19*(0.7/($L19-1)))),IF($K19=2,($I19/1000)/$L19,IF($K19=3,IF((S$9/$N19)=1,($I19/1000)/(($L19)*2)*$L19*1.3,IF((S$9/$N19)<1,($I19/1000)/(($L19)*2)*$L19*(0.7/($L19-1))))))))) | T19: =IF($L19="","",IF(OR(T$9<$M19,T$9>$N19),"",IF($K19=1,IF((T$9/$M19)=1,($I19/1000)/(($L19)*2)*$L19*1.3,IF((T$9/$M19)>1,($I19/1000)/(($L19)*2)*$L19*(0.7/($L19-1)))),IF($K19=2,($I19/1000)/$L19,IF($K19=3,IF((T$9/$N19)=1,($I19/1000)/(($L19)*2)*$L19*1.3,IF((T$9/$N19)<1,($I19/1000)/(($L19)*2)*$L19*(0.7/($L19-1))))))))) | U19: =IF($L19="","",IF(OR(U$9<$M19,U$9>$N19),"",IF($K19=1,IF((U$9/$M19)=1,($I19/1000)/(($L19)*2)*$L19*1.3,IF((U$9/$M19)>1,($I19/1000)/(($L19)*2)*$L19*(0.7/($L19-1)))),IF($K19=2,($I19/1000)/$L19,IF($K19=3,IF((U$9/$N19)=1,($I19/1000)/(($L19)*2)*$L19*1.3,IF((U$9/$N19)<1,($I19/1000)/(($L19)*2)*$L19*(0.7/($L19-1))))))))) | V19: =IF($L19="","",IF(OR(V$9<$M19,V$9>$N19),"",IF($K19=1,IF((V$9/$M19)=1,($I19/1000)/(($L19)*2)*$L19*1.3,IF((V$9/$M19)>1,($I19/1000)/(($L19)*2)*$L19*(0.7/($L19-1)))),IF($K19=2,($I19/1000)/$L19,IF($K19=3,IF((V$9/$N19)=1,($I19/1000)/(($L19)*2)*$L19*1.3,IF((V$9/$N19)<1,($I19/1000)/(($L19)*2)*$L19*(0.7/($L19-1))))))))) | ... X19: =IF($L19="","",IF(OR(X$9<$M19,X$9>$N19),"",IF($K19=1,IF((X$9/$M19)=1,($I19/1000)/(($L19)*2)*$L19*1.3,IF((X$9/$M19)>1,($I19/1000)/(($L19)*2)*$L19*(0.7/($L19-1)))),IF($K19=2,($I19/1000)/$L19,IF($K19=3,IF((X$9/$N19)=1,($I19/1000)/(($L19)*2)*$L19*1.3,IF((X$9/$N19)<1,($I19/1000)/(($L19)*2)*$L19*(0.7/($L19-1)))))))))
D20: =D19+0.1 -> 2.6 | E20: Suministro, extendido, conformación y compactación de arena para proteccion de tuberia de Alcantarillado. | F20: m3 | G20: =ROUND(MC!$C$320,2) -> 1270.17 | H20: ='2.6'!G43 -> 65532 | I20: =G20*H20 -> 83236780 | K20: 2 | L20: 2 | M20: 2 | N20: =IF(L20="","",M20+L20-1) -> 3 | O20: =IF($L20="","",IF(OR(O$9<$M20,O$9>$N20),"",IF($K20=1,IF((O$9/$M20)=1,($I20/1000)/(($L20)*2)*$L20*1.3,IF((O$9/$M20)>1,($I20/1000)/(($L20)*2)*$L20*(0.7/($L20-1)))),IF($K20=2,($I20/1000)/$L20,IF($K20=3,IF((O$9/$N20)=1,($I20/1000)/(($L20)*2)*$L20*1.3,IF((O$9/$N20)<1,($I20/1000)/(($L20)*2)*$L20*(0.7/($L20-1))))))))) | P20: =IF($L20="","",IF(OR(P$9<$M20,P$9>$N20),"",IF($K20=1,IF((P$9/$M20)=1,($I20/1000)/(($L20)*2)*$L20*1.3,IF((P$9/$M20)>1,($I20/1000)/(($L20)*2)*$L20*(0.7/($L20-1)))),IF($K20=2,($I20/1000)/$L20,IF($K20=3,IF((P$9/$N20)=1,($I20/1000)/(($L20)*2)*$L20*1.3,IF((P$9/$N20)<1,($I20/1000)/(($L20)*2)*$L20*(0.7/($L20-1))))))))) -> 41618 | Q20: =IF($L20="","",IF(OR(Q$9<$M20,Q$9>$N20),"",IF($K20=1,IF((Q$9/$M20)=1,($I20/1000)/(($L20)*2)*$L20*1.3,IF((Q$9/$M20)>1,($I20/1000)/(($L20)*2)*$L20*(0.7/($L20-1)))),IF($K20=2,($I20/1000)/$L20,IF($K20=3,IF((Q$9/$N20)=1,($I20/1000)/(($L20)*2)*$L20*1.3,IF((Q$9/$N20)<1,($I20/1000)/(($L20)*2)*$L20*(0.7/($L20-1))))))))) -> 41618 | R20: =IF($L20="","",IF(OR(R$9<$M20,R$9>$N20),"",IF($K20=1,IF((R$9/$M20)=1,($I20/1000)/(($L20)*2)*$L20*1.3,IF((R$9/$M20)>1,($I20/1000)/(($L20)*2)*$L20*(0.7/($L20-1)))),IF($K20=2,($I20/1000)/$L20,IF($K20=3,IF((R$9/$N20)=1,($I20/1000)/(($L20)*2)*$L20*1.3,IF((R$9/$N20)<1,($I20/1000)/(($L20)*2)*$L20*(0.7/($L20-1))))))))) | S20: =IF($L20="","",IF(OR(S$9<$M20,S$9>$N20),"",IF($K20=1,IF((S$9/$M20)=1,($I20/1000)/(($L20)*2)*$L20*1.3,IF((S$9/$M20)>1,($I20/1000)/(($L20)*2)*$L20*(0.7/($L20-1)))),IF($K20=2,($I20/1000)/$L20,IF($K20=3,IF((S$9/$N20)=1,($I20/1000)/(($L20)*2)*$L20*1.3,IF((S$9/$N20)<1,($I20/1000)/(($L20)*2)*$L20*(0.7/($L20-1))))))))) | T20: =IF($L20="","",IF(OR(T$9<$M20,T$9>$N20),"",IF($K20=1,IF((T$9/$M20)=1,($I20/1000)/(($L20)*2)*$L20*1.3,IF((T$9/$M20)>1,($I20/1000)/(($L20)*2)*$L20*(0.7/($L20-1)))),IF($K20=2,($I20/1000)/$L20,IF($K20=3,IF((T$9/$N20)=1,($I20/1000)/(($L20)*2)*$L20*1.3,IF((T$9/$N20)<1,($I20/1000)/(($L20)*2)*$L20*(0.7/($L20-1))))))))) | U20: =IF($L20="","",IF(OR(U$9<$M20,U$9>$N20),"",IF($K20=1,IF((U$9/$M20)=1,($I20/1000)/(($L20)*2)*$L20*1.3,IF((U$9/$M20)>1,($I20/1000)/(($L20)*2)*$L20*(0.7/($L20-1)))),IF($K20=2,($I20/1000)/$L20,IF($K20=3,IF((U$9/$N20)=1,($I20/1000)/(($L20)*2)*$L20*1.3,IF((U$9/$N20)<1,($I20/1000)/(($L20)*2)*$L20*(0.7/($L20-1))))))))) | V20: =IF($L20="","",IF(OR(V$9<$M20,V$9>$N20),"",IF($K20=1,IF((V$9/$M20)=1,($I20/1000)/(($L20)*2)*$L20*1.3,IF((V$9/$M20)>1,($I20/1000)/(($L20)*2)*$L20*(0.7/($L20-1)))),IF($K20=2,($I20/1000)/$L20,IF($K20=3,IF((V$9/$N20)=1,($I20/1000)/(($L20)*2)*$L20*1.3,IF((V$9/$N20)<1,($I20/1000)/(($L20)*2)*$L20*(0.7/($L20-1))))))))) | ... X20: =IF($L20="","",IF(OR(X$9<$M20,X$9>$N20),"",IF($K20=1,IF((X$9/$M20)=1,($I20/1000)/(($L20)*2)*$L20*1.3,IF((X$9/$M20)>1,($I20/1000)/(($L20)*2)*$L20*(0.7/($L20-1)))),IF($K20=2,($I20/1000)/$L20,IF($K20=3,IF((X$9/$N20)=1,($I20/1000)/(($L20)*2)*$L20*1.3,IF((X$9/$N20)<1,($I20/1000)/(($L20)*2)*$L20*(0.7/($L20-1)))))))))
D21: =D20+0.1 -> 2.7 | E21: Colchon filtrante en material de entre 1 1/2" y 2 1/2" detrás de muros de contencion separado del suelo por Geotextil NT, e=0.30, incluye lloraderos de D=2" | F21: m2 | G21: =MC!C326 -> 0 | H21: ='2.7'!G43 -> 50971 | I21: =G21*H21 -> 0 | K21: 2 | L21: 2 | M21: 2 | N21: =IF(L21="","",M21+L21-1) -> 3 | O21: =IF($L21="","",IF(OR(O$9<$M21,O$9>$N21),"",IF($K21=1,IF((O$9/$M21)=1,($I21/1000)/(($L21)*2)*$L21*1.3,IF((O$9/$M21)>1,($I21/1000)/(($L21)*2)*$L21*(0.7/($L21-1)))),IF($K21=2,($I21/1000)/$L21,IF($K21=3,IF((O$9/$N21)=1,($I21/1000)/(($L21)*2)*$L21*1.3,IF((O$9/$N21)<1,($I21/1000)/(($L21)*2)*$L21*(0.7/($L21-1))))))))) | P21: =IF($L21="","",IF(OR(P$9<$M21,P$9>$N21),"",IF($K21=1,IF((P$9/$M21)=1,($I21/1000)/(($L21)*2)*$L21*1.3,IF((P$9/$M21)>1,($I21/1000)/(($L21)*2)*$L21*(0.7/($L21-1)))),IF($K21=2,($I21/1000)/$L21,IF($K21=3,IF((P$9/$N21)=1,($I21/1000)/(($L21)*2)*$L21*1.3,IF((P$9/$N21)<1,($I21/1000)/(($L21)*2)*$L21*(0.7/($L21-1))))))))) -> 0 | Q21: =IF($L21="","",IF(OR(Q$9<$M21,Q$9>$N21),"",IF($K21=1,IF((Q$9/$M21)=1,($I21/1000)/(($L21)*2)*$L21*1.3,IF((Q$9/$M21)>1,($I21/1000)/(($L21)*2)*$L21*(0.7/($L21-1)))),IF($K21=2,($I21/1000)/$L21,IF($K21=3,IF((Q$9/$N21)=1,($I21/1000)/(($L21)*2)*$L21*1.3,IF((Q$9/$N21)<1,($I21/1000)/(($L21)*2)*$L21*(0.7/($L21-1))))))))) -> 0 | R21: =IF($L21="","",IF(OR(R$9<$M21,R$9>$N21),"",IF($K21=1,IF((R$9/$M21)=1,($I21/1000)/(($L21)*2)*$L21*1.3,IF((R$9/$M21)>1,($I21/1000)/(($L21)*2)*$L21*(0.7/($L21-1)))),IF($K21=2,($I21/1000)/$L21,IF($K21=3,IF((R$9/$N21)=1,($I21/1000)/(($L21)*2)*$L21*1.3,IF((R$9/$N21)<1,($I21/1000)/(($L21)*2)*$L21*(0.7/($L21-1))))))))) | S21: =IF($L21="","",IF(OR(S$9<$M21,S$9>$N21),"",IF($K21=1,IF((S$9/$M21)=1,($I21/1000)/(($L21)*2)*$L21*1.3,IF((S$9/$M21)>1,($I21/1000)/(($L21)*2)*$L21*(0.7/($L21-1)))),IF($K21=2,($I21/1000)/$L21,IF($K21=3,IF((S$9/$N21)=1,($I21/1000)/(($L21)*2)*$L21*1.3,IF((S$9/$N21)<1,($I21/1000)/(($L21)*2)*$L21*(0.7/($L21-1))))))))) | T21: =IF($L21="","",IF(OR(T$9<$M21,T$9>$N21),"",IF($K21=1,IF((T$9/$M21)=1,($I21/1000)/(($L21)*2)*$L21*1.3,IF((T$9/$M21)>1,($I21/1000)/(($L21)*2)*$L21*(0.7/($L21-1)))),IF($K21=2,($I21/1000)/$L21,IF($K21=3,IF((T$9/$N21)=1,($I21/1000)/(($L21)*2)*$L21*1.3,IF((T$9/$N21)<1,($I21/1000)/(($L21)*2)*$L21*(0.7/($L21-1))))))))) | U21: =IF($L21="","",IF(OR(U$9<$M21,U$9>$N21),"",IF($K21=1,IF((U$9/$M21)=1,($I21/1000)/(($L21)*2)*$L21*1.3,IF((U$9/$M21)>1,($I21/1000)/(($L21)*2)*$L21*(0.7/($L21-1)))),IF($K21=2,($I21/1000)/$L21,IF($K21=3,IF((U$9/$N21)=1,($I21/1000)/(($L21)*2)*$L21*1.3,IF((U$9/$N21)<1,($I21/1000)/(($L21)*2)*$L21*(0.7/($L21-1))))))))) | V21: =IF($L21="","",IF(OR(V$9<$M21,V$9>$N21),"",IF($K21=1,IF((V$9/$M21)=1,($I21/1000)/(($L21)*2)*$L21*1.3,IF((V$9/$M21)>1,($I21/1000)/(($L21)*2)*$L21*(0.7/($L21-1)))),IF($K21=2,($I21/1000)/$L21,IF($K21=3,IF((V$9/$N21)=1,($I21/1000)/(($L21)*2)*$L21*1.3,IF((V$9/$N21)<1,($I21/1000)/(($L21)*2)*$L21*(0.7/($L21-1))))))))) | ... X21: =IF($L21="","",IF(OR(X$9<$M21,X$9>$N21),"",IF($K21=1,IF((X$9/$M21)=1,($I21/1000)/(($L21)*2)*$L21*1.3,IF((X$9/$M21)>1,($I21/1000)/(($L21)*2)*$L21*(0.7/($L21-1)))),IF($K21=2,($I21/1000)/$L21,IF($K21=3,IF((X$9/$N21)=1,($I21/1000)/(($L21)*2)*$L21*1.3,IF((X$9/$N21)<1,($I21/1000)/(($L21)*2)*$L21*(0.7/($L21-1)))))))))
D22: =CONCATENATE("SUBTOTAL ",E14) -> SUBTOTAL MOVIMIENTOS DE TIERRA Y ADECUACIONES | I22: =SUM(I15:I21) -> 1431766480 | K22: 2 | N22: =IF(L22="","",M22+L22-1) | O22: =IF($L22="","",IF(OR(O$9<$M22,O$9>$N22),"",IF($K22=1,IF((O$9/$M22)=1,($I22/1000)/(($L22)*2)*$L22*1.3,IF((O$9/$M22)>1,($I22/1000)/(($L22)*2)*$L22*(0.7/($L22-1)))),IF($K22=2,($I22/1000)/$L22,IF($K22=3,IF((O$9/$N22)=1,($I22/1000)/(($L22)*2)*$L22*1.3,IF((O$9/$N22)<1,($I22/1000)/(($L22)*2)*$L22*(0.7/($L22-1))))))))) | P22: =IF($L22="","",IF(OR(P$9<$M22,P$9>$N22),"",IF($K22=1,IF((P$9/$M22)=1,($I22/1000)/(($L22)*2)*$L22*1.3,IF((P$9/$M22)>1,($I22/1000)/(($L22)*2)*$L22*(0.7/($L22-1)))),IF($K22=2,($I22/1000)/$L22,IF($K22=3,IF((P$9/$N22)=1,($I22/1000)/(($L22)*2)*$L22*1.3,IF((P$9/$N22)<1,($I22/1000)/(($L22)*2)*$L22*(0.7/($L22-1))))))))) | Q22: =IF($L22="","",IF(OR(Q$9<$M22,Q$9>$N22),"",IF($K22=1,IF((Q$9/$M22)=1,($I22/1000)/(($L22)*2)*$L22*1.3,IF((Q$9/$M22)>1,($I22/1000)/(($L22)*2)*$L22*(0.7/($L22-1)))),IF($K22=2,($I22/1000)/$L22,IF($K22=3,IF((Q$9/$N22)=1,($I22/1000)/(($L22)*2)*$L22*1.3,IF((Q$9/$N22)<1,($I22/1000)/(($L22)*2)*$L22*(0.7/($L22-1))))))))) | R22: =IF($L22="","",IF(OR(R$9<$M22,R$9>$N22),"",IF($K22=1,IF((R$9/$M22)=1,($I22/1000)/(($L22)*2)*$L22*1.3,IF((R$9/$M22)>1,($I22/1000)/(($L22)*2)*$L22*(0.7/($L22-1)))),IF($K22=2,($I22/1000)/$L22,IF($K22=3,IF((R$9/$N22)=1,($I22/1000)/(($L22)*2)*$L22*1.3,IF((R$9/$N22)<1,($I22/1000)/(($L22)*2)*$L22*(0.7/($L22-1))))))))) | S22: =IF($L22="","",IF(OR(S$9<$M22,S$9>$N22),"",IF($K22=1,IF((S$9/$M22)=1,($I22/1000)/(($L22)*2)*$L22*1.3,IF((S$9/$M22)>1,($I22/1000)/(($L22)*2)*$L22*(0.7/($L22-1)))),IF($K22=2,($I22/1000)/$L22,IF($K22=3,IF((S$9/$N22)=1,($I22/1000)/(($L22)*2)*$L22*1.3,IF((S$9/$N22)<1,($I22/1000)/(($L22)*2)*$L22*(0.7/($L22-1))))))))) | T22: =IF($L22="","",IF(OR(T$9<$M22,T$9>$N22),"",IF($K22=1,IF((T$9/$M22)=1,($I22/1000)/(($L22)*2)*$L22*1.3,IF((T$9/$M22)>1,($I22/1000)/(($L22)*2)*$L22*(0.7/($L22-1)))),IF($K22=2,($I22/1000)/$L22,IF($K22=3,IF((T$9/$N22)=1,($I22/1000)/(($L22)*2)*$L22*1.3,IF((T$9/$N22)<1,($I22/1000)/(($L22)*2)*$L22*(0.7/($L22-1))))))))) | U22: =IF($L22="","",IF(OR(U$9<$M22,U$9>$N22),"",IF($K22=1,IF((U$9/$M22)=1,($I22/1000)/(($L22)*2)*$L22*1.3,IF((U$9/$M22)>1,($I22/1000)/(($L22)*2)*$L22*(0.7/($L22-1)))),IF($K22=2,($I22/1000)/$L22,IF($K22=3,IF((U$9/$N22)=1,($I22/1000)/(($L22)*2)*$L22*1.3,IF((U$9/$N22)<1,($I22/1000)/(($L22)*2)*$L22*(0.7/($L22-1))))))))) | V22: =IF($L22="","",IF(OR(V$9<$M22,V$9>$N22),"",IF($K22=1,IF((V$9/$M22)=1,($I22/1000)/(($L22)*2)*$L22*1.3,IF((V$9/$M22)>1,($I22/1000)/(($L22)*2)*$L22*(0.7/($L22-1)))),IF($K22=2,($I22/1000)/$L22,IF($K22=3,IF((V$9/$N22)=1,($I22/1000)/(($L22)*2)*$L22*1.3,IF((V$9/$N22)<1,($I22/1000)/(($L22)*2)*$L22*(0.7/($L22-1))))))))) | ... X22: =IF($L22="","",IF(OR(X$9<$M22,X$9>$N22),"",IF($K22=1,IF((X$9/$M22)=1,($I22/1000)/(($L22)*2)*$L22*1.3,IF((X$9/$M22)>1,($I22/1000)/(($L22)*2)*$L22*(0.7/($L22-1)))),IF($K22=2,($I22/1000)/$L22,IF($K22=3,IF((X$9/$N22)=1,($I22/1000)/(($L22)*2)*$L22*1.3,IF((X$9/$N22)<1,($I22/1000)/(($L22)*2)*$L22*(0.7/($L22-1)))))))))
D23: 3 | E23: ESTRUCTURA DE PAVIMENTO | K23: 2 | N23: =IF(L23="","",M23+L23-1) | O23: =IF($L23="","",IF(OR(O$9<$M23,O$9>$N23),"",IF($K23=1,IF((O$9/$M23)=1,($I23/1000)/(($L23)*2)*$L23*1.3,IF((O$9/$M23)>1,($I23/1000)/(($L23)*2)*$L23*(0.7/($L23-1)))),IF($K23=2,($I23/1000)/$L23,IF($K23=3,IF((O$9/$N23)=1,($I23/1000)/(($L23)*2)*$L23*1.3,IF((O$9/$N23)<1,($I23/1000)/(($L23)*2)*$L23*(0.7/($L23-1))))))))) | P23: =IF($L23="","",IF(OR(P$9<$M23,P$9>$N23),"",IF($K23=1,IF((P$9/$M23)=1,($I23/1000)/(($L23)*2)*$L23*1.3,IF((P$9/$M23)>1,($I23/1000)/(($L23)*2)*$L23*(0.7/($L23-1)))),IF($K23=2,($I23/1000)/$L23,IF($K23=3,IF((P$9/$N23)=1,($I23/1000)/(($L23)*2)*$L23*1.3,IF((P$9/$N23)<1,($I23/1000)/(($L23)*2)*$L23*(0.7/($L23-1))))))))) | Q23: =IF($L23="","",IF(OR(Q$9<$M23,Q$9>$N23),"",IF($K23=1,IF((Q$9/$M23)=1,($I23/1000)/(($L23)*2)*$L23*1.3,IF((Q$9/$M23)>1,($I23/1000)/(($L23)*2)*$L23*(0.7/($L23-1)))),IF($K23=2,($I23/1000)/$L23,IF($K23=3,IF((Q$9/$N23)=1,($I23/1000)/(($L23)*2)*$L23*1.3,IF((Q$9/$N23)<1,($I23/1000)/(($L23)*2)*$L23*(0.7/($L23-1))))))))) | R23: =IF($L23="","",IF(OR(R$9<$M23,R$9>$N23),"",IF($K23=1,IF((R$9/$M23)=1,($I23/1000)/(($L23)*2)*$L23*1.3,IF((R$9/$M23)>1,($I23/1000)/(($L23)*2)*$L23*(0.7/($L23-1)))),IF($K23=2,($I23/1000)/$L23,IF($K23=3,IF((R$9/$N23)=1,($I23/1000)/(($L23)*2)*$L23*1.3,IF((R$9/$N23)<1,($I23/1000)/(($L23)*2)*$L23*(0.7/($L23-1))))))))) | S23: =IF($L23="","",IF(OR(S$9<$M23,S$9>$N23),"",IF($K23=1,IF((S$9/$M23)=1,($I23/1000)/(($L23)*2)*$L23*1.3,IF((S$9/$M23)>1,($I23/1000)/(($L23)*2)*$L23*(0.7/($L23-1)))),IF($K23=2,($I23/1000)/$L23,IF($K23=3,IF((S$9/$N23)=1,($I23/1000)/(($L23)*2)*$L23*1.3,IF((S$9/$N23)<1,($I23/1000)/(($L23)*2)*$L23*(0.7/($L23-1))))))))) | T23: =IF($L23="","",IF(OR(T$9<$M23,T$9>$N23),"",IF($K23=1,IF((T$9/$M23)=1,($I23/1000)/(($L23)*2)*$L23*1.3,IF((T$9/$M23)>1,($I23/1000)/(($L23)*2)*$L23*(0.7/($L23-1)))),IF($K23=2,($I23/1000)/$L23,IF($K23=3,IF((T$9/$N23)=1,($I23/1000)/(($L23)*2)*$L23*1.3,IF((T$9/$N23)<1,($I23/1000)/(($L23)*2)*$L23*(0.7/($L23-1))))))))) | U23: =IF($L23="","",IF(OR(U$9<$M23,U$9>$N23),"",IF($K23=1,IF((U$9/$M23)=1,($I23/1000)/(($L23)*2)*$L23*1.3,IF((U$9/$M23)>1,($I23/1000)/(($L23)*2)*$L23*(0.7/($L23-1)))),IF($K23=2,($I23/1000)/$L23,IF($K23=3,IF((U$9/$N23)=1,($I23/1000)/(($L23)*2)*$L23*1.3,IF((U$9/$N23)<1,($I23/1000)/(($L23)*2)*$L23*(0.7/($L23-1))))))))) | V23: =IF($L23="","",IF(OR(V$9<$M23,V$9>$N23),"",IF($K23=1,IF((V$9/$M23)=1,($I23/1000)/(($L23)*2)*$L23*1.3,IF((V$9/$M23)>1,($I23/1000)/(($L23)*2)*$L23*(0.7/($L23-1)))),IF($K23=2,($I23/1000)/$L23,IF($K23=3,IF((V$9/$N23)=1,($I23/1000)/(($L23)*2)*$L23*1.3,IF((V$9/$N23)<1,($I23/1000)/(($L23)*2)*$L23*(0.7/($L23-1))))))))) | ... X23: =IF($L23="","",IF(OR(X$9<$M23,X$9>$N23),"",IF($K23=1,IF((X$9/$M23)=1,($I23/1000)/(($L23)*2)*$L23*1.3,IF((X$9/$M23)>1,($I23/1000)/(($L23)*2)*$L23*(0.7/($L23-1)))),IF($K23=2,($I23/1000)/$L23,IF($K23=3,IF((X$9/$N23)=1,($I23/1000)/(($L23)*2)*$L23*1.3,IF((X$9/$N23)<1,($I23/1000)/(($L23)*2)*$L23*(0.7/($L23-1)))))))))
B24: BASE GRANULAR CLASE A Transporte de material de subbase | C24: 320.1 T0010030 | D24: =D23+0.1 -> 3.1 | E24: Suministro, extendido, conformación y compactación de Sub-base granular. | F24: m3 | G24: =ROUND(MC!$C$332,2) -> 5295.1 | H24: =+'3.1'!G42 -> 135474 | I24: =G24*H24 -> 717348377 | K24: 1 | L24: 5 | M24: 3 | N24: =IF(L24="","",M24+L24-1) -> 7 | O24: =IF($L24="","",IF(OR(O$9<$M24,O$9>$N24),"",IF($K24=1,IF((O$9/$M24)=1,($I24/1000)/(($L24)*2)*$L24*1.3,IF((O$9/$M24)>1,($I24/1000)/(($L24)*2)*$L24*(0.7/($L24-1)))),IF($K24=2,($I24/1000)/$L24,IF($K24=3,IF((O$9/$N24)=1,($I24/1000)/(($L24)*2)*$L24*1.3,IF((O$9/$N24)<1,($I24/1000)/(($L24)*2)*$L24*(0.7/($L24-1))))))))) | P24: =IF($L24="","",IF(OR(P$9<$M24,P$9>$N24),"",IF($K24=1,IF((P$9/$M24)=1,($I24/1000)/(($L24)*2)*$L24*1.3,IF((P$9/$M24)>1,($I24/1000)/(($L24)*2)*$L24*(0.7/($L24-1)))),IF($K24=2,($I24/1000)/$L24,IF($K24=3,IF((P$9/$N24)=1,($I24/1000)/(($L24)*2)*$L24*1.3,IF((P$9/$N24)<1,($I24/1000)/(($L24)*2)*$L24*(0.7/($L24-1))))))))) | Q24: =IF($L24="","",IF(OR(Q$9<$M24,Q$9>$N24),"",IF($K24=1,IF((Q$9/$M24)=1,($I24/1000)/(($L24)*2)*$L24*1.3,IF((Q$9/$M24)>1,($I24/1000)/(($L24)*2)*$L24*(0.7/($L24-1)))),IF($K24=2,($I24/1000)/$L24,IF($K24=3,IF((Q$9/$N24)=1,($I24/1000)/(($L24)*2)*$L24*1.3,IF((Q$9/$N24)<1,($I24/1000)/(($L24)*2)*$L24*(0.7/($L24-1))))))))) -> 466276 | R24: =IF($L24="","",IF(OR(R$9<$M24,R$9>$N24),"",IF($K24=1,IF((R$9/$M24)=1,($I24/1000)/(($L24)*2)*$L24*1.3,IF((R$9/$M24)>1,($I24/1000)/(($L24)*2)*$L24*(0.7/($L24-1)))),IF($K24=2,($I24/1000)/$L24,IF($K24=3,IF((R$9/$N24)=1,($I24/1000)/(($L24)*2)*$L24*1.3,IF((R$9/$N24)<1,($I24/1000)/(($L24)*2)*$L24*(0.7/($L24-1))))))))) -> 62768 | S24: =IF($L24="","",IF(OR(S$9<$M24,S$9>$N24),"",IF($K24=1,IF((S$9/$M24)=1,($I24/1000)/(($L24)*2)*$L24*1.3,IF((S$9/$M24)>1,($I24/1000)/(($L24)*2)*$L24*(0.7/($L24-1)))),IF($K24=2,($I24/1000)/$L24,IF($K24=3,IF((S$9/$N24)=1,($I24/1000)/(($L24)*2)*$L24*1.3,IF((S$9/$N24)<1,($I24/1000)/(($L24)*2)*$L24*(0.7/($L24-1))))))))) -> 62768 | T24: =IF($L24="","",IF(OR(T$9<$M24,T$9>$N24),"",IF($K24=1,IF((T$9/$M24)=1,($I24/1000)/(($L24)*2)*$L24*1.3,IF((T$9/$M24)>1,($I24/1000)/(($L24)*2)*$L24*(0.7/($L24-1)))),IF($K24=2,($I24/1000)/$L24,IF($K24=3,IF((T$9/$N24)=1,($I24/1000)/(($L24)*2)*$L24*1.3,IF((T$9/$N24)<1,($I24/1000)/(($L24)*2)*$L24*(0.7/($L24-1))))))))) -> 62768 | U24: =IF($L24="","",IF(OR(U$9<$M24,U$9>$N24),"",IF($K24=1,IF((U$9/$M24)=1,($I24/1000)/(($L24)*2)*$L24*1.3,IF((U$9/$M24)>1,($I24/1000)/(($L24)*2)*$L24*(0.7/($L24-1)))),IF($K24=2,($I24/1000)/$L24,IF($K24=3,IF((U$9/$N24)=1,($I24/1000)/(($L24)*2)*$L24*1.3,IF((U$9/$N24)<1,($I24/1000)/(($L24)*2)*$L24*(0.7/($L24-1))))))))) -> 62768 | V24: =IF($L24="","",IF(OR(V$9<$M24,V$9>$N24),"",IF($K24=1,IF((V$9/$M24)=1,($I24/1000)/(($L24)*2)*$L24*1.3,IF((V$9/$M24)>1,($I24/1000)/(($L24)*2)*$L24*(0.7/($L24-1)))),IF($K24=2,($I24/1000)/$L24,IF($K24=3,IF((V$9/$N24)=1,($I24/1000)/(($L24)*2)*$L24*1.3,IF((V$9/$N24)<1,($I24/1000)/(($L24)*2)*$L24*(0.7/($L24-1))))))))) | ... X24: =IF($L24="","",IF(OR(X$9<$M24,X$9>$N24),"",IF($K24=1,IF((X$9/$M24)=1,($I24/1000)/(($L24)*2)*$L24*1.3,IF((X$9/$M24)>1,($I24/1000)/(($L24)*2)*$L24*(0.7/($L24-1)))),IF($K24=2,($I24/1000)/$L24,IF($K24=3,IF((X$9/$N24)=1,($I24/1000)/(($L24)*2)*$L24*1.3,IF((X$9/$N24)<1,($I24/1000)/(($L24)*2)*$L24*(0.7/($L24-1)))))))))
B25: BASE GRANULAR CLASE A Transporte de material de subbase | C25: 320.1 T0010030 | D25: =D24+0.1 -> 3.2 | E25: Suministro, extendido, conformación y compactación de base granular. | F25: m3 | G25: =ROUND(MC!$C$337,2) -> 0 | H25: ='3.2'!G42 -> 135474 | I25: =G25*H25 -> 0 | K25: 1 | L25: 5 | M25: 4 | N25: =IF(L25="","",M25+L25-1) -> 8 | O25: =IF($L25="","",IF(OR(O$9<$M25,O$9>$N25),"",IF($K25=1,IF((O$9/$M25)=1,($I25/1000)/(($L25)*2)*$L25*1.3,IF((O$9/$M25)>1,($I25/1000)/(($L25)*2)*$L25*(0.7/($L25-1)))),IF($K25=2,($I25/1000)/$L25,IF($K25=3,IF((O$9/$N25)=1,($I25/1000)/(($L25)*2)*$L25*1.3,IF((O$9/$N25)<1,($I25/1000)/(($L25)*2)*$L25*(0.7/($L25-1))))))))) | P25: =IF($L25="","",IF(OR(P$9<$M25,P$9>$N25),"",IF($K25=1,IF((P$9/$M25)=1,($I25/1000)/(($L25)*2)*$L25*1.3,IF((P$9/$M25)>1,($I25/1000)/(($L25)*2)*$L25*(0.7/($L25-1)))),IF($K25=2,($I25/1000)/$L25,IF($K25=3,IF((P$9/$N25)=1,($I25/1000)/(($L25)*2)*$L25*1.3,IF((P$9/$N25)<1,($I25/1000)/(($L25)*2)*$L25*(0.7/($L25-1))))))))) | Q25: =IF($L25="","",IF(OR(Q$9<$M25,Q$9>$N25),"",IF($K25=1,IF((Q$9/$M25)=1,($I25/1000)/(($L25)*2)*$L25*1.3,IF((Q$9/$M25)>1,($I25/1000)/(($L25)*2)*$L25*(0.7/($L25-1)))),IF($K25=2,($I25/1000)/$L25,IF($K25=3,IF((Q$9/$N25)=1,($I25/1000)/(($L25)*2)*$L25*1.3,IF((Q$9/$N25)<1,($I25/1000)/(($L25)*2)*$L25*(0.7/($L25-1))))))))) | R25: =IF($L25="","",IF(OR(R$9<$M25,R$9>$N25),"",IF($K25=1,IF((R$9/$M25)=1,($I25/1000)/(($L25)*2)*$L25*1.3,IF((R$9/$M25)>1,($I25/1000)/(($L25)*2)*$L25*(0.7/($L25-1)))),IF($K25=2,($I25/1000)/$L25,IF($K25=3,IF((R$9/$N25)=1,($I25/1000)/(($L25)*2)*$L25*1.3,IF((R$9/$N25)<1,($I25/1000)/(($L25)*2)*$L25*(0.7/($L25-1))))))))) -> 0 | S25: =IF($L25="","",IF(OR(S$9<$M25,S$9>$N25),"",IF($K25=1,IF((S$9/$M25)=1,($I25/1000)/(($L25)*2)*$L25*1.3,IF((S$9/$M25)>1,($I25/1000)/(($L25)*2)*$L25*(0.7/($L25-1)))),IF($K25=2,($I25/1000)/$L25,IF($K25=3,IF((S$9/$N25)=1,($I25/1000)/(($L25)*2)*$L25*1.3,IF((S$9/$N25)<1,($I25/1000)/(($L25)*2)*$L25*(0.7/($L25-1))))))))) -> 0 | T25: =IF($L25="","",IF(OR(T$9<$M25,T$9>$N25),"",IF($K25=1,IF((T$9/$M25)=1,($I25/1000)/(($L25)*2)*$L25*1.3,IF((T$9/$M25)>1,($I25/1000)/(($L25)*2)*$L25*(0.7/($L25-1)))),IF($K25=2,($I25/1000)/$L25,IF($K25=3,IF((T$9/$N25)=1,($I25/1000)/(($L25)*2)*$L25*1.3,IF((T$9/$N25)<1,($I25/1000)/(($L25)*2)*$L25*(0.7/($L25-1))))))))) -> 0 | U25: =IF($L25="","",IF(OR(U$9<$M25,U$9>$N25),"",IF($K25=1,IF((U$9/$M25)=1,($I25/1000)/(($L25)*2)*$L25*1.3,IF((U$9/$M25)>1,($I25/1000)/(($L25)*2)*$L25*(0.7/($L25-1)))),IF($K25=2,($I25/1000)/$L25,IF($K25=3,IF((U$9/$N25)=1,($I25/1000)/(($L25)*2)*$L25*1.3,IF((U$9/$N25)<1,($I25/1000)/(($L25)*2)*$L25*(0.7/($L25-1))))))))) -> 0 | V25: =IF($L25="","",IF(OR(V$9<$M25,V$9>$N25),"",IF($K25=1,IF((V$9/$M25)=1,($I25/1000)/(($L25)*2)*$L25*1.3,IF((V$9/$M25)>1,($I25/1000)/(($L25)*2)*$L25*(0.7/($L25-1)))),IF($K25=2,($I25/1000)/$L25,IF($K25=3,IF((V$9/$N25)=1,($I25/1000)/(($L25)*2)*$L25*1.3,IF((V$9/$N25)<1,($I25/1000)/(($L25)*2)*$L25*(0.7/($L25-1))))))))) -> 0 | ... X25: =IF($L25="","",IF(OR(X$9<$M25,X$9>$N25),"",IF($K25=1,IF((X$9/$M25)=1,($I25/1000)/(($L25)*2)*$L25*1.3,IF((X$9/$M25)>1,($I25/1000)/(($L25)*2)*$L25*(0.7/($L25-1)))),IF($K25=2,($I25/1000)/$L25,IF($K25=3,IF((X$9/$N25)=1,($I25/1000)/(($L25)*2)*$L25*1.3,IF((X$9/$N25)<1,($I25/1000)/(($L25)*2)*$L25*(0.7/($L25-1)))))))))
B26: BASE GRANULAR CLASE A Transporte de material de subbase | C26: 320.1 T0010030 | D26: =D25+0.1 -> 3.3 | E26: Suministro e Instalacion de Concreto de 4000PSI para Placas de Pavimento Rigido e=22cm. | F26: m2 | G26: =ROUND(MC!$C$342,2) -> 26475.5 | H26: ='3.3'!G43 -> 135566 | I26: =G26*H26 -> 3589177633 | K26: 2 | L26: 2 | M26: 7 | N26: =IF(L26="","",M26+L26-1) -> 8 | O26: =IF($L26="","",IF(OR(O$9<$M26,O$9>$N26),"",IF($K26=1,IF((O$9/$M26)=1,($I26/1000)/(($L26)*2)*$L26*1.3,IF((O$9/$M26)>1,($I26/1000)/(($L26)*2)*$L26*(0.7/($L26-1)))),IF($K26=2,($I26/1000)/$L26,IF($K26=3,IF((O$9/$N26)=1,($I26/1000)/(($L26)*2)*$L26*1.3,IF((O$9/$N26)<1,($I26/1000)/(($L26)*2)*$L26*(0.7/($L26-1))))))))) | P26: =IF($L26="","",IF(OR(P$9<$M26,P$9>$N26),"",IF($K26=1,IF((P$9/$M26)=1,($I26/1000)/(($L26)*2)*$L26*1.3,IF((P$9/$M26)>1,($I26/1000)/(($L26)*2)*$L26*(0.7/($L26-1)))),IF($K26=2,($I26/1000)/$L26,IF($K26=3,IF((P$9/$N26)=1,($I26/1000)/(($L26)*2)*$L26*1.3,IF((P$9/$N26)<1,($I26/1000)/(($L26)*2)*$L26*(0.7/($L26-1))))))))) | Q26: =IF($L26="","",IF(OR(Q$9<$M26,Q$9>$N26),"",IF($K26=1,IF((Q$9/$M26)=1,($I26/1000)/(($L26)*2)*$L26*1.3,IF((Q$9/$M26)>1,($I26/1000)/(($L26)*2)*$L26*(0.7/($L26-1)))),IF($K26=2,($I26/1000)/$L26,IF($K26=3,IF((Q$9/$N26)=1,($I26/1000)/(($L26)*2)*$L26*1.3,IF((Q$9/$N26)<1,($I26/1000)/(($L26)*2)*$L26*(0.7/($L26-1))))))))) | R26: =IF($L26="","",IF(OR(R$9<$M26,R$9>$N26),"",IF($K26=1,IF((R$9/$M26)=1,($I26/1000)/(($L26)*2)*$L26*1.3,IF((R$9/$M26)>1,($I26/1000)/(($L26)*2)*$L26*(0.7/($L26-1)))),IF($K26=2,($I26/1000)/$L26,IF($K26=3,IF((R$9/$N26)=1,($I26/1000)/(($L26)*2)*$L26*1.3,IF((R$9/$N26)<1,($I26/1000)/(($L26)*2)*$L26*(0.7/($L26-1))))))))) | S26: =IF($L26="","",IF(OR(S$9<$M26,S$9>$N26),"",IF($K26=1,IF((S$9/$M26)=1,($I26/1000)/(($L26)*2)*$L26*1.3,IF((S$9/$M26)>1,($I26/1000)/(($L26)*2)*$L26*(0.7/($L26-1)))),IF($K26=2,($I26/1000)/$L26,IF($K26=3,IF((S$9/$N26)=1,($I26/1000)/(($L26)*2)*$L26*1.3,IF((S$9/$N26)<1,($I26/1000)/(($L26)*2)*$L26*(0.7/($L26-1))))))))) | T26: =IF($L26="","",IF(OR(T$9<$M26,T$9>$N26),"",IF($K26=1,IF((T$9/$M26)=1,($I26/1000)/(($L26)*2)*$L26*1.3,IF((T$9/$M26)>1,($I26/1000)/(($L26)*2)*$L26*(0.7/($L26-1)))),IF($K26=2,($I26/1000)/$L26,IF($K26=3,IF((T$9/$N26)=1,($I26/1000)/(($L26)*2)*$L26*1.3,IF((T$9/$N26)<1,($I26/1000)/(($L26)*2)*$L26*(0.7/($L26-1))))))))) | U26: =IF($L26="","",IF(OR(U$9<$M26,U$9>$N26),"",IF($K26=1,IF((U$9/$M26)=1,($I26/1000)/(($L26)*2)*$L26*1.3,IF((U$9/$M26)>1,($I26/1000)/(($L26)*2)*$L26*(0.7/($L26-1)))),IF($K26=2,($I26/1000)/$L26,IF($K26=3,IF((U$9/$N26)=1,($I26/1000)/(($L26)*2)*$L26*1.3,IF((U$9/$N26)<1,($I26/1000)/(($L26)*2)*$L26*(0.7/($L26-1))))))))) -> 1794589 | V26: =IF($L26="","",IF(OR(V$9<$M26,V$9>$N26),"",IF($K26=1,IF((V$9/$M26)=1,($I26/1000)/(($L26)*2)*$L26*1.3,IF((V$9/$M26)>1,($I26/1000)/(($L26)*2)*$L26*(0.7/($L26-1)))),IF($K26=2,($I26/1000)/$L26,IF($K26=3,IF((V$9/$N26)=1,($I26/1000)/(($L26)*2)*$L26*1.3,IF((V$9/$N26)<1,($I26/1000)/(($L26)*2)*$L26*(0.7/($L26-1))))))))) -> 1794589 | ... X26: =IF($L26="","",IF(OR(X$9<$M26,X$9>$N26),"",IF($K26=1,IF((X$9/$M26)=1,($I26/1000)/(($L26)*2)*$L26*1.3,IF((X$9/$M26)>1,($I26/1000)/(($L26)*2)*$L26*(0.7/($L26-1)))),IF($K26=2,($I26/1000)/$L26,IF($K26=3,IF((X$9/$N26)=1,($I26/1000)/(($L26)*2)*$L26*1.3,IF((X$9/$N26)<1,($I26/1000)/(($L26)*2)*$L26*(0.7/($L26-1)))))))))
D27: 3.4 | E27: Corte y sello para juntas inducidas de pavimento rígido, incluye sikaflex, sikarod o similar | F27: m | G27: =ROUND(MC!$C$349,2) -> 5700.38 | H27: ='3.4'!G43 -> 8528 | I27: =G27*H27 -> 48612841
D28: 3.5 | E28: Acero de transferencia para placas de concreto de 60000 psi | F28: Kg | G28: =ROUND(MC!$C$357,2) -> 46067.37 | H28: ='3.5'!G45 -> 6864 | I28: =G28*H28 -> 316206428
D29: =CONCATENATE("SUBTOTAL ",E23) -> SUBTOTAL ESTRUCTURA DE PAVIMENTO | I29: =SUM(I24:I28) -> 4671345279 | K29: 2 | N29: =IF(L29="","",M29+L29-1) | O29: =IF($L29="","",IF(OR(O$9<$M29,O$9>$N29),"",IF($K29=1,IF((O$9/$M29)=1,($I29/1000)/(($L29)*2)*$L29*1.3,IF((O$9/$M29)>1,($I29/1000)/(($L29)*2)*$L29*(0.7/($L29-1)))),IF($K29=2,($I29/1000)/$L29,IF($K29=3,IF((O$9/$N29)=1,($I29/1000)/(($L29)*2)*$L29*1.3,IF((O$9/$N29)<1,($I29/1000)/(($L29)*2)*$L29*(0.7/($L29-1))))))))) | P29: =IF($L29="","",IF(OR(P$9<$M29,P$9>$N29),"",IF($K29=1,IF((P$9/$M29)=1,($I29/1000)/(($L29)*2)*$L29*1.3,IF((P$9/$M29)>1,($I29/1000)/(($L29)*2)*$L29*(0.7/($L29-1)))),IF($K29=2,($I29/1000)/$L29,IF($K29=3,IF((P$9/$N29)=1,($I29/1000)/(($L29)*2)*$L29*1.3,IF((P$9/$N29)<1,($I29/1000)/(($L29)*2)*$L29*(0.7/($L29-1))))))))) | Q29: =IF($L29="","",IF(OR(Q$9<$M29,Q$9>$N29),"",IF($K29=1,IF((Q$9/$M29)=1,($I29/1000)/(($L29)*2)*$L29*1.3,IF((Q$9/$M29)>1,($I29/1000)/(($L29)*2)*$L29*(0.7/($L29-1)))),IF($K29=2,($I29/1000)/$L29,IF($K29=3,IF((Q$9/$N29)=1,($I29/1000)/(($L29)*2)*$L29*1.3,IF((Q$9/$N29)<1,($I29/1000)/(($L29)*2)*$L29*(0.7/($L29-1))))))))) | R29: =IF($L29="","",IF(OR(R$9<$M29,R$9>$N29),"",IF($K29=1,IF((R$9/$M29)=1,($I29/1000)/(($L29)*2)*$L29*1.3,IF((R$9/$M29)>1,($I29/1000)/(($L29)*2)*$L29*(0.7/($L29-1)))),IF($K29=2,($I29/1000)/$L29,IF($K29=3,IF((R$9/$N29)=1,($I29/1000)/(($L29)*2)*$L29*1.3,IF((R$9/$N29)<1,($I29/1000)/(($L29)*2)*$L29*(0.7/($L29-1))))))))) | S29: =IF($L29="","",IF(OR(S$9<$M29,S$9>$N29),"",IF($K29=1,IF((S$9/$M29)=1,($I29/1000)/(($L29)*2)*$L29*1.3,IF((S$9/$M29)>1,($I29/1000)/(($L29)*2)*$L29*(0.7/($L29-1)))),IF($K29=2,($I29/1000)/$L29,IF($K29=3,IF((S$9/$N29)=1,($I29/1000)/(($L29)*2)*$L29*1.3,IF((S$9/$N29)<1,($I29/1000)/(($L29)*2)*$L29*(0.7/($L29-1))))))))) | T29: =IF($L29="","",IF(OR(T$9<$M29,T$9>$N29),"",IF($K29=1,IF((T$9/$M29)=1,($I29/1000)/(($L29)*2)*$L29*1.3,IF((T$9/$M29)>1,($I29/1000)/(($L29)*2)*$L29*(0.7/($L29-1)))),IF($K29=2,($I29/1000)/$L29,IF($K29=3,IF((T$9/$N29)=1,($I29/1000)/(($L29)*2)*$L29*1.3,IF((T$9/$N29)<1,($I29/1000)/(($L29)*2)*$L29*(0.7/($L29-1))))))))) | U29: =IF($L29="","",IF(OR(U$9<$M29,U$9>$N29),"",IF($K29=1,IF((U$9/$M29)=1,($I29/1000)/(($L29)*2)*$L29*1.3,IF((U$9/$M29)>1,($I29/1000)/(($L29)*2)*$L29*(0.7/($L29-1)))),IF($K29=2,($I29/1000)/$L29,IF($K29=3,IF((U$9/$N29)=1,($I29/1000)/(($L29)*2)*$L29*1.3,IF((U$9/$N29)<1,($I29/1000)/(($L29)*2)*$L29*(0.7/($L29-1))))))))) | V29: =IF($L29="","",IF(OR(V$9<$M29,V$9>$N29),"",IF($K29=1,IF((V$9/$M29)=1,($I29/1000)/(($L29)*2)*$L29*1.3,IF((V$9/$M29)>1,($I29/1000)/(($L29)*2)*$L29*(0.7/($L29-1)))),IF($K29=2,($I29/1000)/$L29,IF($K29=3,IF((V$9/$N29)=1,($I29/1000)/(($L29)*2)*$L29*1.3,IF((V$9/$N29)<1,($I29/1000)/(($L29)*2)*$L29*(0.7/($L29-1))))))))) | ... X29: =IF($L29="","",IF(OR(X$9<$M29,X$9>$N29),"",IF($K29=1,IF((X$9/$M29)=1,($I29/1000)/(($L29)*2)*$L29*1.3,IF((X$9/$M29)>1,($I29/1000)/(($L29)*2)*$L29*(0.7/($L29-1)))),IF($K29=2,($I29/1000)/$L29,IF($K29=3,IF((X$9/$N29)=1,($I29/1000)/(($L29)*2)*$L29*1.3,IF((X$9/$N29)<1,($I29/1000)/(($L29)*2)*$L29*(0.7/($L29-1)))))))))
D30: 4 | E30: ELEMENTOS COMPLEMENTARIOS EN CONCRETO | K30: 2 | N30: =IF(L30="","",M30+L30-1) | O30: =IF($L30="","",IF(OR(O$9<$M30,O$9>$N30),"",IF($K30=1,IF((O$9/$M30)=1,($I30/1000)/(($L30)*2)*$L30*1.3,IF((O$9/$M30)>1,($I30/1000)/(($L30)*2)*$L30*(0.7/($L30-1)))),IF($K30=2,($I30/1000)/$L30,IF($K30=3,IF((O$9/$N30)=1,($I30/1000)/(($L30)*2)*$L30*1.3,IF((O$9/$N30)<1,($I30/1000)/(($L30)*2)*$L30*(0.7/($L30-1))))))))) | P30: =IF($L30="","",IF(OR(P$9<$M30,P$9>$N30),"",IF($K30=1,IF((P$9/$M30)=1,($I30/1000)/(($L30)*2)*$L30*1.3,IF((P$9/$M30)>1,($I30/1000)/(($L30)*2)*$L30*(0.7/($L30-1)))),IF($K30=2,($I30/1000)/$L30,IF($K30=3,IF((P$9/$N30)=1,($I30/1000)/(($L30)*2)*$L30*1.3,IF((P$9/$N30)<1,($I30/1000)/(($L30)*2)*$L30*(0.7/($L30-1))))))))) | Q30: =IF($L30="","",IF(OR(Q$9<$M30,Q$9>$N30),"",IF($K30=1,IF((Q$9/$M30)=1,($I30/1000)/(($L30)*2)*$L30*1.3,IF((Q$9/$M30)>1,($I30/1000)/(($L30)*2)*$L30*(0.7/($L30-1)))),IF($K30=2,($I30/1000)/$L30,IF($K30=3,IF((Q$9/$N30)=1,($I30/1000)/(($L30)*2)*$L30*1.3,IF((Q$9/$N30)<1,($I30/1000)/(($L30)*2)*$L30*(0.7/($L30-1))))))))) | R30: =IF($L30="","",IF(OR(R$9<$M30,R$9>$N30),"",IF($K30=1,IF((R$9/$M30)=1,($I30/1000)/(($L30)*2)*$L30*1.3,IF((R$9/$M30)>1,($I30/1000)/(($L30)*2)*$L30*(0.7/($L30-1)))),IF($K30=2,($I30/1000)/$L30,IF($K30=3,IF((R$9/$N30)=1,($I30/1000)/(($L30)*2)*$L30*1.3,IF((R$9/$N30)<1,($I30/1000)/(($L30)*2)*$L30*(0.7/($L30-1))))))))) | S30: =IF($L30="","",IF(OR(S$9<$M30,S$9>$N30),"",IF($K30=1,IF((S$9/$M30)=1,($I30/1000)/(($L30)*2)*$L30*1.3,IF((S$9/$M30)>1,($I30/1000)/(($L30)*2)*$L30*(0.7/($L30-1)))),IF($K30=2,($I30/1000)/$L30,IF($K30=3,IF((S$9/$N30)=1,($I30/1000)/(($L30)*2)*$L30*1.3,IF((S$9/$N30)<1,($I30/1000)/(($L30)*2)*$L30*(0.7/($L30-1))))))))) | T30: =IF($L30="","",IF(OR(T$9<$M30,T$9>$N30),"",IF($K30=1,IF((T$9/$M30)=1,($I30/1000)/(($L30)*2)*$L30*1.3,IF((T$9/$M30)>1,($I30/1000)/(($L30)*2)*$L30*(0.7/($L30-1)))),IF($K30=2,($I30/1000)/$L30,IF($K30=3,IF((T$9/$N30)=1,($I30/1000)/(($L30)*2)*$L30*1.3,IF((T$9/$N30)<1,($I30/1000)/(($L30)*2)*$L30*(0.7/($L30-1))))))))) | U30: =IF($L30="","",IF(OR(U$9<$M30,U$9>$N30),"",IF($K30=1,IF((U$9/$M30)=1,($I30/1000)/(($L30)*2)*$L30*1.3,IF((U$9/$M30)>1,($I30/1000)/(($L30)*2)*$L30*(0.7/($L30-1)))),IF($K30=2,($I30/1000)/$L30,IF($K30=3,IF((U$9/$N30)=1,($I30/1000)/(($L30)*2)*$L30*1.3,IF((U$9/$N30)<1,($I30/1000)/(($L30)*2)*$L30*(0.7/($L30-1))))))))) | V30: =IF($L30="","",IF(OR(V$9<$M30,V$9>$N30),"",IF($K30=1,IF((V$9/$M30)=1,($I30/1000)/(($L30)*2)*$L30*1.3,IF((V$9/$M30)>1,($I30/1000)/(($L30)*2)*$L30*(0.7/($L30-1)))),IF($K30=2,($I30/1000)/$L30,IF($K30=3,IF((V$9/$N30)=1,($I30/1000)/(($L30)*2)*$L30*1.3,IF((V$9/$N30)<1,($I30/1000)/(($L30)*2)*$L30*(0.7/($L30-1))))))))) | ... X30: =IF($L30="","",IF(OR(X$9<$M30,X$9>$N30),"",IF($K30=1,IF((X$9/$M30)=1,($I30/1000)/(($L30)*2)*$L30*1.3,IF((X$9/$M30)>1,($I30/1000)/(($L30)*2)*$L30*(0.7/($L30-1)))),IF($K30=2,($I30/1000)/$L30,IF($K30=3,IF((X$9/$N30)=1,($I30/1000)/(($L30)*2)*$L30*1.3,IF((X$9/$N30)<1,($I30/1000)/(($L30)*2)*$L30*(0.7/($L30-1)))))))))
B31: CONCRETO RESISTENCIA 21MPA (D) | C31: 630.4 | D31: =D30+0.1 -> 4.1 | E31: Suministro e instalacion de Bordillos de concreto de 3000 Psi, para confinamiento de calzada, dimensiones h=0.15, e=0.15 (Incluye refuerzo longitudinal y transversal, bordillo sobrepuesto en Placas de Pavimento Dilatados cada placa) | F31: m | G31: =ROUND(MC!C363,2) -> 5882.58 | H31: =+'4.1'!G42 -> 42675 | I31: =+G31*H31 -> 251039102 | K31: 1 | L31: 7 | M31: 3 | N31: =IF(L31="","",M31+L31-1) -> 9 | O31: =IF($L31="","",IF(OR(O$9<$M31,O$9>$N31),"",IF($K31=1,IF((O$9/$M31)=1,($I31/1000)/(($L31)*2)*$L31*1.3,IF((O$9/$M31)>1,($I31/1000)/(($L31)*2)*$L31*(0.7/($L31-1)))),IF($K31=2,($I31/1000)/$L31,IF($K31=3,IF((O$9/$N31)=1,($I31/1000)/(($L31)*2)*$L31*1.3,IF((O$9/$N31)<1,($I31/1000)/(($L31)*2)*$L31*(0.7/($L31-1))))))))) | P31: =IF($L31="","",IF(OR(P$9<$M31,P$9>$N31),"",IF($K31=1,IF((P$9/$M31)=1,($I31/1000)/(($L31)*2)*$L31*1.3,IF((P$9/$M31)>1,($I31/1000)/(($L31)*2)*$L31*(0.7/($L31-1)))),IF($K31=2,($I31/1000)/$L31,IF($K31=3,IF((P$9/$N31)=1,($I31/1000)/(($L31)*2)*$L31*1.3,IF((P$9/$N31)<1,($I31/1000)/(($L31)*2)*$L31*(0.7/($L31-1))))))))) | Q31: =IF($L31="","",IF(OR(Q$9<$M31,Q$9>$N31),"",IF($K31=1,IF((Q$9/$M31)=1,($I31/1000)/(($L31)*2)*$L31*1.3,IF((Q$9/$M31)>1,($I31/1000)/(($L31)*2)*$L31*(0.7/($L31-1)))),IF($K31=2,($I31/1000)/$L31,IF($K31=3,IF((Q$9/$N31)=1,($I31/1000)/(($L31)*2)*$L31*1.3,IF((Q$9/$N31)<1,($I31/1000)/(($L31)*2)*$L31*(0.7/($L31-1))))))))) -> 163175 | R31: =IF($L31="","",IF(OR(R$9<$M31,R$9>$N31),"",IF($K31=1,IF((R$9/$M31)=1,($I31/1000)/(($L31)*2)*$L31*1.3,IF((R$9/$M31)>1,($I31/1000)/(($L31)*2)*$L31*(0.7/($L31-1)))),IF($K31=2,($I31/1000)/$L31,IF($K31=3,IF((R$9/$N31)=1,($I31/1000)/(($L31)*2)*$L31*1.3,IF((R$9/$N31)<1,($I31/1000)/(($L31)*2)*$L31*(0.7/($L31-1))))))))) -> 14644 | S31: =IF($L31="","",IF(OR(S$9<$M31,S$9>$N31),"",IF($K31=1,IF((S$9/$M31)=1,($I31/1000)/(($L31)*2)*$L31*1.3,IF((S$9/$M31)>1,($I31/1000)/(($L31)*2)*$L31*(0.7/($L31-1)))),IF($K31=2,($I31/1000)/$L31,IF($K31=3,IF((S$9/$N31)=1,($I31/1000)/(($L31)*2)*$L31*1.3,IF((S$9/$N31)<1,($I31/1000)/(($L31)*2)*$L31*(0.7/($L31-1))))))))) -> 14644 | T31: =IF($L31="","",IF(OR(T$9<$M31,T$9>$N31),"",IF($K31=1,IF((T$9/$M31)=1,($I31/1000)/(($L31)*2)*$L31*1.3,IF((T$9/$M31)>1,($I31/1000)/(($L31)*2)*$L31*(0.7/($L31-1)))),IF($K31=2,($I31/1000)/$L31,IF($K31=3,IF((T$9/$N31)=1,($I31/1000)/(($L31)*2)*$L31*1.3,IF((T$9/$N31)<1,($I31/1000)/(($L31)*2)*$L31*(0.7/($L31-1))))))))) -> 14644 | U31: =IF($L31="","",IF(OR(U$9<$M31,U$9>$N31),"",IF($K31=1,IF((U$9/$M31)=1,($I31/1000)/(($L31)*2)*$L31*1.3,IF((U$9/$M31)>1,($I31/1000)/(($L31)*2)*$L31*(0.7/($L31-1)))),IF($K31=2,($I31/1000)/$L31,IF($K31=3,IF((U$9/$N31)=1,($I31/1000)/(($L31)*2)*$L31*1.3,IF((U$9/$N31)<1,($I31/1000)/(($L31)*2)*$L31*(0.7/($L31-1))))))))) -> 14644 | V31: =IF($L31="","",IF(OR(V$9<$M31,V$9>$N31),"",IF($K31=1,IF((V$9/$M31)=1,($I31/1000)/(($L31)*2)*$L31*1.3,IF((V$9/$M31)>1,($I31/1000)/(($L31)*2)*$L31*(0.7/($L31-1)))),IF($K31=2,($I31/1000)/$L31,IF($K31=3,IF((V$9/$N31)=1,($I31/1000)/(($L31)*2)*$L31*1.3,IF((V$9/$N31)<1,($I31/1000)/(($L31)*2)*$L31*(0.7/($L31-1))))))))) -> 14644 | ... X31: =IF($L31="","",IF(OR(X$9<$M31,X$9>$N31),"",IF($K31=1,IF((X$9/$M31)=1,($I31/1000)/(($L31)*2)*$L31*1.3,IF((X$9/$M31)>1,($I31/1000)/(($L31)*2)*$L31*(0.7/($L31-1)))),IF($K31=2,($I31/1000)/$L31,IF($K31=3,IF((X$9/$N31)=1,($I31/1000)/(($L31)*2)*$L31*1.3,IF((X$9/$N31)<1,($I31/1000)/(($L31)*2)*$L31*(0.7/($L31-1)))))))))
B32: CUNETA DE CONCRETO VACIADA IN SITU; INCLUYE LA CONFORMACION DE LA SUPERFICIE DE APOYO | C32: 671.3 | D32: =D31+0.1 -> 4.2 | E32: Suministro e instalacion de Concreto Estampado y Pigmentado para Zonas Peatonales en perimetrales de la via en concreto de 3000 Psi. | F32: m2 | G32: =ROUND(MC!C369,2) -> 2519.53 | H32: ='4.2'!G42 -> 106007 | I32: =+G32*H32 -> 267087817 | K32: 1 | L32: 7 | M32: 4 | N32: =IF(L32="","",M32+L32-1) -> 10 | O32: =IF($L32="","",IF(OR(O$9<$M32,O$9>$N32),"",IF($K32=1,IF((O$9/$M32)=1,($I32/1000)/(($L32)*2)*$L32*1.3,IF((O$9/$M32)>1,($I32/1000)/(($L32)*2)*$L32*(0.7/($L32-1)))),IF($K32=2,($I32/1000)/$L32,IF($K32=3,IF((O$9/$N32)=1,($I32/1000)/(($L32)*2)*$L32*1.3,IF((O$9/$N32)<1,($I32/1000)/(($L32)*2)*$L32*(0.7/($L32-1))))))))) | P32: =IF($L32="","",IF(OR(P$9<$M32,P$9>$N32),"",IF($K32=1,IF((P$9/$M32)=1,($I32/1000)/(($L32)*2)*$L32*1.3,IF((P$9/$M32)>1,($I32/1000)/(($L32)*2)*$L32*(0.7/($L32-1)))),IF($K32=2,($I32/1000)/$L32,IF($K32=3,IF((P$9/$N32)=1,($I32/1000)/(($L32)*2)*$L32*1.3,IF((P$9/$N32)<1,($I32/1000)/(($L32)*2)*$L32*(0.7/($L32-1))))))))) | Q32: =IF($L32="","",IF(OR(Q$9<$M32,Q$9>$N32),"",IF($K32=1,IF((Q$9/$M32)=1,($I32/1000)/(($L32)*2)*$L32*1.3,IF((Q$9/$M32)>1,($I32/1000)/(($L32)*2)*$L32*(0.7/($L32-1)))),IF($K32=2,($I32/1000)/$L32,IF($K32=3,IF((Q$9/$N32)=1,($I32/1000)/(($L32)*2)*$L32*1.3,IF((Q$9/$N32)<1,($I32/1000)/(($L32)*2)*$L32*(0.7/($L32-1))))))))) | R32: =IF($L32="","",IF(OR(R$9<$M32,R$9>$N32),"",IF($K32=1,IF((R$9/$M32)=1,($I32/1000)/(($L32)*2)*$L32*1.3,IF((R$9/$M32)>1,($I32/1000)/(($L32)*2)*$L32*(0.7/($L32-1)))),IF($K32=2,($I32/1000)/$L32,IF($K32=3,IF((R$9/$N32)=1,($I32/1000)/(($L32)*2)*$L32*1.3,IF((R$9/$N32)<1,($I32/1000)/(($L32)*2)*$L32*(0.7/($L32-1))))))))) -> 173607 | S32: =IF($L32="","",IF(OR(S$9<$M32,S$9>$N32),"",IF($K32=1,IF((S$9/$M32)=1,($I32/1000)/(($L32)*2)*$L32*1.3,IF((S$9/$M32)>1,($I32/1000)/(($L32)*2)*$L32*(0.7/($L32-1)))),IF($K32=2,($I32/1000)/$L32,IF($K32=3,IF((S$9/$N32)=1,($I32/1000)/(($L32)*2)*$L32*1.3,IF((S$9/$N32)<1,($I32/1000)/(($L32)*2)*$L32*(0.7/($L32-1))))))))) -> 15580 | T32: =IF($L32="","",IF(OR(T$9<$M32,T$9>$N32),"",IF($K32=1,IF((T$9/$M32)=1,($I32/1000)/(($L32)*2)*$L32*1.3,IF((T$9/$M32)>1,($I32/1000)/(($L32)*2)*$L32*(0.7/($L32-1)))),IF($K32=2,($I32/1000)/$L32,IF($K32=3,IF((T$9/$N32)=1,($I32/1000)/(($L32)*2)*$L32*1.3,IF((T$9/$N32)<1,($I32/1000)/(($L32)*2)*$L32*(0.7/($L32-1))))))))) -> 15580 | U32: =IF($L32="","",IF(OR(U$9<$M32,U$9>$N32),"",IF($K32=1,IF((U$9/$M32)=1,($I32/1000)/(($L32)*2)*$L32*1.3,IF((U$9/$M32)>1,($I32/1000)/(($L32)*2)*$L32*(0.7/($L32-1)))),IF($K32=2,($I32/1000)/$L32,IF($K32=3,IF((U$9/$N32)=1,($I32/1000)/(($L32)*2)*$L32*1.3,IF((U$9/$N32)<1,($I32/1000)/(($L32)*2)*$L32*(0.7/($L32-1))))))))) -> 15580 | V32: =IF($L32="","",IF(OR(V$9<$M32,V$9>$N32),"",IF($K32=1,IF((V$9/$M32)=1,($I32/1000)/(($L32)*2)*$L32*1.3,IF((V$9/$M32)>1,($I32/1000)/(($L32)*2)*$L32*(0.7/($L32-1)))),IF($K32=2,($I32/1000)/$L32,IF($K32=3,IF((V$9/$N32)=1,($I32/1000)/(($L32)*2)*$L32*1.3,IF((V$9/$N32)<1,($I32/1000)/(($L32)*2)*$L32*(0.7/($L32-1))))))))) -> 15580 | ... X32: =IF($L32="","",IF(OR(X$9<$M32,X$9>$N32),"",IF($K32=1,IF((X$9/$M32)=1,($I32/1000)/(($L32)*2)*$L32*1.3,IF((X$9/$M32)>1,($I32/1000)/(($L32)*2)*$L32*(0.7/($L32-1)))),IF($K32=2,($I32/1000)/$L32,IF($K32=3,IF((X$9/$N32)=1,($I32/1000)/(($L32)*2)*$L32*1.3,IF((X$9/$N32)<1,($I32/1000)/(($L32)*2)*$L32*(0.7/($L32-1))))))))) -> 15580
A33: CONCRETO 21MPA | B33: CONCRETO RESISTENCIA 21MPA (D) | C33: 630.4 | D33: =D32+0.1 -> 4.3 | E33: Construccion de Carcamos para obras de paso hidraulico en concreto de 3000 PSI (Incluye tapas de conceto con escotillas para limpieza). | F33: m | G33: =MC!C374 -> 98 | H33: ='4.3'!G42 -> 340505 | I33: =+G33*H33 -> 33369490 | K33: 2 | L33: 5 | M33: 1 | N33: =IF(L33="","",M33+L33-1) -> 5 | O33: =IF($L33="","",IF(OR(O$9<$M33,O$9>$N33),"",IF($K33=1,IF((O$9/$M33)=1,($I33/1000)/(($L33)*2)*$L33*1.3,IF((O$9/$M33)>1,($I33/1000)/(($L33)*2)*$L33*(0.7/($L33-1)))),IF($K33=2,($I33/1000)/$L33,IF($K33=3,IF((O$9/$N33)=1,($I33/1000)/(($L33)*2)*$L33*1.3,IF((O$9/$N33)<1,($I33/1000)/(($L33)*2)*$L33*(0.7/($L33-1))))))))) -> 6674 | P33: =IF($L33="","",IF(OR(P$9<$M33,P$9>$N33),"",IF($K33=1,IF((P$9/$M33)=1,($I33/1000)/(($L33)*2)*$L33*1.3,IF((P$9/$M33)>1,($I33/1000)/(($L33)*2)*$L33*(0.7/($L33-1)))),IF($K33=2,($I33/1000)/$L33,IF($K33=3,IF((P$9/$N33)=1,($I33/1000)/(($L33)*2)*$L33*1.3,IF((P$9/$N33)<1,($I33/1000)/(($L33)*2)*$L33*(0.7/($L33-1))))))))) -> 6674 | Q33: =IF($L33="","",IF(OR(Q$9<$M33,Q$9>$N33),"",IF($K33=1,IF((Q$9/$M33)=1,($I33/1000)/(($L33)*2)*$L33*1.3,IF((Q$9/$M33)>1,($I33/1000)/(($L33)*2)*$L33*(0.7/($L33-1)))),IF($K33=2,($I33/1000)/$L33,IF($K33=3,IF((Q$9/$N33)=1,($I33/1000)/(($L33)*2)*$L33*1.3,IF((Q$9/$N33)<1,($I33/1000)/(($L33)*2)*$L33*(0.7/($L33-1))))))))) -> 6674 | R33: =IF($L33="","",IF(OR(R$9<$M33,R$9>$N33),"",IF($K33=1,IF((R$9/$M33)=1,($I33/1000)/(($L33)*2)*$L33*1.3,IF((R$9/$M33)>1,($I33/1000)/(($L33)*2)*$L33*(0.7/($L33-1)))),IF($K33=2,($I33/1000)/$L33,IF($K33=3,IF((R$9/$N33)=1,($I33/1000)/(($L33)*2)*$L33*1.3,IF((R$9/$N33)<1,($I33/1000)/(($L33)*2)*$L33*(0.7/($L33-1))))))))) -> 6674 | S33: =IF($L33="","",IF(OR(S$9<$M33,S$9>$N33),"",IF($K33=1,IF((S$9/$M33)=1,($I33/1000)/(($L33)*2)*$L33*1.3,IF((S$9/$M33)>1,($I33/1000)/(($L33)*2)*$L33*(0.7/($L33-1)))),IF($K33=2,($I33/1000)/$L33,IF($K33=3,IF((S$9/$N33)=1,($I33/1000)/(($L33)*2)*$L33*1.3,IF((S$9/$N33)<1,($I33/1000)/(($L33)*2)*$L33*(0.7/($L33-1))))))))) -> 6674 | T33: =IF($L33="","",IF(OR(T$9<$M33,T$9>$N33),"",IF($K33=1,IF((T$9/$M33)=1,($I33/1000)/(($L33)*2)*$L33*1.3,IF((T$9/$M33)>1,($I33/1000)/(($L33)*2)*$L33*(0.7/($L33-1)))),IF($K33=2,($I33/1000)/$L33,IF($K33=3,IF((T$9/$N33)=1,($I33/1000)/(($L33)*2)*$L33*1.3,IF((T$9/$N33)<1,($I33/1000)/(($L33)*2)*$L33*(0.7/($L33-1))))))))) | U33: =IF($L33="","",IF(OR(U$9<$M33,U$9>$N33),"",IF($K33=1,IF((U$9/$M33)=1,($I33/1000)/(($L33)*2)*$L33*1.3,IF((U$9/$M33)>1,($I33/1000)/(($L33)*2)*$L33*(0.7/($L33-1)))),IF($K33=2,($I33/1000)/$L33,IF($K33=3,IF((U$9/$N33)=1,($I33/1000)/(($L33)*2)*$L33*1.3,IF((U$9/$N33)<1,($I33/1000)/(($L33)*2)*$L33*(0.7/($L33-1))))))))) | V33: =IF($L33="","",IF(OR(V$9<$M33,V$9>$N33),"",IF($K33=1,IF((V$9/$M33)=1,($I33/1000)/(($L33)*2)*$L33*1.3,IF((V$9/$M33)>1,($I33/1000)/(($L33)*2)*$L33*(0.7/($L33-1)))),IF($K33=2,($I33/1000)/$L33,IF($K33=3,IF((V$9/$N33)=1,($I33/1000)/(($L33)*2)*$L33*1.3,IF((V$9/$N33)<1,($I33/1000)/(($L33)*2)*$L33*(0.7/($L33-1))))))))) | ... X33: =IF($L33="","",IF(OR(X$9<$M33,X$9>$N33),"",IF($K33=1,IF((X$9/$M33)=1,($I33/1000)/(($L33)*2)*$L33*1.3,IF((X$9/$M33)>1,($I33/1000)/(($L33)*2)*$L33*(0.7/($L33-1)))),IF($K33=2,($I33/1000)/$L33,IF($K33=3,IF((X$9/$N33)=1,($I33/1000)/(($L33)*2)*$L33*1.3,IF((X$9/$N33)<1,($I33/1000)/(($L33)*2)*$L33*(0.7/($L33-1)))))))))
A34: ESTA EN M3 INV | B34: CONCRETO RESISTENCIA 21MPA (D) | C34: 630.4 | D34: =D33+0.1 -> 4.4 | E34: Suministro e instalacion de Bordillos de concreto de 3000 Psi, para Separadores centrales de calzada, dimensiones h=0.25, e=0.15 (Incluye refuerzo longitudinal y transversal, bordillo sobrepuesto en Placas de Pavimento Dilatados cada placa) | F34: m3 | G34: =ROUND(MC!C379,2) -> 1112.66 | H34: =+'4.4'!G42 -> 55698 | I34: =+G34*H34 -> 61972937 | K34: 2 | L34: 2 | M34: 1 | N34: =IF(L34="","",M34+L34-1) -> 2 | O34: =IF($L34="","",IF(OR(O$9<$M34,O$9>$N34),"",IF($K34=1,IF((O$9/$M34)=1,($I34/1000)/(($L34)*2)*$L34*1.3,IF((O$9/$M34)>1,($I34/1000)/(($L34)*2)*$L34*(0.7/($L34-1)))),IF($K34=2,($I34/1000)/$L34,IF($K34=3,IF((O$9/$N34)=1,($I34/1000)/(($L34)*2)*$L34*1.3,IF((O$9/$N34)<1,($I34/1000)/(($L34)*2)*$L34*(0.7/($L34-1))))))))) -> 30986 | P34: =IF($L34="","",IF(OR(P$9<$M34,P$9>$N34),"",IF($K34=1,IF((P$9/$M34)=1,($I34/1000)/(($L34)*2)*$L34*1.3,IF((P$9/$M34)>1,($I34/1000)/(($L34)*2)*$L34*(0.7/($L34-1)))),IF($K34=2,($I34/1000)/$L34,IF($K34=3,IF((P$9/$N34)=1,($I34/1000)/(($L34)*2)*$L34*1.3,IF((P$9/$N34)<1,($I34/1000)/(($L34)*2)*$L34*(0.7/($L34-1))))))))) -> 30986 | Q34: =IF($L34="","",IF(OR(Q$9<$M34,Q$9>$N34),"",IF($K34=1,IF((Q$9/$M34)=1,($I34/1000)/(($L34)*2)*$L34*1.3,IF((Q$9/$M34)>1,($I34/1000)/(($L34)*2)*$L34*(0.7/($L34-1)))),IF($K34=2,($I34/1000)/$L34,IF($K34=3,IF((Q$9/$N34)=1,($I34/1000)/(($L34)*2)*$L34*1.3,IF((Q$9/$N34)<1,($I34/1000)/(($L34)*2)*$L34*(0.7/($L34-1))))))))) | R34: =IF($L34="","",IF(OR(R$9<$M34,R$9>$N34),"",IF($K34=1,IF((R$9/$M34)=1,($I34/1000)/(($L34)*2)*$L34*1.3,IF((R$9/$M34)>1,($I34/1000)/(($L34)*2)*$L34*(0.7/($L34-1)))),IF($K34=2,($I34/1000)/$L34,IF($K34=3,IF((R$9/$N34)=1,($I34/1000)/(($L34)*2)*$L34*1.3,IF((R$9/$N34)<1,($I34/1000)/(($L34)*2)*$L34*(0.7/($L34-1))))))))) | S34: =IF($L34="","",IF(OR(S$9<$M34,S$9>$N34),"",IF($K34=1,IF((S$9/$M34)=1,($I34/1000)/(($L34)*2)*$L34*1.3,IF((S$9/$M34)>1,($I34/1000)/(($L34)*2)*$L34*(0.7/($L34-1)))),IF($K34=2,($I34/1000)/$L34,IF($K34=3,IF((S$9/$N34)=1,($I34/1000)/(($L34)*2)*$L34*1.3,IF((S$9/$N34)<1,($I34/1000)/(($L34)*2)*$L34*(0.7/($L34-1))))))))) | T34: =IF($L34="","",IF(OR(T$9<$M34,T$9>$N34),"",IF($K34=1,IF((T$9/$M34)=1,($I34/1000)/(($L34)*2)*$L34*1.3,IF((T$9/$M34)>1,($I34/1000)/(($L34)*2)*$L34*(0.7/($L34-1)))),IF($K34=2,($I34/1000)/$L34,IF($K34=3,IF((T$9/$N34)=1,($I34/1000)/(($L34)*2)*$L34*1.3,IF((T$9/$N34)<1,($I34/1000)/(($L34)*2)*$L34*(0.7/($L34-1))))))))) | U34: =IF($L34="","",IF(OR(U$9<$M34,U$9>$N34),"",IF($K34=1,IF((U$9/$M34)=1,($I34/1000)/(($L34)*2)*$L34*1.3,IF((U$9/$M34)>1,($I34/1000)/(($L34)*2)*$L34*(0.7/($L34-1)))),IF($K34=2,($I34/1000)/$L34,IF($K34=3,IF((U$9/$N34)=1,($I34/1000)/(($L34)*2)*$L34*1.3,IF((U$9/$N34)<1,($I34/1000)/(($L34)*2)*$L34*(0.7/($L34-1))))))))) | V34: =IF($L34="","",IF(OR(V$9<$M34,V$9>$N34),"",IF($K34=1,IF((V$9/$M34)=1,($I34/1000)/(($L34)*2)*$L34*1.3,IF((V$9/$M34)>1,($I34/1000)/(($L34)*2)*$L34*(0.7/($L34-1)))),IF($K34=2,($I34/1000)/$L34,IF($K34=3,IF((V$9/$N34)=1,($I34/1000)/(($L34)*2)*$L34*1.3,IF((V$9/$N34)<1,($I34/1000)/(($L34)*2)*$L34*(0.7/($L34-1))))))))) | ... X34: =IF($L34="","",IF(OR(X$9<$M34,X$9>$N34),"",IF($K34=1,IF((X$9/$M34)=1,($I34/1000)/(($L34)*2)*$L34*1.3,IF((X$9/$M34)>1,($I34/1000)/(($L34)*2)*$L34*(0.7/($L34-1)))),IF($K34=2,($I34/1000)/$L34,IF($K34=3,IF((X$9/$N34)=1,($I34/1000)/(($L34)*2)*$L34*1.3,IF((X$9/$N34)<1,($I34/1000)/(($L34)*2)*$L34*(0.7/($L34-1)))))))))
A35: CONCRETO 21MPA | B35: CONCRETO RESISTENCIA 21MPA (D) | C35: 630.4 | D35: =D34+0.1 -> 4.5 | E35: Concreto de 4000 psi para resalto vehicular, con protuberancia de 10 cm y longitud a lo largo de la vía de 3,70 mt. (incluye refuerzo) | F35: m | G35: =MC!C389 -> 61.5 | H35: =+'4.5'!G42 -> 639150 | I35: =+G35*H35 -> 39307725 | K35: 2 | L35: 2 | M35: 9 | N35: =IF(L35="","",M35+L35-1) -> 10 | O35: =IF($L35="","",IF(OR(O$9<$M35,O$9>$N35),"",IF($K35=1,IF((O$9/$M35)=1,($I35/1000)/(($L35)*2)*$L35*1.3,IF((O$9/$M35)>1,($I35/1000)/(($L35)*2)*$L35*(0.7/($L35-1)))),IF($K35=2,($I35/1000)/$L35,IF($K35=3,IF((O$9/$N35)=1,($I35/1000)/(($L35)*2)*$L35*1.3,IF((O$9/$N35)<1,($I35/1000)/(($L35)*2)*$L35*(0.7/($L35-1))))))))) | P35: =IF($L35="","",IF(OR(P$9<$M35,P$9>$N35),"",IF($K35=1,IF((P$9/$M35)=1,($I35/1000)/(($L35)*2)*$L35*1.3,IF((P$9/$M35)>1,($I35/1000)/(($L35)*2)*$L35*(0.7/($L35-1)))),IF($K35=2,($I35/1000)/$L35,IF($K35=3,IF((P$9/$N35)=1,($I35/1000)/(($L35)*2)*$L35*1.3,IF((P$9/$N35)<1,($I35/1000)/(($L35)*2)*$L35*(0.7/($L35-1))))))))) | Q35: =IF($L35="","",IF(OR(Q$9<$M35,Q$9>$N35),"",IF($K35=1,IF((Q$9/$M35)=1,($I35/1000)/(($L35)*2)*$L35*1.3,IF((Q$9/$M35)>1,($I35/1000)/(($L35)*2)*$L35*(0.7/($L35-1)))),IF($K35=2,($I35/1000)/$L35,IF($K35=3,IF((Q$9/$N35)=1,($I35/1000)/(($L35)*2)*$L35*1.3,IF((Q$9/$N35)<1,($I35/1000)/(($L35)*2)*$L35*(0.7/($L35-1))))))))) | R35: =IF($L35="","",IF(OR(R$9<$M35,R$9>$N35),"",IF($K35=1,IF((R$9/$M35)=1,($I35/1000)/(($L35)*2)*$L35*1.3,IF((R$9/$M35)>1,($I35/1000)/(($L35)*2)*$L35*(0.7/($L35-1)))),IF($K35=2,($I35/1000)/$L35,IF($K35=3,IF((R$9/$N35)=1,($I35/1000)/(($L35)*2)*$L35*1.3,IF((R$9/$N35)<1,($I35/1000)/(($L35)*2)*$L35*(0.7/($L35-1))))))))) | S35: =IF($L35="","",IF(OR(S$9<$M35,S$9>$N35),"",IF($K35=1,IF((S$9/$M35)=1,($I35/1000)/(($L35)*2)*$L35*1.3,IF((S$9/$M35)>1,($I35/1000)/(($L35)*2)*$L35*(0.7/($L35-1)))),IF($K35=2,($I35/1000)/$L35,IF($K35=3,IF((S$9/$N35)=1,($I35/1000)/(($L35)*2)*$L35*1.3,IF((S$9/$N35)<1,($I35/1000)/(($L35)*2)*$L35*(0.7/($L35-1))))))))) | T35: =IF($L35="","",IF(OR(T$9<$M35,T$9>$N35),"",IF($K35=1,IF((T$9/$M35)=1,($I35/1000)/(($L35)*2)*$L35*1.3,IF((T$9/$M35)>1,($I35/1000)/(($L35)*2)*$L35*(0.7/($L35-1)))),IF($K35=2,($I35/1000)/$L35,IF($K35=3,IF((T$9/$N35)=1,($I35/1000)/(($L35)*2)*$L35*1.3,IF((T$9/$N35)<1,($I35/1000)/(($L35)*2)*$L35*(0.7/($L35-1))))))))) | U35: =IF($L35="","",IF(OR(U$9<$M35,U$9>$N35),"",IF($K35=1,IF((U$9/$M35)=1,($I35/1000)/(($L35)*2)*$L35*1.3,IF((U$9/$M35)>1,($I35/1000)/(($L35)*2)*$L35*(0.7/($L35-1)))),IF($K35=2,($I35/1000)/$L35,IF($K35=3,IF((U$9/$N35)=1,($I35/1000)/(($L35)*2)*$L35*1.3,IF((U$9/$N35)<1,($I35/1000)/(($L35)*2)*$L35*(0.7/($L35-1))))))))) | V35: =IF($L35="","",IF(OR(V$9<$M35,V$9>$N35),"",IF($K35=1,IF((V$9/$M35)=1,($I35/1000)/(($L35)*2)*$L35*1.3,IF((V$9/$M35)>1,($I35/1000)/(($L35)*2)*$L35*(0.7/($L35-1)))),IF($K35=2,($I35/1000)/$L35,IF($K35=3,IF((V$9/$N35)=1,($I35/1000)/(($L35)*2)*$L35*1.3,IF((V$9/$N35)<1,($I35/1000)/(($L35)*2)*$L35*(0.7/($L35-1))))))))) | ... X35: =IF($L35="","",IF(OR(X$9<$M35,X$9>$N35),"",IF($K35=1,IF((X$9/$M35)=1,($I35/1000)/(($L35)*2)*$L35*1.3,IF((X$9/$M35)>1,($I35/1000)/(($L35)*2)*$L35*(0.7/($L35-1)))),IF($K35=2,($I35/1000)/$L35,IF($K35=3,IF((X$9/$N35)=1,($I35/1000)/(($L35)*2)*$L35*1.3,IF((X$9/$N35)<1,($I35/1000)/(($L35)*2)*$L35*(0.7/($L35-1))))))))) -> 19654
D36: =D35+0.1 -> 4.6 | E36: Anden en concreto de 3000 psi e=0.15 mts (incluye malla electrosoldada) Incluye linea de Losetas tipo Braille y rampas de acceso de Movilidad reducida. | F36: m2 | G36: =MC!C395 -> 7074.91 | H36: ='4.6'!G42 -> 93595 | I36: =+G36*H36 -> 662176201 | K36: 2 | L36: 3 | M36: 4 | N36: =IF(L36="","",M36+L36-1) -> 6 | O36: =IF($L36="","",IF(OR(O$9<$M36,O$9>$N36),"",IF($K36=1,IF((O$9/$M36)=1,($I36/1000)/(($L36)*2)*$L36*1.3,IF((O$9/$M36)>1,($I36/1000)/(($L36)*2)*$L36*(0.7/($L36-1)))),IF($K36=2,($I36/1000)/$L36,IF($K36=3,IF((O$9/$N36)=1,($I36/1000)/(($L36)*2)*$L36*1.3,IF((O$9/$N36)<1,($I36/1000)/(($L36)*2)*$L36*(0.7/($L36-1))))))))) | P36: =IF($L36="","",IF(OR(P$9<$M36,P$9>$N36),"",IF($K36=1,IF((P$9/$M36)=1,($I36/1000)/(($L36)*2)*$L36*1.3,IF((P$9/$M36)>1,($I36/1000)/(($L36)*2)*$L36*(0.7/($L36-1)))),IF($K36=2,($I36/1000)/$L36,IF($K36=3,IF((P$9/$N36)=1,($I36/1000)/(($L36)*2)*$L36*1.3,IF((P$9/$N36)<1,($I36/1000)/(($L36)*2)*$L36*(0.7/($L36-1))))))))) | Q36: =IF($L36="","",IF(OR(Q$9<$M36,Q$9>$N36),"",IF($K36=1,IF((Q$9/$M36)=1,($I36/1000)/(($L36)*2)*$L36*1.3,IF((Q$9/$M36)>1,($I36/1000)/(($L36)*2)*$L36*(0.7/($L36-1)))),IF($K36=2,($I36/1000)/$L36,IF($K36=3,IF((Q$9/$N36)=1,($I36/1000)/(($L36)*2)*$L36*1.3,IF((Q$9/$N36)<1,($I36/1000)/(($L36)*2)*$L36*(0.7/($L36-1))))))))) | R36: =IF($L36="","",IF(OR(R$9<$M36,R$9>$N36),"",IF($K36=1,IF((R$9/$M36)=1,($I36/1000)/(($L36)*2)*$L36*1.3,IF((R$9/$M36)>1,($I36/1000)/(($L36)*2)*$L36*(0.7/($L36-1)))),IF($K36=2,($I36/1000)/$L36,IF($K36=3,IF((R$9/$N36)=1,($I36/1000)/(($L36)*2)*$L36*1.3,IF((R$9/$N36)<1,($I36/1000)/(($L36)*2)*$L36*(0.7/($L36-1))))))))) -> 220725 | S36: =IF($L36="","",IF(OR(S$9<$M36,S$9>$N36),"",IF($K36=1,IF((S$9/$M36)=1,($I36/1000)/(($L36)*2)*$L36*1.3,IF((S$9/$M36)>1,($I36/1000)/(($L36)*2)*$L36*(0.7/($L36-1)))),IF($K36=2,($I36/1000)/$L36,IF($K36=3,IF((S$9/$N36)=1,($I36/1000)/(($L36)*2)*$L36*1.3,IF((S$9/$N36)<1,($I36/1000)/(($L36)*2)*$L36*(0.7/($L36-1))))))))) -> 220725 | T36: =IF($L36="","",IF(OR(T$9<$M36,T$9>$N36),"",IF($K36=1,IF((T$9/$M36)=1,($I36/1000)/(($L36)*2)*$L36*1.3,IF((T$9/$M36)>1,($I36/1000)/(($L36)*2)*$L36*(0.7/($L36-1)))),IF($K36=2,($I36/1000)/$L36,IF($K36=3,IF((T$9/$N36)=1,($I36/1000)/(($L36)*2)*$L36*1.3,IF((T$9/$N36)<1,($I36/1000)/(($L36)*2)*$L36*(0.7/($L36-1))))))))) -> 220725 | U36: =IF($L36="","",IF(OR(U$9<$M36,U$9>$N36),"",IF($K36=1,IF((U$9/$M36)=1,($I36/1000)/(($L36)*2)*$L36*1.3,IF((U$9/$M36)>1,($I36/1000)/(($L36)*2)*$L36*(0.7/($L36-1)))),IF($K36=2,($I36/1000)/$L36,IF($K36=3,IF((U$9/$N36)=1,($I36/1000)/(($L36)*2)*$L36*1.3,IF((U$9/$N36)<1,($I36/1000)/(($L36)*2)*$L36*(0.7/($L36-1))))))))) | V36: =IF($L36="","",IF(OR(V$9<$M36,V$9>$N36),"",IF($K36=1,IF((V$9/$M36)=1,($I36/1000)/(($L36)*2)*$L36*1.3,IF((V$9/$M36)>1,($I36/1000)/(($L36)*2)*$L36*(0.7/($L36-1)))),IF($K36=2,($I36/1000)/$L36,IF($K36=3,IF((V$9/$N36)=1,($I36/1000)/(($L36)*2)*$L36*1.3,IF((V$9/$N36)<1,($I36/1000)/(($L36)*2)*$L36*(0.7/($L36-1))))))))) | ... X36: =IF($L36="","",IF(OR(X$9<$M36,X$9>$N36),"",IF($K36=1,IF((X$9/$M36)=1,($I36/1000)/(($L36)*2)*$L36*1.3,IF((X$9/$M36)>1,($I36/1000)/(($L36)*2)*$L36*(0.7/($L36-1)))),IF($K36=2,($I36/1000)/$L36,IF($K36=3,IF((X$9/$N36)=1,($I36/1000)/(($L36)*2)*$L36*1.3,IF((X$9/$N36)<1,($I36/1000)/(($L36)*2)*$L36*(0.7/($L36-1)))))))))
D37: =D36+0.1 -> 4.7 | E37: Concreto (3000 PSI) para atraque de accesorios de 2" hasta 10" con sikaset L y plastocrete DM | F37: UND | G37: =SUM(MC!C71:C76,MC!C78:C81,MC!C84:C87,) -> 632 | H37: ='4.7'!G42 -> 86134 | I37: =+G37*H37 -> 54436688 | K37: 2 | L37: 3 | M37: 4 | N37: =IF(L37="","",M37+L37-1) -> 6 | O37: =IF($L37="","",IF(OR(O$9<$M37,O$9>$N37),"",IF($K37=1,IF((O$9/$M37)=1,($I37/1000)/(($L37)*2)*$L37*1.3,IF((O$9/$M37)>1,($I37/1000)/(($L37)*2)*$L37*(0.7/($L37-1)))),IF($K37=2,($I37/1000)/$L37,IF($K37=3,IF((O$9/$N37)=1,($I37/1000)/(($L37)*2)*$L37*1.3,IF((O$9/$N37)<1,($I37/1000)/(($L37)*2)*$L37*(0.7/($L37-1))))))))) | P37: =IF($L37="","",IF(OR(P$9<$M37,P$9>$N37),"",IF($K37=1,IF((P$9/$M37)=1,($I37/1000)/(($L37)*2)*$L37*1.3,IF((P$9/$M37)>1,($I37/1000)/(($L37)*2)*$L37*(0.7/($L37-1)))),IF($K37=2,($I37/1000)/$L37,IF($K37=3,IF((P$9/$N37)=1,($I37/1000)/(($L37)*2)*$L37*1.3,IF((P$9/$N37)<1,($I37/1000)/(($L37)*2)*$L37*(0.7/($L37-1))))))))) | Q37: =IF($L37="","",IF(OR(Q$9<$M37,Q$9>$N37),"",IF($K37=1,IF((Q$9/$M37)=1,($I37/1000)/(($L37)*2)*$L37*1.3,IF((Q$9/$M37)>1,($I37/1000)/(($L37)*2)*$L37*(0.7/($L37-1)))),IF($K37=2,($I37/1000)/$L37,IF($K37=3,IF((Q$9/$N37)=1,($I37/1000)/(($L37)*2)*$L37*1.3,IF((Q$9/$N37)<1,($I37/1000)/(($L37)*2)*$L37*(0.7/($L37-1))))))))) | R37: =IF($L37="","",IF(OR(R$9<$M37,R$9>$N37),"",IF($K37=1,IF((R$9/$M37)=1,($I37/1000)/(($L37)*2)*$L37*1.3,IF((R$9/$M37)>1,($I37/1000)/(($L37)*2)*$L37*(0.7/($L37-1)))),IF($K37=2,($I37/1000)/$L37,IF($K37=3,IF((R$9/$N37)=1,($I37/1000)/(($L37)*2)*$L37*1.3,IF((R$9/$N37)<1,($I37/1000)/(($L37)*2)*$L37*(0.7/($L37-1))))))))) -> 18146 | S37: =IF($L37="","",IF(OR(S$9<$M37,S$9>$N37),"",IF($K37=1,IF((S$9/$M37)=1,($I37/1000)/(($L37)*2)*$L37*1.3,IF((S$9/$M37)>1,($I37/1000)/(($L37)*2)*$L37*(0.7/($L37-1)))),IF($K37=2,($I37/1000)/$L37,IF($K37=3,IF((S$9/$N37)=1,($I37/1000)/(($L37)*2)*$L37*1.3,IF((S$9/$N37)<1,($I37/1000)/(($L37)*2)*$L37*(0.7/($L37-1))))))))) -> 18146 | T37: =IF($L37="","",IF(OR(T$9<$M37,T$9>$N37),"",IF($K37=1,IF((T$9/$M37)=1,($I37/1000)/(($L37)*2)*$L37*1.3,IF((T$9/$M37)>1,($I37/1000)/(($L37)*2)*$L37*(0.7/($L37-1)))),IF($K37=2,($I37/1000)/$L37,IF($K37=3,IF((T$9/$N37)=1,($I37/1000)/(($L37)*2)*$L37*1.3,IF((T$9/$N37)<1,($I37/1000)/(($L37)*2)*$L37*(0.7/($L37-1))))))))) -> 18146 | U37: =IF($L37="","",IF(OR(U$9<$M37,U$9>$N37),"",IF($K37=1,IF((U$9/$M37)=1,($I37/1000)/(($L37)*2)*$L37*1.3,IF((U$9/$M37)>1,($I37/1000)/(($L37)*2)*$L37*(0.7/($L37-1)))),IF($K37=2,($I37/1000)/$L37,IF($K37=3,IF((U$9/$N37)=1,($I37/1000)/(($L37)*2)*$L37*1.3,IF((U$9/$N37)<1,($I37/1000)/(($L37)*2)*$L37*(0.7/($L37-1))))))))) | V37: =IF($L37="","",IF(OR(V$9<$M37,V$9>$N37),"",IF($K37=1,IF((V$9/$M37)=1,($I37/1000)/(($L37)*2)*$L37*1.3,IF((V$9/$M37)>1,($I37/1000)/(($L37)*2)*$L37*(0.7/($L37-1)))),IF($K37=2,($I37/1000)/$L37,IF($K37=3,IF((V$9/$N37)=1,($I37/1000)/(($L37)*2)*$L37*1.3,IF((V$9/$N37)<1,($I37/1000)/(($L37)*2)*$L37*(0.7/($L37-1))))))))) | ... X37: =IF($L37="","",IF(OR(X$9<$M37,X$9>$N37),"",IF($K37=1,IF((X$9/$M37)=1,($I37/1000)/(($L37)*2)*$L37*1.3,IF((X$9/$M37)>1,($I37/1000)/(($L37)*2)*$L37*(0.7/($L37-1)))),IF($K37=2,($I37/1000)/$L37,IF($K37=3,IF((X$9/$N37)=1,($I37/1000)/(($L37)*2)*$L37*1.3,IF((X$9/$N37)<1,($I37/1000)/(($L37)*2)*$L37*(0.7/($L37-1)))))))))
D38: =D37+0.1 -> 4.8 | E38: Concreto (3000 PSI) para atraque de accesorios de 10" hasta 20" con sikaset L y plastocrete DM | F38: UND | G38: =MC!C82+MC!C88 -> 62 | H38: ='4.8'!G42 -> 204742 | I38: =+G38*H38 -> 12694004 | K38: 2 | L38: 3 | M38: 4 | N38: =IF(L38="","",M38+L38-1) -> 6 | O38: =IF($L38="","",IF(OR(O$9<$M38,O$9>$N38),"",IF($K38=1,IF((O$9/$M38)=1,($I38/1000)/(($L38)*2)*$L38*1.3,IF((O$9/$M38)>1,($I38/1000)/(($L38)*2)*$L38*(0.7/($L38-1)))),IF($K38=2,($I38/1000)/$L38,IF($K38=3,IF((O$9/$N38)=1,($I38/1000)/(($L38)*2)*$L38*1.3,IF((O$9/$N38)<1,($I38/1000)/(($L38)*2)*$L38*(0.7/($L38-1))))))))) | P38: =IF($L38="","",IF(OR(P$9<$M38,P$9>$N38),"",IF($K38=1,IF((P$9/$M38)=1,($I38/1000)/(($L38)*2)*$L38*1.3,IF((P$9/$M38)>1,($I38/1000)/(($L38)*2)*$L38*(0.7/($L38-1)))),IF($K38=2,($I38/1000)/$L38,IF($K38=3,IF((P$9/$N38)=1,($I38/1000)/(($L38)*2)*$L38*1.3,IF((P$9/$N38)<1,($I38/1000)/(($L38)*2)*$L38*(0.7/($L38-1))))))))) | Q38: =IF($L38="","",IF(OR(Q$9<$M38,Q$9>$N38),"",IF($K38=1,IF((Q$9/$M38)=1,($I38/1000)/(($L38)*2)*$L38*1.3,IF((Q$9/$M38)>1,($I38/1000)/(($L38)*2)*$L38*(0.7/($L38-1)))),IF($K38=2,($I38/1000)/$L38,IF($K38=3,IF((Q$9/$N38)=1,($I38/1000)/(($L38)*2)*$L38*1.3,IF((Q$9/$N38)<1,($I38/1000)/(($L38)*2)*$L38*(0.7/($L38-1))))))))) | R38: =IF($L38="","",IF(OR(R$9<$M38,R$9>$N38),"",IF($K38=1,IF((R$9/$M38)=1,($I38/1000)/(($L38)*2)*$L38*1.3,IF((R$9/$M38)>1,($I38/1000)/(($L38)*2)*$L38*(0.7/($L38-1)))),IF($K38=2,($I38/1000)/$L38,IF($K38=3,IF((R$9/$N38)=1,($I38/1000)/(($L38)*2)*$L38*1.3,IF((R$9/$N38)<1,($I38/1000)/(($L38)*2)*$L38*(0.7/($L38-1))))))))) -> 4231 | S38: =IF($L38="","",IF(OR(S$9<$M38,S$9>$N38),"",IF($K38=1,IF((S$9/$M38)=1,($I38/1000)/(($L38)*2)*$L38*1.3,IF((S$9/$M38)>1,($I38/1000)/(($L38)*2)*$L38*(0.7/($L38-1)))),IF($K38=2,($I38/1000)/$L38,IF($K38=3,IF((S$9/$N38)=1,($I38/1000)/(($L38)*2)*$L38*1.3,IF((S$9/$N38)<1,($I38/1000)/(($L38)*2)*$L38*(0.7/($L38-1))))))))) -> 4231 | T38: =IF($L38="","",IF(OR(T$9<$M38,T$9>$N38),"",IF($K38=1,IF((T$9/$M38)=1,($I38/1000)/(($L38)*2)*$L38*1.3,IF((T$9/$M38)>1,($I38/1000)/(($L38)*2)*$L38*(0.7/($L38-1)))),IF($K38=2,($I38/1000)/$L38,IF($K38=3,IF((T$9/$N38)=1,($I38/1000)/(($L38)*2)*$L38*1.3,IF((T$9/$N38)<1,($I38/1000)/(($L38)*2)*$L38*(0.7/($L38-1))))))))) -> 4231 | U38: =IF($L38="","",IF(OR(U$9<$M38,U$9>$N38),"",IF($K38=1,IF((U$9/$M38)=1,($I38/1000)/(($L38)*2)*$L38*1.3,IF((U$9/$M38)>1,($I38/1000)/(($L38)*2)*$L38*(0.7/($L38-1)))),IF($K38=2,($I38/1000)/$L38,IF($K38=3,IF((U$9/$N38)=1,($I38/1000)/(($L38)*2)*$L38*1.3,IF((U$9/$N38)<1,($I38/1000)/(($L38)*2)*$L38*(0.7/($L38-1))))))))) | V38: =IF($L38="","",IF(OR(V$9<$M38,V$9>$N38),"",IF($K38=1,IF((V$9/$M38)=1,($I38/1000)/(($L38)*2)*$L38*1.3,IF((V$9/$M38)>1,($I38/1000)/(($L38)*2)*$L38*(0.7/($L38-1)))),IF($K38=2,($I38/1000)/$L38,IF($K38=3,IF((V$9/$N38)=1,($I38/1000)/(($L38)*2)*$L38*1.3,IF((V$9/$N38)<1,($I38/1000)/(($L38)*2)*$L38*(0.7/($L38-1))))))))) | ... X38: =IF($L38="","",IF(OR(X$9<$M38,X$9>$N38),"",IF($K38=1,IF((X$9/$M38)=1,($I38/1000)/(($L38)*2)*$L38*1.3,IF((X$9/$M38)>1,($I38/1000)/(($L38)*2)*$L38*(0.7/($L38-1)))),IF($K38=2,($I38/1000)/$L38,IF($K38=3,IF((X$9/$N38)=1,($I38/1000)/(($L38)*2)*$L38*1.3,IF((X$9/$N38)<1,($I38/1000)/(($L38)*2)*$L38*(0.7/($L38-1)))))))))
B39: ACERO DE REFUERZO FY 4200 MPA. | C39: 640.1 | D39: 4.9 | E39: Acero de refuerzo 60000 psi | F39: kg | G39: =MC!C405 -> 19936.1 | H39: =+'4.9'!G42 -> 7260 | I39: =+G39*H39 -> 144736086 | K39: 2 | L39: 5 | M39: 1 | N39: =IF(L39="","",M39+L39-1) -> 5 | O39: =IF($L39="","",IF(OR(O$9<$M39,O$9>$N39),"",IF($K39=1,IF((O$9/$M39)=1,($I39/1000)/(($L39)*2)*$L39*1.3,IF((O$9/$M39)>1,($I39/1000)/(($L39)*2)*$L39*(0.7/($L39-1)))),IF($K39=2,($I39/1000)/$L39,IF($K39=3,IF((O$9/$N39)=1,($I39/1000)/(($L39)*2)*$L39*1.3,IF((O$9/$N39)<1,($I39/1000)/(($L39)*2)*$L39*(0.7/($L39-1))))))))) -> 28947 | P39: =IF($L39="","",IF(OR(P$9<$M39,P$9>$N39),"",IF($K39=1,IF((P$9/$M39)=1,($I39/1000)/(($L39)*2)*$L39*1.3,IF((P$9/$M39)>1,($I39/1000)/(($L39)*2)*$L39*(0.7/($L39-1)))),IF($K39=2,($I39/1000)/$L39,IF($K39=3,IF((P$9/$N39)=1,($I39/1000)/(($L39)*2)*$L39*1.3,IF((P$9/$N39)<1,($I39/1000)/(($L39)*2)*$L39*(0.7/($L39-1))))))))) -> 28947 | Q39: =IF($L39="","",IF(OR(Q$9<$M39,Q$9>$N39),"",IF($K39=1,IF((Q$9/$M39)=1,($I39/1000)/(($L39)*2)*$L39*1.3,IF((Q$9/$M39)>1,($I39/1000)/(($L39)*2)*$L39*(0.7/($L39-1)))),IF($K39=2,($I39/1000)/$L39,IF($K39=3,IF((Q$9/$N39)=1,($I39/1000)/(($L39)*2)*$L39*1.3,IF((Q$9/$N39)<1,($I39/1000)/(($L39)*2)*$L39*(0.7/($L39-1))))))))) -> 28947 | R39: =IF($L39="","",IF(OR(R$9<$M39,R$9>$N39),"",IF($K39=1,IF((R$9/$M39)=1,($I39/1000)/(($L39)*2)*$L39*1.3,IF((R$9/$M39)>1,($I39/1000)/(($L39)*2)*$L39*(0.7/($L39-1)))),IF($K39=2,($I39/1000)/$L39,IF($K39=3,IF((R$9/$N39)=1,($I39/1000)/(($L39)*2)*$L39*1.3,IF((R$9/$N39)<1,($I39/1000)/(($L39)*2)*$L39*(0.7/($L39-1))))))))) -> 28947 | S39: =IF($L39="","",IF(OR(S$9<$M39,S$9>$N39),"",IF($K39=1,IF((S$9/$M39)=1,($I39/1000)/(($L39)*2)*$L39*1.3,IF((S$9/$M39)>1,($I39/1000)/(($L39)*2)*$L39*(0.7/($L39-1)))),IF($K39=2,($I39/1000)/$L39,IF($K39=3,IF((S$9/$N39)=1,($I39/1000)/(($L39)*2)*$L39*1.3,IF((S$9/$N39)<1,($I39/1000)/(($L39)*2)*$L39*(0.7/($L39-1))))))))) -> 28947 | T39: =IF($L39="","",IF(OR(T$9<$M39,T$9>$N39),"",IF($K39=1,IF((T$9/$M39)=1,($I39/1000)/(($L39)*2)*$L39*1.3,IF((T$9/$M39)>1,($I39/1000)/(($L39)*2)*$L39*(0.7/($L39-1)))),IF($K39=2,($I39/1000)/$L39,IF($K39=3,IF((T$9/$N39)=1,($I39/1000)/(($L39)*2)*$L39*1.3,IF((T$9/$N39)<1,($I39/1000)/(($L39)*2)*$L39*(0.7/($L39-1))))))))) | U39: =IF($L39="","",IF(OR(U$9<$M39,U$9>$N39),"",IF($K39=1,IF((U$9/$M39)=1,($I39/1000)/(($L39)*2)*$L39*1.3,IF((U$9/$M39)>1,($I39/1000)/(($L39)*2)*$L39*(0.7/($L39-1)))),IF($K39=2,($I39/1000)/$L39,IF($K39=3,IF((U$9/$N39)=1,($I39/1000)/(($L39)*2)*$L39*1.3,IF((U$9/$N39)<1,($I39/1000)/(($L39)*2)*$L39*(0.7/($L39-1))))))))) | V39: =IF($L39="","",IF(OR(V$9<$M39,V$9>$N39),"",IF($K39=1,IF((V$9/$M39)=1,($I39/1000)/(($L39)*2)*$L39*1.3,IF((V$9/$M39)>1,($I39/1000)/(($L39)*2)*$L39*(0.7/($L39-1)))),IF($K39=2,($I39/1000)/$L39,IF($K39=3,IF((V$9/$N39)=1,($I39/1000)/(($L39)*2)*$L39*1.3,IF((V$9/$N39)<1,($I39/1000)/(($L39)*2)*$L39*(0.7/($L39-1))))))))) | ... X39: =IF($L39="","",IF(OR(X$9<$M39,X$9>$N39),"",IF($K39=1,IF((X$9/$M39)=1,($I39/1000)/(($L39)*2)*$L39*1.3,IF((X$9/$M39)>1,($I39/1000)/(($L39)*2)*$L39*(0.7/($L39-1)))),IF($K39=2,($I39/1000)/$L39,IF($K39=3,IF((X$9/$N39)=1,($I39/1000)/(($L39)*2)*$L39*1.3,IF((X$9/$N39)<1,($I39/1000)/(($L39)*2)*$L39*(0.7/($L39-1)))))))))
B40: ACERO DE REFUERZO FY 4200 MPA. | C40: 640.1 | D40: 4.10 | E40: Solado de limpieza de e=5cm de concreto de 2000psi , bajo estructuras. | F40: m2 | G40: =MC!C410 -> 0 | H40: =+'4.10'!G42 -> 19273 | I40: =+G40*H40 -> 0 | K40: 2 | L40: 5 | M40: 1 | N40: =IF(L40="","",M40+L40-1) -> 5 | O40: =IF($L40="","",IF(OR(O$9<$M40,O$9>$N40),"",IF($K40=1,IF((O$9/$M40)=1,($I40/1000)/(($L40)*2)*$L40*1.3,IF((O$9/$M40)>1,($I40/1000)/(($L40)*2)*$L40*(0.7/($L40-1)))),IF($K40=2,($I40/1000)/$L40,IF($K40=3,IF((O$9/$N40)=1,($I40/1000)/(($L40)*2)*$L40*1.3,IF((O$9/$N40)<1,($I40/1000)/(($L40)*2)*$L40*(0.7/($L40-1))))))))) -> 0 | P40: =IF($L40="","",IF(OR(P$9<$M40,P$9>$N40),"",IF($K40=1,IF((P$9/$M40)=1,($I40/1000)/(($L40)*2)*$L40*1.3,IF((P$9/$M40)>1,($I40/1000)/(($L40)*2)*$L40*(0.7/($L40-1)))),IF($K40=2,($I40/1000)/$L40,IF($K40=3,IF((P$9/$N40)=1,($I40/1000)/(($L40)*2)*$L40*1.3,IF((P$9/$N40)<1,($I40/1000)/(($L40)*2)*$L40*(0.7/($L40-1))))))))) -> 0 | Q40: =IF($L40="","",IF(OR(Q$9<$M40,Q$9>$N40),"",IF($K40=1,IF((Q$9/$M40)=1,($I40/1000)/(($L40)*2)*$L40*1.3,IF((Q$9/$M40)>1,($I40/1000)/(($L40)*2)*$L40*(0.7/($L40-1)))),IF($K40=2,($I40/1000)/$L40,IF($K40=3,IF((Q$9/$N40)=1,($I40/1000)/(($L40)*2)*$L40*1.3,IF((Q$9/$N40)<1,($I40/1000)/(($L40)*2)*$L40*(0.7/($L40-1))))))))) -> 0 | R40: =IF($L40="","",IF(OR(R$9<$M40,R$9>$N40),"",IF($K40=1,IF((R$9/$M40)=1,($I40/1000)/(($L40)*2)*$L40*1.3,IF((R$9/$M40)>1,($I40/1000)/(($L40)*2)*$L40*(0.7/($L40-1)))),IF($K40=2,($I40/1000)/$L40,IF($K40=3,IF((R$9/$N40)=1,($I40/1000)/(($L40)*2)*$L40*1.3,IF((R$9/$N40)<1,($I40/1000)/(($L40)*2)*$L40*(0.7/($L40-1))))))))) -> 0 | S40: =IF($L40="","",IF(OR(S$9<$M40,S$9>$N40),"",IF($K40=1,IF((S$9/$M40)=1,($I40/1000)/(($L40)*2)*$L40*1.3,IF((S$9/$M40)>1,($I40/1000)/(($L40)*2)*$L40*(0.7/($L40-1)))),IF($K40=2,($I40/1000)/$L40,IF($K40=3,IF((S$9/$N40)=1,($I40/1000)/(($L40)*2)*$L40*1.3,IF((S$9/$N40)<1,($I40/1000)/(($L40)*2)*$L40*(0.7/($L40-1))))))))) -> 0 | T40: =IF($L40="","",IF(OR(T$9<$M40,T$9>$N40),"",IF($K40=1,IF((T$9/$M40)=1,($I40/1000)/(($L40)*2)*$L40*1.3,IF((T$9/$M40)>1,($I40/1000)/(($L40)*2)*$L40*(0.7/($L40-1)))),IF($K40=2,($I40/1000)/$L40,IF($K40=3,IF((T$9/$N40)=1,($I40/1000)/(($L40)*2)*$L40*1.3,IF((T$9/$N40)<1,($I40/1000)/(($L40)*2)*$L40*(0.7/($L40-1))))))))) | U40: =IF($L40="","",IF(OR(U$9<$M40,U$9>$N40),"",IF($K40=1,IF((U$9/$M40)=1,($I40/1000)/(($L40)*2)*$L40*1.3,IF((U$9/$M40)>1,($I40/1000)/(($L40)*2)*$L40*(0.7/($L40-1)))),IF($K40=2,($I40/1000)/$L40,IF($K40=3,IF((U$9/$N40)=1,($I40/1000)/(($L40)*2)*$L40*1.3,IF((U$9/$N40)<1,($I40/1000)/(($L40)*2)*$L40*(0.7/($L40-1))))))))) | V40: =IF($L40="","",IF(OR(V$9<$M40,V$9>$N40),"",IF($K40=1,IF((V$9/$M40)=1,($I40/1000)/(($L40)*2)*$L40*1.3,IF((V$9/$M40)>1,($I40/1000)/(($L40)*2)*$L40*(0.7/($L40-1)))),IF($K40=2,($I40/1000)/$L40,IF($K40=3,IF((V$9/$N40)=1,($I40/1000)/(($L40)*2)*$L40*1.3,IF((V$9/$N40)<1,($I40/1000)/(($L40)*2)*$L40*(0.7/($L40-1))))))))) | ... X40: =IF($L40="","",IF(OR(X$9<$M40,X$9>$N40),"",IF($K40=1,IF((X$9/$M40)=1,($I40/1000)/(($L40)*2)*$L40*1.3,IF((X$9/$M40)>1,($I40/1000)/(($L40)*2)*$L40*(0.7/($L40-1)))),IF($K40=2,($I40/1000)/$L40,IF($K40=3,IF((X$9/$N40)=1,($I40/1000)/(($L40)*2)*$L40*1.3,IF((X$9/$N40)<1,($I40/1000)/(($L40)*2)*$L40*(0.7/($L40-1)))))))))
D41: =CONCATENATE("SUBTOTAL ",E30) -> SUBTOTAL ELEMENTOS COMPLEMENTARIOS EN CONCRETO | I41: =SUM(I31:I40) -> 1526820050 | K41: 2 | N41: =IF(L41="","",M41+L41-1) | O41: =IF($L41="","",IF(OR(O$9<$M41,O$9>$N41),"",IF($K41=1,IF((O$9/$M41)=1,($I41/1000)/(($L41)*2)*$L41*1.3,IF((O$9/$M41)>1,($I41/1000)/(($L41)*2)*$L41*(0.7/($L41-1)))),IF($K41=2,($I41/1000)/$L41,IF($K41=3,IF((O$9/$N41)=1,($I41/1000)/(($L41)*2)*$L41*1.3,IF((O$9/$N41)<1,($I41/1000)/(($L41)*2)*$L41*(0.7/($L41-1))))))))) | P41: =IF($L41="","",IF(OR(P$9<$M41,P$9>$N41),"",IF($K41=1,IF((P$9/$M41)=1,($I41/1000)/(($L41)*2)*$L41*1.3,IF((P$9/$M41)>1,($I41/1000)/(($L41)*2)*$L41*(0.7/($L41-1)))),IF($K41=2,($I41/1000)/$L41,IF($K41=3,IF((P$9/$N41)=1,($I41/1000)/(($L41)*2)*$L41*1.3,IF((P$9/$N41)<1,($I41/1000)/(($L41)*2)*$L41*(0.7/($L41-1))))))))) | Q41: =IF($L41="","",IF(OR(Q$9<$M41,Q$9>$N41),"",IF($K41=1,IF((Q$9/$M41)=1,($I41/1000)/(($L41)*2)*$L41*1.3,IF((Q$9/$M41)>1,($I41/1000)/(($L41)*2)*$L41*(0.7/($L41-1)))),IF($K41=2,($I41/1000)/$L41,IF($K41=3,IF((Q$9/$N41)=1,($I41/1000)/(($L41)*2)*$L41*1.3,IF((Q$9/$N41)<1,($I41/1000)/(($L41)*2)*$L41*(0.7/($L41-1))))))))) | R41: =IF($L41="","",IF(OR(R$9<$M41,R$9>$N41),"",IF($K41=1,IF((R$9/$M41)=1,($I41/1000)/(($L41)*2)*$L41*1.3,IF((R$9/$M41)>1,($I41/1000)/(($L41)*2)*$L41*(0.7/($L41-1)))),IF($K41=2,($I41/1000)/$L41,IF($K41=3,IF((R$9/$N41)=1,($I41/1000)/(($L41)*2)*$L41*1.3,IF((R$9/$N41)<1,($I41/1000)/(($L41)*2)*$L41*(0.7/($L41-1))))))))) | S41: =IF($L41="","",IF(OR(S$9<$M41,S$9>$N41),"",IF($K41=1,IF((S$9/$M41)=1,($I41/1000)/(($L41)*2)*$L41*1.3,IF((S$9/$M41)>1,($I41/1000)/(($L41)*2)*$L41*(0.7/($L41-1)))),IF($K41=2,($I41/1000)/$L41,IF($K41=3,IF((S$9/$N41)=1,($I41/1000)/(($L41)*2)*$L41*1.3,IF((S$9/$N41)<1,($I41/1000)/(($L41)*2)*$L41*(0.7/($L41-1))))))))) | T41: =IF($L41="","",IF(OR(T$9<$M41,T$9>$N41),"",IF($K41=1,IF((T$9/$M41)=1,($I41/1000)/(($L41)*2)*$L41*1.3,IF((T$9/$M41)>1,($I41/1000)/(($L41)*2)*$L41*(0.7/($L41-1)))),IF($K41=2,($I41/1000)/$L41,IF($K41=3,IF((T$9/$N41)=1,($I41/1000)/(($L41)*2)*$L41*1.3,IF((T$9/$N41)<1,($I41/1000)/(($L41)*2)*$L41*(0.7/($L41-1))))))))) | U41: =IF($L41="","",IF(OR(U$9<$M41,U$9>$N41),"",IF($K41=1,IF((U$9/$M41)=1,($I41/1000)/(($L41)*2)*$L41*1.3,IF((U$9/$M41)>1,($I41/1000)/(($L41)*2)*$L41*(0.7/($L41-1)))),IF($K41=2,($I41/1000)/$L41,IF($K41=3,IF((U$9/$N41)=1,($I41/1000)/(($L41)*2)*$L41*1.3,IF((U$9/$N41)<1,($I41/1000)/(($L41)*2)*$L41*(0.7/($L41-1))))))))) | V41: =IF($L41="","",IF(OR(V$9<$M41,V$9>$N41),"",IF($K41=1,IF((V$9/$M41)=1,($I41/1000)/(($L41)*2)*$L41*1.3,IF((V$9/$M41)>1,($I41/1000)/(($L41)*2)*$L41*(0.7/($L41-1)))),IF($K41=2,($I41/1000)/$L41,IF($K41=3,IF((V$9/$N41)=1,($I41/1000)/(($L41)*2)*$L41*1.3,IF((V$9/$N41)<1,($I41/1000)/(($L41)*2)*$L41*(0.7/($L41-1))))))))) | ... X41: =IF($L41="","",IF(OR(X$9<$M41,X$9>$N41),"",IF($K41=1,IF((X$9/$M41)=1,($I41/1000)/(($L41)*2)*$L41*1.3,IF((X$9/$M41)>1,($I41/1000)/(($L41)*2)*$L41*(0.7/($L41-1)))),IF($K41=2,($I41/1000)/$L41,IF($K41=3,IF((X$9/$N41)=1,($I41/1000)/(($L41)*2)*$L41*1.3,IF((X$9/$N41)<1,($I41/1000)/(($L41)*2)*$L41*(0.7/($L41-1)))))))))
D42: 5 | E42: SEÑALIZACION Y DEMARCACIONES | K42: 2 | N42: =IF(L42="","",M42+L42-1) | O42: =IF($L42="","",IF(OR(O$9<$M42,O$9>$N42),"",IF($K42=1,IF((O$9/$M42)=1,($I42/1000)/(($L42)*2)*$L42*1.3,IF((O$9/$M42)>1,($I42/1000)/(($L42)*2)*$L42*(0.7/($L42-1)))),IF($K42=2,($I42/1000)/$L42,IF($K42=3,IF((O$9/$N42)=1,($I42/1000)/(($L42)*2)*$L42*1.3,IF((O$9/$N42)<1,($I42/1000)/(($L42)*2)*$L42*(0.7/($L42-1))))))))) | P42: =IF($L42="","",IF(OR(P$9<$M42,P$9>$N42),"",IF($K42=1,IF((P$9/$M42)=1,($I42/1000)/(($L42)*2)*$L42*1.3,IF((P$9/$M42)>1,($I42/1000)/(($L42)*2)*$L42*(0.7/($L42-1)))),IF($K42=2,($I42/1000)/$L42,IF($K42=3,IF((P$9/$N42)=1,($I42/1000)/(($L42)*2)*$L42*1.3,IF((P$9/$N42)<1,($I42/1000)/(($L42)*2)*$L42*(0.7/($L42-1))))))))) | Q42: =IF($L42="","",IF(OR(Q$9<$M42,Q$9>$N42),"",IF($K42=1,IF((Q$9/$M42)=1,($I42/1000)/(($L42)*2)*$L42*1.3,IF((Q$9/$M42)>1,($I42/1000)/(($L42)*2)*$L42*(0.7/($L42-1)))),IF($K42=2,($I42/1000)/$L42,IF($K42=3,IF((Q$9/$N42)=1,($I42/1000)/(($L42)*2)*$L42*1.3,IF((Q$9/$N42)<1,($I42/1000)/(($L42)*2)*$L42*(0.7/($L42-1))))))))) | R42: =IF($L42="","",IF(OR(R$9<$M42,R$9>$N42),"",IF($K42=1,IF((R$9/$M42)=1,($I42/1000)/(($L42)*2)*$L42*1.3,IF((R$9/$M42)>1,($I42/1000)/(($L42)*2)*$L42*(0.7/($L42-1)))),IF($K42=2,($I42/1000)/$L42,IF($K42=3,IF((R$9/$N42)=1,($I42/1000)/(($L42)*2)*$L42*1.3,IF((R$9/$N42)<1,($I42/1000)/(($L42)*2)*$L42*(0.7/($L42-1))))))))) | S42: =IF($L42="","",IF(OR(S$9<$M42,S$9>$N42),"",IF($K42=1,IF((S$9/$M42)=1,($I42/1000)/(($L42)*2)*$L42*1.3,IF((S$9/$M42)>1,($I42/1000)/(($L42)*2)*$L42*(0.7/($L42-1)))),IF($K42=2,($I42/1000)/$L42,IF($K42=3,IF((S$9/$N42)=1,($I42/1000)/(($L42)*2)*$L42*1.3,IF((S$9/$N42)<1,($I42/1000)/(($L42)*2)*$L42*(0.7/($L42-1))))))))) | T42: =IF($L42="","",IF(OR(T$9<$M42,T$9>$N42),"",IF($K42=1,IF((T$9/$M42)=1,($I42/1000)/(($L42)*2)*$L42*1.3,IF((T$9/$M42)>1,($I42/1000)/(($L42)*2)*$L42*(0.7/($L42-1)))),IF($K42=2,($I42/1000)/$L42,IF($K42=3,IF((T$9/$N42)=1,($I42/1000)/(($L42)*2)*$L42*1.3,IF((T$9/$N42)<1,($I42/1000)/(($L42)*2)*$L42*(0.7/($L42-1))))))))) | U42: =IF($L42="","",IF(OR(U$9<$M42,U$9>$N42),"",IF($K42=1,IF((U$9/$M42)=1,($I42/1000)/(($L42)*2)*$L42*1.3,IF((U$9/$M42)>1,($I42/1000)/(($L42)*2)*$L42*(0.7/($L42-1)))),IF($K42=2,($I42/1000)/$L42,IF($K42=3,IF((U$9/$N42)=1,($I42/1000)/(($L42)*2)*$L42*1.3,IF((U$9/$N42)<1,($I42/1000)/(($L42)*2)*$L42*(0.7/($L42-1))))))))) | V42: =IF($L42="","",IF(OR(V$9<$M42,V$9>$N42),"",IF($K42=1,IF((V$9/$M42)=1,($I42/1000)/(($L42)*2)*$L42*1.3,IF((V$9/$M42)>1,($I42/1000)/(($L42)*2)*$L42*(0.7/($L42-1)))),IF($K42=2,($I42/1000)/$L42,IF($K42=3,IF((V$9/$N42)=1,($I42/1000)/(($L42)*2)*$L42*1.3,IF((V$9/$N42)<1,($I42/1000)/(($L42)*2)*$L42*(0.7/($L42-1))))))))) | ... X42: =IF($L42="","",IF(OR(X$9<$M42,X$9>$N42),"",IF($K42=1,IF((X$9/$M42)=1,($I42/1000)/(($L42)*2)*$L42*1.3,IF((X$9/$M42)>1,($I42/1000)/(($L42)*2)*$L42*(0.7/($L42-1)))),IF($K42=2,($I42/1000)/$L42,IF($K42=3,IF((X$9/$N42)=1,($I42/1000)/(($L42)*2)*$L42*1.3,IF((X$9/$N42)<1,($I42/1000)/(($L42)*2)*$L42*(0.7/($L42-1)))))))))
A43: 1843 | B43: LÍNEA DE DEMARCACIÓN CON PINTURA EN FRÍO. | C43: 700.1 | D43: =D42+0.1 -> 5.1 | E43: Linea de 0.12 en pintura de trafico para señalización horizontal. (Manual Señalizacion MinT Colombia 2015) | F43: m | G43: =MC!C444 -> 9432.99 | H43: =+'5.1'!G42 -> 3390 | I43: =+G43*H43 -> 31977836 | K43: 3 | L43: 2 | M43: 9 | N43: =IF(L43="","",M43+L43-1) -> 10 | O43: =IF($L43="","",IF(OR(O$9<$M43,O$9>$N43),"",IF($K43=1,IF((O$9/$M43)=1,($I43/1000)/(($L43)*2)*$L43*1.3,IF((O$9/$M43)>1,($I43/1000)/(($L43)*2)*$L43*(0.7/($L43-1)))),IF($K43=2,($I43/1000)/$L43,IF($K43=3,IF((O$9/$N43)=1,($I43/1000)/(($L43)*2)*$L43*1.3,IF((O$9/$N43)<1,($I43/1000)/(($L43)*2)*$L43*(0.7/($L43-1))))))))) | P43: =IF($L43="","",IF(OR(P$9<$M43,P$9>$N43),"",IF($K43=1,IF((P$9/$M43)=1,($I43/1000)/(($L43)*2)*$L43*1.3,IF((P$9/$M43)>1,($I43/1000)/(($L43)*2)*$L43*(0.7/($L43-1)))),IF($K43=2,($I43/1000)/$L43,IF($K43=3,IF((P$9/$N43)=1,($I43/1000)/(($L43)*2)*$L43*1.3,IF((P$9/$N43)<1,($I43/1000)/(($L43)*2)*$L43*(0.7/($L43-1))))))))) | Q43: =IF($L43="","",IF(OR(Q$9<$M43,Q$9>$N43),"",IF($K43=1,IF((Q$9/$M43)=1,($I43/1000)/(($L43)*2)*$L43*1.3,IF((Q$9/$M43)>1,($I43/1000)/(($L43)*2)*$L43*(0.7/($L43-1)))),IF($K43=2,($I43/1000)/$L43,IF($K43=3,IF((Q$9/$N43)=1,($I43/1000)/(($L43)*2)*$L43*1.3,IF((Q$9/$N43)<1,($I43/1000)/(($L43)*2)*$L43*(0.7/($L43-1))))))))) | R43: =IF($L43="","",IF(OR(R$9<$M43,R$9>$N43),"",IF($K43=1,IF((R$9/$M43)=1,($I43/1000)/(($L43)*2)*$L43*1.3,IF((R$9/$M43)>1,($I43/1000)/(($L43)*2)*$L43*(0.7/($L43-1)))),IF($K43=2,($I43/1000)/$L43,IF($K43=3,IF((R$9/$N43)=1,($I43/1000)/(($L43)*2)*$L43*1.3,IF((R$9/$N43)<1,($I43/1000)/(($L43)*2)*$L43*(0.7/($L43-1))))))))) | S43: =IF($L43="","",IF(OR(S$9<$M43,S$9>$N43),"",IF($K43=1,IF((S$9/$M43)=1,($I43/1000)/(($L43)*2)*$L43*1.3,IF((S$9/$M43)>1,($I43/1000)/(($L43)*2)*$L43*(0.7/($L43-1)))),IF($K43=2,($I43/1000)/$L43,IF($K43=3,IF((S$9/$N43)=1,($I43/1000)/(($L43)*2)*$L43*1.3,IF((S$9/$N43)<1,($I43/1000)/(($L43)*2)*$L43*(0.7/($L43-1))))))))) | T43: =IF($L43="","",IF(OR(T$9<$M43,T$9>$N43),"",IF($K43=1,IF((T$9/$M43)=1,($I43/1000)/(($L43)*2)*$L43*1.3,IF((T$9/$M43)>1,($I43/1000)/(($L43)*2)*$L43*(0.7/($L43-1)))),IF($K43=2,($I43/1000)/$L43,IF($K43=3,IF((T$9/$N43)=1,($I43/1000)/(($L43)*2)*$L43*1.3,IF((T$9/$N43)<1,($I43/1000)/(($L43)*2)*$L43*(0.7/($L43-1))))))))) | U43: =IF($L43="","",IF(OR(U$9<$M43,U$9>$N43),"",IF($K43=1,IF((U$9/$M43)=1,($I43/1000)/(($L43)*2)*$L43*1.3,IF((U$9/$M43)>1,($I43/1000)/(($L43)*2)*$L43*(0.7/($L43-1)))),IF($K43=2,($I43/1000)/$L43,IF($K43=3,IF((U$9/$N43)=1,($I43/1000)/(($L43)*2)*$L43*1.3,IF((U$9/$N43)<1,($I43/1000)/(($L43)*2)*$L43*(0.7/($L43-1))))))))) | V43: =IF($L43="","",IF(OR(V$9<$M43,V$9>$N43),"",IF($K43=1,IF((V$9/$M43)=1,($I43/1000)/(($L43)*2)*$L43*1.3,IF((V$9/$M43)>1,($I43/1000)/(($L43)*2)*$L43*(0.7/($L43-1)))),IF($K43=2,($I43/1000)/$L43,IF($K43=3,IF((V$9/$N43)=1,($I43/1000)/(($L43)*2)*$L43*1.3,IF((V$9/$N43)<1,($I43/1000)/(($L43)*2)*$L43*(0.7/($L43-1))))))))) | ... X43: =IF($L43="","",IF(OR(X$9<$M43,X$9>$N43),"",IF($K43=1,IF((X$9/$M43)=1,($I43/1000)/(($L43)*2)*$L43*1.3,IF((X$9/$M43)>1,($I43/1000)/(($L43)*2)*$L43*(0.7/($L43-1)))),IF($K43=2,($I43/1000)/$L43,IF($K43=3,IF((X$9/$N43)=1,($I43/1000)/(($L43)*2)*$L43*1.3,IF((X$9/$N43)<1,($I43/1000)/(($L43)*2)*$L43*(0.7/($L43-1))))))))) -> 20786
A44: 416954 | B44: SEÑAL VERTICAL DE TRANSITO TIPO 1 CON LAMINA RETRORREFLECTIVA TIPO III (75X75) CM Tablero en lámina galvanizada de 75cm*75cm, calibre 16, reflectivo tipo 1. Incluye poste de 2*2*1/4´´ | C44: 710.1 B0015062 | D44: =D43+0.1 -> 5.2 | E44: Suminstro e instalación de elementos de Señales verticales en fondo reflectivo Tipo Alta Intensidad con tablero en lámina cal 16, terminados en pintura electrostática blanca. (Manual Señalizacion MinT Colombia 2015) | F44: und | G44: =MC!C448 -> 104 | H44: =+'5.2'!G42 -> 261201 | I44: =+G44*H44 -> 27164904 | K44: 3 | L44: 2 | M44: 9 | N44: =IF(L44="","",M44+L44-1) -> 10 | O44: =IF($L44="","",IF(OR(O$9<$M44,O$9>$N44),"",IF($K44=1,IF((O$9/$M44)=1,($I44/1000)/(($L44)*2)*$L44*1.3,IF((O$9/$M44)>1,($I44/1000)/(($L44)*2)*$L44*(0.7/($L44-1)))),IF($K44=2,($I44/1000)/$L44,IF($K44=3,IF((O$9/$N44)=1,($I44/1000)/(($L44)*2)*$L44*1.3,IF((O$9/$N44)<1,($I44/1000)/(($L44)*2)*$L44*(0.7/($L44-1))))))))) | P44: =IF($L44="","",IF(OR(P$9<$M44,P$9>$N44),"",IF($K44=1,IF((P$9/$M44)=1,($I44/1000)/(($L44)*2)*$L44*1.3,IF((P$9/$M44)>1,($I44/1000)/(($L44)*2)*$L44*(0.7/($L44-1)))),IF($K44=2,($I44/1000)/$L44,IF($K44=3,IF((P$9/$N44)=1,($I44/1000)/(($L44)*2)*$L44*1.3,IF((P$9/$N44)<1,($I44/1000)/(($L44)*2)*$L44*(0.7/($L44-1))))))))) | Q44: =IF($L44="","",IF(OR(Q$9<$M44,Q$9>$N44),"",IF($K44=1,IF((Q$9/$M44)=1,($I44/1000)/(($L44)*2)*$L44*1.3,IF((Q$9/$M44)>1,($I44/1000)/(($L44)*2)*$L44*(0.7/($L44-1)))),IF($K44=2,($I44/1000)/$L44,IF($K44=3,IF((Q$9/$N44)=1,($I44/1000)/(($L44)*2)*$L44*1.3,IF((Q$9/$N44)<1,($I44/1000)/(($L44)*2)*$L44*(0.7/($L44-1))))))))) | R44: =IF($L44="","",IF(OR(R$9<$M44,R$9>$N44),"",IF($K44=1,IF((R$9/$M44)=1,($I44/1000)/(($L44)*2)*$L44*1.3,IF((R$9/$M44)>1,($I44/1000)/(($L44)*2)*$L44*(0.7/($L44-1)))),IF($K44=2,($I44/1000)/$L44,IF($K44=3,IF((R$9/$N44)=1,($I44/1000)/(($L44)*2)*$L44*1.3,IF((R$9/$N44)<1,($I44/1000)/(($L44)*2)*$L44*(0.7/($L44-1))))))))) | S44: =IF($L44="","",IF(OR(S$9<$M44,S$9>$N44),"",IF($K44=1,IF((S$9/$M44)=1,($I44/1000)/(($L44)*2)*$L44*1.3,IF((S$9/$M44)>1,($I44/1000)/(($L44)*2)*$L44*(0.7/($L44-1)))),IF($K44=2,($I44/1000)/$L44,IF($K44=3,IF((S$9/$N44)=1,($I44/1000)/(($L44)*2)*$L44*1.3,IF((S$9/$N44)<1,($I44/1000)/(($L44)*2)*$L44*(0.7/($L44-1))))))))) | T44: =IF($L44="","",IF(OR(T$9<$M44,T$9>$N44),"",IF($K44=1,IF((T$9/$M44)=1,($I44/1000)/(($L44)*2)*$L44*1.3,IF((T$9/$M44)>1,($I44/1000)/(($L44)*2)*$L44*(0.7/($L44-1)))),IF($K44=2,($I44/1000)/$L44,IF($K44=3,IF((T$9/$N44)=1,($I44/1000)/(($L44)*2)*$L44*1.3,IF((T$9/$N44)<1,($I44/1000)/(($L44)*2)*$L44*(0.7/($L44-1))))))))) | U44: =IF($L44="","",IF(OR(U$9<$M44,U$9>$N44),"",IF($K44=1,IF((U$9/$M44)=1,($I44/1000)/(($L44)*2)*$L44*1.3,IF((U$9/$M44)>1,($I44/1000)/(($L44)*2)*$L44*(0.7/($L44-1)))),IF($K44=2,($I44/1000)/$L44,IF($K44=3,IF((U$9/$N44)=1,($I44/1000)/(($L44)*2)*$L44*1.3,IF((U$9/$N44)<1,($I44/1000)/(($L44)*2)*$L44*(0.7/($L44-1))))))))) | V44: =IF($L44="","",IF(OR(V$9<$M44,V$9>$N44),"",IF($K44=1,IF((V$9/$M44)=1,($I44/1000)/(($L44)*2)*$L44*1.3,IF((V$9/$M44)>1,($I44/1000)/(($L44)*2)*$L44*(0.7/($L44-1)))),IF($K44=2,($I44/1000)/$L44,IF($K44=3,IF((V$9/$N44)=1,($I44/1000)/(($L44)*2)*$L44*1.3,IF((V$9/$N44)<1,($I44/1000)/(($L44)*2)*$L44*(0.7/($L44-1))))))))) | ... X44: =IF($L44="","",IF(OR(X$9<$M44,X$9>$N44),"",IF($K44=1,IF((X$9/$M44)=1,($I44/1000)/(($L44)*2)*$L44*1.3,IF((X$9/$M44)>1,($I44/1000)/(($L44)*2)*$L44*(0.7/($L44-1)))),IF($K44=2,($I44/1000)/$L44,IF($K44=3,IF((X$9/$N44)=1,($I44/1000)/(($L44)*2)*$L44*1.3,IF((X$9/$N44)<1,($I44/1000)/(($L44)*2)*$L44*(0.7/($L44-1))))))))) -> 17657
A45: M2 $37,993 | B45: MARCA VIAL CON PINTURA EN FRÍO. | C45: 700.3 | D45: =D44+0.1 -> 5.3 | E45: Señal horizontal de fecha sencilla de giro en Pintura acrilica de Trafico. (Manual Señalizacion MinT Colombia 2015) | F45: und | G45: =MC!C452 -> 95 | H45: =+'5.3'!G42 -> 65809 | I45: =+G45*H45 -> 6251855 | K45: 3 | L45: 2 | M45: 9 | N45: =IF(L45="","",M45+L45-1) -> 10 | O45: =IF($L45="","",IF(OR(O$9<$M45,O$9>$N45),"",IF($K45=1,IF((O$9/$M45)=1,($I45/1000)/(($L45)*2)*$L45*1.3,IF((O$9/$M45)>1,($I45/1000)/(($L45)*2)*$L45*(0.7/($L45-1)))),IF($K45=2,($I45/1000)/$L45,IF($K45=3,IF((O$9/$N45)=1,($I45/1000)/(($L45)*2)*$L45*1.3,IF((O$9/$N45)<1,($I45/1000)/(($L45)*2)*$L45*(0.7/($L45-1))))))))) | P45: =IF($L45="","",IF(OR(P$9<$M45,P$9>$N45),"",IF($K45=1,IF((P$9/$M45)=1,($I45/1000)/(($L45)*2)*$L45*1.3,IF((P$9/$M45)>1,($I45/1000)/(($L45)*2)*$L45*(0.7/($L45-1)))),IF($K45=2,($I45/1000)/$L45,IF($K45=3,IF((P$9/$N45)=1,($I45/1000)/(($L45)*2)*$L45*1.3,IF((P$9/$N45)<1,($I45/1000)/(($L45)*2)*$L45*(0.7/($L45-1))))))))) | Q45: =IF($L45="","",IF(OR(Q$9<$M45,Q$9>$N45),"",IF($K45=1,IF((Q$9/$M45)=1,($I45/1000)/(($L45)*2)*$L45*1.3,IF((Q$9/$M45)>1,($I45/1000)/(($L45)*2)*$L45*(0.7/($L45-1)))),IF($K45=2,($I45/1000)/$L45,IF($K45=3,IF((Q$9/$N45)=1,($I45/1000)/(($L45)*2)*$L45*1.3,IF((Q$9/$N45)<1,($I45/1000)/(($L45)*2)*$L45*(0.7/($L45-1))))))))) | R45: =IF($L45="","",IF(OR(R$9<$M45,R$9>$N45),"",IF($K45=1,IF((R$9/$M45)=1,($I45/1000)/(($L45)*2)*$L45*1.3,IF((R$9/$M45)>1,($I45/1000)/(($L45)*2)*$L45*(0.7/($L45-1)))),IF($K45=2,($I45/1000)/$L45,IF($K45=3,IF((R$9/$N45)=1,($I45/1000)/(($L45)*2)*$L45*1.3,IF((R$9/$N45)<1,($I45/1000)/(($L45)*2)*$L45*(0.7/($L45-1))))))))) | S45: =IF($L45="","",IF(OR(S$9<$M45,S$9>$N45),"",IF($K45=1,IF((S$9/$M45)=1,($I45/1000)/(($L45)*2)*$L45*1.3,IF((S$9/$M45)>1,($I45/1000)/(($L45)*2)*$L45*(0.7/($L45-1)))),IF($K45=2,($I45/1000)/$L45,IF($K45=3,IF((S$9/$N45)=1,($I45/1000)/(($L45)*2)*$L45*1.3,IF((S$9/$N45)<1,($I45/1000)/(($L45)*2)*$L45*(0.7/($L45-1))))))))) | T45: =IF($L45="","",IF(OR(T$9<$M45,T$9>$N45),"",IF($K45=1,IF((T$9/$M45)=1,($I45/1000)/(($L45)*2)*$L45*1.3,IF((T$9/$M45)>1,($I45/1000)/(($L45)*2)*$L45*(0.7/($L45-1)))),IF($K45=2,($I45/1000)/$L45,IF($K45=3,IF((T$9/$N45)=1,($I45/1000)/(($L45)*2)*$L45*1.3,IF((T$9/$N45)<1,($I45/1000)/(($L45)*2)*$L45*(0.7/($L45-1))))))))) | U45: =IF($L45="","",IF(OR(U$9<$M45,U$9>$N45),"",IF($K45=1,IF((U$9/$M45)=1,($I45/1000)/(($L45)*2)*$L45*1.3,IF((U$9/$M45)>1,($I45/1000)/(($L45)*2)*$L45*(0.7/($L45-1)))),IF($K45=2,($I45/1000)/$L45,IF($K45=3,IF((U$9/$N45)=1,($I45/1000)/(($L45)*2)*$L45*1.3,IF((U$9/$N45)<1,($I45/1000)/(($L45)*2)*$L45*(0.7/($L45-1))))))))) | V45: =IF($L45="","",IF(OR(V$9<$M45,V$9>$N45),"",IF($K45=1,IF((V$9/$M45)=1,($I45/1000)/(($L45)*2)*$L45*1.3,IF((V$9/$M45)>1,($I45/1000)/(($L45)*2)*$L45*(0.7/($L45-1)))),IF($K45=2,($I45/1000)/$L45,IF($K45=3,IF((V$9/$N45)=1,($I45/1000)/(($L45)*2)*$L45*1.3,IF((V$9/$N45)<1,($I45/1000)/(($L45)*2)*$L45*(0.7/($L45-1))))))))) | ... X45: =IF($L45="","",IF(OR(X$9<$M45,X$9>$N45),"",IF($K45=1,IF((X$9/$M45)=1,($I45/1000)/(($L45)*2)*$L45*1.3,IF((X$9/$M45)>1,($I45/1000)/(($L45)*2)*$L45*(0.7/($L45-1)))),IF($K45=2,($I45/1000)/$L45,IF($K45=3,IF((X$9/$N45)=1,($I45/1000)/(($L45)*2)*$L45*1.3,IF((X$9/$N45)<1,($I45/1000)/(($L45)*2)*$L45*(0.7/($L45-1))))))))) -> 4064
A46: M2 $37,993 | B46: MARCA VIAL CON PINTURA EN FRÍO. | C46: 700.3 | D46: =D45+0.1 -> 5.4 | E46: Señal horizontal de fecha doble de giro en Pintura acrilica de Trafico. (Manual Señalizacion MinT Colombia 2015) | F46: und | G46: =MC!C456 -> 45 | H46: ='5.4'!G42 -> 75584 | I46: =+G46*H46 -> 3401280 | K46: 3 | L46: 2 | M46: 9 | N46: =IF(L46="","",M46+L46-1) -> 10 | O46: =IF($L46="","",IF(OR(O$9<$M46,O$9>$N46),"",IF($K46=1,IF((O$9/$M46)=1,($I46/1000)/(($L46)*2)*$L46*1.3,IF((O$9/$M46)>1,($I46/1000)/(($L46)*2)*$L46*(0.7/($L46-1)))),IF($K46=2,($I46/1000)/$L46,IF($K46=3,IF((O$9/$N46)=1,($I46/1000)/(($L46)*2)*$L46*1.3,IF((O$9/$N46)<1,($I46/1000)/(($L46)*2)*$L46*(0.7/($L46-1))))))))) | P46: =IF($L46="","",IF(OR(P$9<$M46,P$9>$N46),"",IF($K46=1,IF((P$9/$M46)=1,($I46/1000)/(($L46)*2)*$L46*1.3,IF((P$9/$M46)>1,($I46/1000)/(($L46)*2)*$L46*(0.7/($L46-1)))),IF($K46=2,($I46/1000)/$L46,IF($K46=3,IF((P$9/$N46)=1,($I46/1000)/(($L46)*2)*$L46*1.3,IF((P$9/$N46)<1,($I46/1000)/(($L46)*2)*$L46*(0.7/($L46-1))))))))) | Q46: =IF($L46="","",IF(OR(Q$9<$M46,Q$9>$N46),"",IF($K46=1,IF((Q$9/$M46)=1,($I46/1000)/(($L46)*2)*$L46*1.3,IF((Q$9/$M46)>1,($I46/1000)/(($L46)*2)*$L46*(0.7/($L46-1)))),IF($K46=2,($I46/1000)/$L46,IF($K46=3,IF((Q$9/$N46)=1,($I46/1000)/(($L46)*2)*$L46*1.3,IF((Q$9/$N46)<1,($I46/1000)/(($L46)*2)*$L46*(0.7/($L46-1))))))))) | R46: =IF($L46="","",IF(OR(R$9<$M46,R$9>$N46),"",IF($K46=1,IF((R$9/$M46)=1,($I46/1000)/(($L46)*2)*$L46*1.3,IF((R$9/$M46)>1,($I46/1000)/(($L46)*2)*$L46*(0.7/($L46-1)))),IF($K46=2,($I46/1000)/$L46,IF($K46=3,IF((R$9/$N46)=1,($I46/1000)/(($L46)*2)*$L46*1.3,IF((R$9/$N46)<1,($I46/1000)/(($L46)*2)*$L46*(0.7/($L46-1))))))))) | S46: =IF($L46="","",IF(OR(S$9<$M46,S$9>$N46),"",IF($K46=1,IF((S$9/$M46)=1,($I46/1000)/(($L46)*2)*$L46*1.3,IF((S$9/$M46)>1,($I46/1000)/(($L46)*2)*$L46*(0.7/($L46-1)))),IF($K46=2,($I46/1000)/$L46,IF($K46=3,IF((S$9/$N46)=1,($I46/1000)/(($L46)*2)*$L46*1.3,IF((S$9/$N46)<1,($I46/1000)/(($L46)*2)*$L46*(0.7/($L46-1))))))))) | T46: =IF($L46="","",IF(OR(T$9<$M46,T$9>$N46),"",IF($K46=1,IF((T$9/$M46)=1,($I46/1000)/(($L46)*2)*$L46*1.3,IF((T$9/$M46)>1,($I46/1000)/(($L46)*2)*$L46*(0.7/($L46-1)))),IF($K46=2,($I46/1000)/$L46,IF($K46=3,IF((T$9/$N46)=1,($I46/1000)/(($L46)*2)*$L46*1.3,IF((T$9/$N46)<1,($I46/1000)/(($L46)*2)*$L46*(0.7/($L46-1))))))))) | U46: =IF($L46="","",IF(OR(U$9<$M46,U$9>$N46),"",IF($K46=1,IF((U$9/$M46)=1,($I46/1000)/(($L46)*2)*$L46*1.3,IF((U$9/$M46)>1,($I46/1000)/(($L46)*2)*$L46*(0.7/($L46-1)))),IF($K46=2,($I46/1000)/$L46,IF($K46=3,IF((U$9/$N46)=1,($I46/1000)/(($L46)*2)*$L46*1.3,IF((U$9/$N46)<1,($I46/1000)/(($L46)*2)*$L46*(0.7/($L46-1))))))))) | V46: =IF($L46="","",IF(OR(V$9<$M46,V$9>$N46),"",IF($K46=1,IF((V$9/$M46)=1,($I46/1000)/(($L46)*2)*$L46*1.3,IF((V$9/$M46)>1,($I46/1000)/(($L46)*2)*$L46*(0.7/($L46-1)))),IF($K46=2,($I46/1000)/$L46,IF($K46=3,IF((V$9/$N46)=1,($I46/1000)/(($L46)*2)*$L46*1.3,IF((V$9/$N46)<1,($I46/1000)/(($L46)*2)*$L46*(0.7/($L46-1))))))))) | ... X46: =IF($L46="","",IF(OR(X$9<$M46,X$9>$N46),"",IF($K46=1,IF((X$9/$M46)=1,($I46/1000)/(($L46)*2)*$L46*1.3,IF((X$9/$M46)>1,($I46/1000)/(($L46)*2)*$L46*(0.7/($L46-1)))),IF($K46=2,($I46/1000)/$L46,IF($K46=3,IF((X$9/$N46)=1,($I46/1000)/(($L46)*2)*$L46*1.3,IF((X$9/$N46)<1,($I46/1000)/(($L46)*2)*$L46*(0.7/($L46-1))))))))) -> 2211
B47: MARCA VIAL CON PINTURA EN FRÍO. | C47: 700.3 | D47: =D46+0.1 -> 5.5 | E47: Señal horizontal para cruce via en cebra en Pintura acrilica de Trafico. (Manual Señalizacion MinT Colombia 2015) | F47: m2 | G47: =MC!C461 -> 1368.04 | H47: =+'5.5'!G42 -> 11080 | I47: =+G47*H47 -> 15157883 | K47: 3 | L47: 2 | M47: 9 | N47: =IF(L47="","",M47+L47-1) -> 10 | O47: =IF($L47="","",IF(OR(O$9<$M47,O$9>$N47),"",IF($K47=1,IF((O$9/$M47)=1,($I47/1000)/(($L47)*2)*$L47*1.3,IF((O$9/$M47)>1,($I47/1000)/(($L47)*2)*$L47*(0.7/($L47-1)))),IF($K47=2,($I47/1000)/$L47,IF($K47=3,IF((O$9/$N47)=1,($I47/1000)/(($L47)*2)*$L47*1.3,IF((O$9/$N47)<1,($I47/1000)/(($L47)*2)*$L47*(0.7/($L47-1))))))))) | P47: =IF($L47="","",IF(OR(P$9<$M47,P$9>$N47),"",IF($K47=1,IF((P$9/$M47)=1,($I47/1000)/(($L47)*2)*$L47*1.3,IF((P$9/$M47)>1,($I47/1000)/(($L47)*2)*$L47*(0.7/($L47-1)))),IF($K47=2,($I47/1000)/$L47,IF($K47=3,IF((P$9/$N47)=1,($I47/1000)/(($L47)*2)*$L47*1.3,IF((P$9/$N47)<1,($I47/1000)/(($L47)*2)*$L47*(0.7/($L47-1))))))))) | Q47: =IF($L47="","",IF(OR(Q$9<$M47,Q$9>$N47),"",IF($K47=1,IF((Q$9/$M47)=1,($I47/1000)/(($L47)*2)*$L47*1.3,IF((Q$9/$M47)>1,($I47/1000)/(($L47)*2)*$L47*(0.7/($L47-1)))),IF($K47=2,($I47/1000)/$L47,IF($K47=3,IF((Q$9/$N47)=1,($I47/1000)/(($L47)*2)*$L47*1.3,IF((Q$9/$N47)<1,($I47/1000)/(($L47)*2)*$L47*(0.7/($L47-1))))))))) | R47: =IF($L47="","",IF(OR(R$9<$M47,R$9>$N47),"",IF($K47=1,IF((R$9/$M47)=1,($I47/1000)/(($L47)*2)*$L47*1.3,IF((R$9/$M47)>1,($I47/1000)/(($L47)*2)*$L47*(0.7/($L47-1)))),IF($K47=2,($I47/1000)/$L47,IF($K47=3,IF((R$9/$N47)=1,($I47/1000)/(($L47)*2)*$L47*1.3,IF((R$9/$N47)<1,($I47/1000)/(($L47)*2)*$L47*(0.7/($L47-1))))))))) | S47: =IF($L47="","",IF(OR(S$9<$M47,S$9>$N47),"",IF($K47=1,IF((S$9/$M47)=1,($I47/1000)/(($L47)*2)*$L47*1.3,IF((S$9/$M47)>1,($I47/1000)/(($L47)*2)*$L47*(0.7/($L47-1)))),IF($K47=2,($I47/1000)/$L47,IF($K47=3,IF((S$9/$N47)=1,($I47/1000)/(($L47)*2)*$L47*1.3,IF((S$9/$N47)<1,($I47/1000)/(($L47)*2)*$L47*(0.7/($L47-1))))))))) | T47: =IF($L47="","",IF(OR(T$9<$M47,T$9>$N47),"",IF($K47=1,IF((T$9/$M47)=1,($I47/1000)/(($L47)*2)*$L47*1.3,IF((T$9/$M47)>1,($I47/1000)/(($L47)*2)*$L47*(0.7/($L47-1)))),IF($K47=2,($I47/1000)/$L47,IF($K47=3,IF((T$9/$N47)=1,($I47/1000)/(($L47)*2)*$L47*1.3,IF((T$9/$N47)<1,($I47/1000)/(($L47)*2)*$L47*(0.7/($L47-1))))))))) | U47: =IF($L47="","",IF(OR(U$9<$M47,U$9>$N47),"",IF($K47=1,IF((U$9/$M47)=1,($I47/1000)/(($L47)*2)*$L47*1.3,IF((U$9/$M47)>1,($I47/1000)/(($L47)*2)*$L47*(0.7/($L47-1)))),IF($K47=2,($I47/1000)/$L47,IF($K47=3,IF((U$9/$N47)=1,($I47/1000)/(($L47)*2)*$L47*1.3,IF((U$9/$N47)<1,($I47/1000)/(($L47)*2)*$L47*(0.7/($L47-1))))))))) | V47: =IF($L47="","",IF(OR(V$9<$M47,V$9>$N47),"",IF($K47=1,IF((V$9/$M47)=1,($I47/1000)/(($L47)*2)*$L47*1.3,IF((V$9/$M47)>1,($I47/1000)/(($L47)*2)*$L47*(0.7/($L47-1)))),IF($K47=2,($I47/1000)/$L47,IF($K47=3,IF((V$9/$N47)=1,($I47/1000)/(($L47)*2)*$L47*1.3,IF((V$9/$N47)<1,($I47/1000)/(($L47)*2)*$L47*(0.7/($L47-1))))))))) | ... X47: =IF($L47="","",IF(OR(X$9<$M47,X$9>$N47),"",IF($K47=1,IF((X$9/$M47)=1,($I47/1000)/(($L47)*2)*$L47*1.3,IF((X$9/$M47)>1,($I47/1000)/(($L47)*2)*$L47*(0.7/($L47-1)))),IF($K47=2,($I47/1000)/$L47,IF($K47=3,IF((X$9/$N47)=1,($I47/1000)/(($L47)*2)*$L47*1.3,IF((X$9/$N47)<1,($I47/1000)/(($L47)*2)*$L47*(0.7/($L47-1))))))))) -> 9853
C48: NP | D48: =D47+0.1 -> 5.6 | E48: Suministro e Instalación de Señal vertical de gran tamaño con descripción de Destino y ubicación, en fondo reflectivo Tipo Alta Intensidad con tablero en lámina cal 16, terminados en pintura electrostática blanca. (Manual Señalización MinT Colombia 2015) | F48: und | G48: 3 | H48: =+'5.6'!G42 -> 1202895 | I48: =+G48*H48 -> 3608685 | K48: 3 | L48: 2 | M48: 9 | N48: =IF(L48="","",M48+L48-1) -> 10 | O48: =IF($L48="","",IF(OR(O$9<$M48,O$9>$N48),"",IF($K48=1,IF((O$9/$M48)=1,($I48/1000)/(($L48)*2)*$L48*1.3,IF((O$9/$M48)>1,($I48/1000)/(($L48)*2)*$L48*(0.7/($L48-1)))),IF($K48=2,($I48/1000)/$L48,IF($K48=3,IF((O$9/$N48)=1,($I48/1000)/(($L48)*2)*$L48*1.3,IF((O$9/$N48)<1,($I48/1000)/(($L48)*2)*$L48*(0.7/($L48-1))))))))) | P48: =IF($L48="","",IF(OR(P$9<$M48,P$9>$N48),"",IF($K48=1,IF((P$9/$M48)=1,($I48/1000)/(($L48)*2)*$L48*1.3,IF((P$9/$M48)>1,($I48/1000)/(($L48)*2)*$L48*(0.7/($L48-1)))),IF($K48=2,($I48/1000)/$L48,IF($K48=3,IF((P$9/$N48)=1,($I48/1000)/(($L48)*2)*$L48*1.3,IF((P$9/$N48)<1,($I48/1000)/(($L48)*2)*$L48*(0.7/($L48-1))))))))) | Q48: =IF($L48="","",IF(OR(Q$9<$M48,Q$9>$N48),"",IF($K48=1,IF((Q$9/$M48)=1,($I48/1000)/(($L48)*2)*$L48*1.3,IF((Q$9/$M48)>1,($I48/1000)/(($L48)*2)*$L48*(0.7/($L48-1)))),IF($K48=2,($I48/1000)/$L48,IF($K48=3,IF((Q$9/$N48)=1,($I48/1000)/(($L48)*2)*$L48*1.3,IF((Q$9/$N48)<1,($I48/1000)/(($L48)*2)*$L48*(0.7/($L48-1))))))))) | R48: =IF($L48="","",IF(OR(R$9<$M48,R$9>$N48),"",IF($K48=1,IF((R$9/$M48)=1,($I48/1000)/(($L48)*2)*$L48*1.3,IF((R$9/$M48)>1,($I48/1000)/(($L48)*2)*$L48*(0.7/($L48-1)))),IF($K48=2,($I48/1000)/$L48,IF($K48=3,IF((R$9/$N48)=1,($I48/1000)/(($L48)*2)*$L48*1.3,IF((R$9/$N48)<1,($I48/1000)/(($L48)*2)*$L48*(0.7/($L48-1))))))))) | S48: =IF($L48="","",IF(OR(S$9<$M48,S$9>$N48),"",IF($K48=1,IF((S$9/$M48)=1,($I48/1000)/(($L48)*2)*$L48*1.3,IF((S$9/$M48)>1,($I48/1000)/(($L48)*2)*$L48*(0.7/($L48-1)))),IF($K48=2,($I48/1000)/$L48,IF($K48=3,IF((S$9/$N48)=1,($I48/1000)/(($L48)*2)*$L48*1.3,IF((S$9/$N48)<1,($I48/1000)/(($L48)*2)*$L48*(0.7/($L48-1))))))))) | T48: =IF($L48="","",IF(OR(T$9<$M48,T$9>$N48),"",IF($K48=1,IF((T$9/$M48)=1,($I48/1000)/(($L48)*2)*$L48*1.3,IF((T$9/$M48)>1,($I48/1000)/(($L48)*2)*$L48*(0.7/($L48-1)))),IF($K48=2,($I48/1000)/$L48,IF($K48=3,IF((T$9/$N48)=1,($I48/1000)/(($L48)*2)*$L48*1.3,IF((T$9/$N48)<1,($I48/1000)/(($L48)*2)*$L48*(0.7/($L48-1))))))))) | U48: =IF($L48="","",IF(OR(U$9<$M48,U$9>$N48),"",IF($K48=1,IF((U$9/$M48)=1,($I48/1000)/(($L48)*2)*$L48*1.3,IF((U$9/$M48)>1,($I48/1000)/(($L48)*2)*$L48*(0.7/($L48-1)))),IF($K48=2,($I48/1000)/$L48,IF($K48=3,IF((U$9/$N48)=1,($I48/1000)/(($L48)*2)*$L48*1.3,IF((U$9/$N48)<1,($I48/1000)/(($L48)*2)*$L48*(0.7/($L48-1))))))))) | V48: =IF($L48="","",IF(OR(V$9<$M48,V$9>$N48),"",IF($K48=1,IF((V$9/$M48)=1,($I48/1000)/(($L48)*2)*$L48*1.3,IF((V$9/$M48)>1,($I48/1000)/(($L48)*2)*$L48*(0.7/($L48-1)))),IF($K48=2,($I48/1000)/$L48,IF($K48=3,IF((V$9/$N48)=1,($I48/1000)/(($L48)*2)*$L48*1.3,IF((V$9/$N48)<1,($I48/1000)/(($L48)*2)*$L48*(0.7/($L48-1))))))))) | ... X48: =IF($L48="","",IF(OR(X$9<$M48,X$9>$N48),"",IF($K48=1,IF((X$9/$M48)=1,($I48/1000)/(($L48)*2)*$L48*1.3,IF((X$9/$M48)>1,($I48/1000)/(($L48)*2)*$L48*(0.7/($L48-1)))),IF($K48=2,($I48/1000)/$L48,IF($K48=3,IF((X$9/$N48)=1,($I48/1000)/(($L48)*2)*$L48*1.3,IF((X$9/$N48)<1,($I48/1000)/(($L48)*2)*$L48*(0.7/($L48-1))))))))) -> 2346
C49: NP | D49: =D48+0.1 -> 5.7 | E49: Señal horizontal de PARE con linea delimitadora en Pintura acrilica de Trafico. (Manual Señalizacion MinT Colombia 2015) | F49: und | G49: =MC!C469 -> 42 | H49: ='5.7'!G42 -> 85359 | I49: =+G49*H49 -> 3585078 | K49: 3 | L49: 2 | M49: 9 | N49: =IF(L49="","",M49+L49-1) -> 10 | O49: =IF($L49="","",IF(OR(O$9<$M49,O$9>$N49),"",IF($K49=1,IF((O$9/$M49)=1,($I49/1000)/(($L49)*2)*$L49*1.3,IF((O$9/$M49)>1,($I49/1000)/(($L49)*2)*$L49*(0.7/($L49-1)))),IF($K49=2,($I49/1000)/$L49,IF($K49=3,IF((O$9/$N49)=1,($I49/1000)/(($L49)*2)*$L49*1.3,IF((O$9/$N49)<1,($I49/1000)/(($L49)*2)*$L49*(0.7/($L49-1))))))))) | P49: =IF($L49="","",IF(OR(P$9<$M49,P$9>$N49),"",IF($K49=1,IF((P$9/$M49)=1,($I49/1000)/(($L49)*2)*$L49*1.3,IF((P$9/$M49)>1,($I49/1000)/(($L49)*2)*$L49*(0.7/($L49-1)))),IF($K49=2,($I49/1000)/$L49,IF($K49=3,IF((P$9/$N49)=1,($I49/1000)/(($L49)*2)*$L49*1.3,IF((P$9/$N49)<1,($I49/1000)/(($L49)*2)*$L49*(0.7/($L49-1))))))))) | Q49: =IF($L49="","",IF(OR(Q$9<$M49,Q$9>$N49),"",IF($K49=1,IF((Q$9/$M49)=1,($I49/1000)/(($L49)*2)*$L49*1.3,IF((Q$9/$M49)>1,($I49/1000)/(($L49)*2)*$L49*(0.7/($L49-1)))),IF($K49=2,($I49/1000)/$L49,IF($K49=3,IF((Q$9/$N49)=1,($I49/1000)/(($L49)*2)*$L49*1.3,IF((Q$9/$N49)<1,($I49/1000)/(($L49)*2)*$L49*(0.7/($L49-1))))))))) | R49: =IF($L49="","",IF(OR(R$9<$M49,R$9>$N49),"",IF($K49=1,IF((R$9/$M49)=1,($I49/1000)/(($L49)*2)*$L49*1.3,IF((R$9/$M49)>1,($I49/1000)/(($L49)*2)*$L49*(0.7/($L49-1)))),IF($K49=2,($I49/1000)/$L49,IF($K49=3,IF((R$9/$N49)=1,($I49/1000)/(($L49)*2)*$L49*1.3,IF((R$9/$N49)<1,($I49/1000)/(($L49)*2)*$L49*(0.7/($L49-1))))))))) | S49: =IF($L49="","",IF(OR(S$9<$M49,S$9>$N49),"",IF($K49=1,IF((S$9/$M49)=1,($I49/1000)/(($L49)*2)*$L49*1.3,IF((S$9/$M49)>1,($I49/1000)/(($L49)*2)*$L49*(0.7/($L49-1)))),IF($K49=2,($I49/1000)/$L49,IF($K49=3,IF((S$9/$N49)=1,($I49/1000)/(($L49)*2)*$L49*1.3,IF((S$9/$N49)<1,($I49/1000)/(($L49)*2)*$L49*(0.7/($L49-1))))))))) | T49: =IF($L49="","",IF(OR(T$9<$M49,T$9>$N49),"",IF($K49=1,IF((T$9/$M49)=1,($I49/1000)/(($L49)*2)*$L49*1.3,IF((T$9/$M49)>1,($I49/1000)/(($L49)*2)*$L49*(0.7/($L49-1)))),IF($K49=2,($I49/1000)/$L49,IF($K49=3,IF((T$9/$N49)=1,($I49/1000)/(($L49)*2)*$L49*1.3,IF((T$9/$N49)<1,($I49/1000)/(($L49)*2)*$L49*(0.7/($L49-1))))))))) | U49: =IF($L49="","",IF(OR(U$9<$M49,U$9>$N49),"",IF($K49=1,IF((U$9/$M49)=1,($I49/1000)/(($L49)*2)*$L49*1.3,IF((U$9/$M49)>1,($I49/1000)/(($L49)*2)*$L49*(0.7/($L49-1)))),IF($K49=2,($I49/1000)/$L49,IF($K49=3,IF((U$9/$N49)=1,($I49/1000)/(($L49)*2)*$L49*1.3,IF((U$9/$N49)<1,($I49/1000)/(($L49)*2)*$L49*(0.7/($L49-1))))))))) | V49: =IF($L49="","",IF(OR(V$9<$M49,V$9>$N49),"",IF($K49=1,IF((V$9/$M49)=1,($I49/1000)/(($L49)*2)*$L49*1.3,IF((V$9/$M49)>1,($I49/1000)/(($L49)*2)*$L49*(0.7/($L49-1)))),IF($K49=2,($I49/1000)/$L49,IF($K49=3,IF((V$9/$N49)=1,($I49/1000)/(($L49)*2)*$L49*1.3,IF((V$9/$N49)<1,($I49/1000)/(($L49)*2)*$L49*(0.7/($L49-1))))))))) | ... X49: =IF($L49="","",IF(OR(X$9<$M49,X$9>$N49),"",IF($K49=1,IF((X$9/$M49)=1,($I49/1000)/(($L49)*2)*$L49*1.3,IF((X$9/$M49)>1,($I49/1000)/(($L49)*2)*$L49*(0.7/($L49-1)))),IF($K49=2,($I49/1000)/$L49,IF($K49=3,IF((X$9/$N49)=1,($I49/1000)/(($L49)*2)*$L49*1.3,IF((X$9/$N49)<1,($I49/1000)/(($L49)*2)*$L49*(0.7/($L49-1))))))))) -> 2330
C50: NP | D50: =D49+0.1 -> 5.8 | E50: Suministro e Instalacion deTachas reflectivas Bidireccionales. (Manual Señalizacion MinT Colombia 2015) | F50: und | G50: =MC!C473 -> 6233 | H50: ='5.8'!G42 -> 14820 | I50: =+G50*H50 -> 92373060 | K50: 3 | L50: 2 | M50: 9 | N50: =IF(L50="","",M50+L50-1) -> 10 | O50: =IF($L50="","",IF(OR(O$9<$M50,O$9>$N50),"",IF($K50=1,IF((O$9/$M50)=1,($I50/1000)/(($L50)*2)*$L50*1.3,IF((O$9/$M50)>1,($I50/1000)/(($L50)*2)*$L50*(0.7/($L50-1)))),IF($K50=2,($I50/1000)/$L50,IF($K50=3,IF((O$9/$N50)=1,($I50/1000)/(($L50)*2)*$L50*1.3,IF((O$9/$N50)<1,($I50/1000)/(($L50)*2)*$L50*(0.7/($L50-1))))))))) | P50: =IF($L50="","",IF(OR(P$9<$M50,P$9>$N50),"",IF($K50=1,IF((P$9/$M50)=1,($I50/1000)/(($L50)*2)*$L50*1.3,IF((P$9/$M50)>1,($I50/1000)/(($L50)*2)*$L50*(0.7/($L50-1)))),IF($K50=2,($I50/1000)/$L50,IF($K50=3,IF((P$9/$N50)=1,($I50/1000)/(($L50)*2)*$L50*1.3,IF((P$9/$N50)<1,($I50/1000)/(($L50)*2)*$L50*(0.7/($L50-1))))))))) | Q50: =IF($L50="","",IF(OR(Q$9<$M50,Q$9>$N50),"",IF($K50=1,IF((Q$9/$M50)=1,($I50/1000)/(($L50)*2)*$L50*1.3,IF((Q$9/$M50)>1,($I50/1000)/(($L50)*2)*$L50*(0.7/($L50-1)))),IF($K50=2,($I50/1000)/$L50,IF($K50=3,IF((Q$9/$N50)=1,($I50/1000)/(($L50)*2)*$L50*1.3,IF((Q$9/$N50)<1,($I50/1000)/(($L50)*2)*$L50*(0.7/($L50-1))))))))) | R50: =IF($L50="","",IF(OR(R$9<$M50,R$9>$N50),"",IF($K50=1,IF((R$9/$M50)=1,($I50/1000)/(($L50)*2)*$L50*1.3,IF((R$9/$M50)>1,($I50/1000)/(($L50)*2)*$L50*(0.7/($L50-1)))),IF($K50=2,($I50/1000)/$L50,IF($K50=3,IF((R$9/$N50)=1,($I50/1000)/(($L50)*2)*$L50*1.3,IF((R$9/$N50)<1,($I50/1000)/(($L50)*2)*$L50*(0.7/($L50-1))))))))) | S50: =IF($L50="","",IF(OR(S$9<$M50,S$9>$N50),"",IF($K50=1,IF((S$9/$M50)=1,($I50/1000)/(($L50)*2)*$L50*1.3,IF((S$9/$M50)>1,($I50/1000)/(($L50)*2)*$L50*(0.7/($L50-1)))),IF($K50=2,($I50/1000)/$L50,IF($K50=3,IF((S$9/$N50)=1,($I50/1000)/(($L50)*2)*$L50*1.3,IF((S$9/$N50)<1,($I50/1000)/(($L50)*2)*$L50*(0.7/($L50-1))))))))) | T50: =IF($L50="","",IF(OR(T$9<$M50,T$9>$N50),"",IF($K50=1,IF((T$9/$M50)=1,($I50/1000)/(($L50)*2)*$L50*1.3,IF((T$9/$M50)>1,($I50/1000)/(($L50)*2)*$L50*(0.7/($L50-1)))),IF($K50=2,($I50/1000)/$L50,IF($K50=3,IF((T$9/$N50)=1,($I50/1000)/(($L50)*2)*$L50*1.3,IF((T$9/$N50)<1,($I50/1000)/(($L50)*2)*$L50*(0.7/($L50-1))))))))) | U50: =IF($L50="","",IF(OR(U$9<$M50,U$9>$N50),"",IF($K50=1,IF((U$9/$M50)=1,($I50/1000)/(($L50)*2)*$L50*1.3,IF((U$9/$M50)>1,($I50/1000)/(($L50)*2)*$L50*(0.7/($L50-1)))),IF($K50=2,($I50/1000)/$L50,IF($K50=3,IF((U$9/$N50)=1,($I50/1000)/(($L50)*2)*$L50*1.3,IF((U$9/$N50)<1,($I50/1000)/(($L50)*2)*$L50*(0.7/($L50-1))))))))) | V50: =IF($L50="","",IF(OR(V$9<$M50,V$9>$N50),"",IF($K50=1,IF((V$9/$M50)=1,($I50/1000)/(($L50)*2)*$L50*1.3,IF((V$9/$M50)>1,($I50/1000)/(($L50)*2)*$L50*(0.7/($L50-1)))),IF($K50=2,($I50/1000)/$L50,IF($K50=3,IF((V$9/$N50)=1,($I50/1000)/(($L50)*2)*$L50*1.3,IF((V$9/$N50)<1,($I50/1000)/(($L50)*2)*$L50*(0.7/($L50-1))))))))) | ... X50: =IF($L50="","",IF(OR(X$9<$M50,X$9>$N50),"",IF($K50=1,IF((X$9/$M50)=1,($I50/1000)/(($L50)*2)*$L50*1.3,IF((X$9/$M50)>1,($I50/1000)/(($L50)*2)*$L50*(0.7/($L50-1)))),IF($K50=2,($I50/1000)/$L50,IF($K50=3,IF((X$9/$N50)=1,($I50/1000)/(($L50)*2)*$L50*1.3,IF((X$9/$N50)<1,($I50/1000)/(($L50)*2)*$L50*(0.7/($L50-1))))))))) -> 60042
C51: NP | D51: =D50+0.1 -> 5.9 | E51: Suministro e Instalacion de Tachas Solares. | F51: und | G51: =MC!C477 -> 114 | H51: ='5.9'!G42 -> 54658 | I51: =+G51*H51 -> 6231012 | K51: 3 | L51: 2 | M51: 9 | N51: =IF(L51="","",M51+L51-1) -> 10 | O51: =IF($L51="","",IF(OR(O$9<$M51,O$9>$N51),"",IF($K51=1,IF((O$9/$M51)=1,($I51/1000)/(($L51)*2)*$L51*1.3,IF((O$9/$M51)>1,($I51/1000)/(($L51)*2)*$L51*(0.7/($L51-1)))),IF($K51=2,($I51/1000)/$L51,IF($K51=3,IF((O$9/$N51)=1,($I51/1000)/(($L51)*2)*$L51*1.3,IF((O$9/$N51)<1,($I51/1000)/(($L51)*2)*$L51*(0.7/($L51-1))))))))) | P51: =IF($L51="","",IF(OR(P$9<$M51,P$9>$N51),"",IF($K51=1,IF((P$9/$M51)=1,($I51/1000)/(($L51)*2)*$L51*1.3,IF((P$9/$M51)>1,($I51/1000)/(($L51)*2)*$L51*(0.7/($L51-1)))),IF($K51=2,($I51/1000)/$L51,IF($K51=3,IF((P$9/$N51)=1,($I51/1000)/(($L51)*2)*$L51*1.3,IF((P$9/$N51)<1,($I51/1000)/(($L51)*2)*$L51*(0.7/($L51-1))))))))) | Q51: =IF($L51="","",IF(OR(Q$9<$M51,Q$9>$N51),"",IF($K51=1,IF((Q$9/$M51)=1,($I51/1000)/(($L51)*2)*$L51*1.3,IF((Q$9/$M51)>1,($I51/1000)/(($L51)*2)*$L51*(0.7/($L51-1)))),IF($K51=2,($I51/1000)/$L51,IF($K51=3,IF((Q$9/$N51)=1,($I51/1000)/(($L51)*2)*$L51*1.3,IF((Q$9/$N51)<1,($I51/1000)/(($L51)*2)*$L51*(0.7/($L51-1))))))))) | R51: =IF($L51="","",IF(OR(R$9<$M51,R$9>$N51),"",IF($K51=1,IF((R$9/$M51)=1,($I51/1000)/(($L51)*2)*$L51*1.3,IF((R$9/$M51)>1,($I51/1000)/(($L51)*2)*$L51*(0.7/($L51-1)))),IF($K51=2,($I51/1000)/$L51,IF($K51=3,IF((R$9/$N51)=1,($I51/1000)/(($L51)*2)*$L51*1.3,IF((R$9/$N51)<1,($I51/1000)/(($L51)*2)*$L51*(0.7/($L51-1))))))))) | S51: =IF($L51="","",IF(OR(S$9<$M51,S$9>$N51),"",IF($K51=1,IF((S$9/$M51)=1,($I51/1000)/(($L51)*2)*$L51*1.3,IF((S$9/$M51)>1,($I51/1000)/(($L51)*2)*$L51*(0.7/($L51-1)))),IF($K51=2,($I51/1000)/$L51,IF($K51=3,IF((S$9/$N51)=1,($I51/1000)/(($L51)*2)*$L51*1.3,IF((S$9/$N51)<1,($I51/1000)/(($L51)*2)*$L51*(0.7/($L51-1))))))))) | T51: =IF($L51="","",IF(OR(T$9<$M51,T$9>$N51),"",IF($K51=1,IF((T$9/$M51)=1,($I51/1000)/(($L51)*2)*$L51*1.3,IF((T$9/$M51)>1,($I51/1000)/(($L51)*2)*$L51*(0.7/($L51-1)))),IF($K51=2,($I51/1000)/$L51,IF($K51=3,IF((T$9/$N51)=1,($I51/1000)/(($L51)*2)*$L51*1.3,IF((T$9/$N51)<1,($I51/1000)/(($L51)*2)*$L51*(0.7/($L51-1))))))))) | U51: =IF($L51="","",IF(OR(U$9<$M51,U$9>$N51),"",IF($K51=1,IF((U$9/$M51)=1,($I51/1000)/(($L51)*2)*$L51*1.3,IF((U$9/$M51)>1,($I51/1000)/(($L51)*2)*$L51*(0.7/($L51-1)))),IF($K51=2,($I51/1000)/$L51,IF($K51=3,IF((U$9/$N51)=1,($I51/1000)/(($L51)*2)*$L51*1.3,IF((U$9/$N51)<1,($I51/1000)/(($L51)*2)*$L51*(0.7/($L51-1))))))))) | V51: =IF($L51="","",IF(OR(V$9<$M51,V$9>$N51),"",IF($K51=1,IF((V$9/$M51)=1,($I51/1000)/(($L51)*2)*$L51*1.3,IF((V$9/$M51)>1,($I51/1000)/(($L51)*2)*$L51*(0.7/($L51-1)))),IF($K51=2,($I51/1000)/$L51,IF($K51=3,IF((V$9/$N51)=1,($I51/1000)/(($L51)*2)*$L51*1.3,IF((V$9/$N51)<1,($I51/1000)/(($L51)*2)*$L51*(0.7/($L51-1))))))))) | ... X51: =IF($L51="","",IF(OR(X$9<$M51,X$9>$N51),"",IF($K51=1,IF((X$9/$M51)=1,($I51/1000)/(($L51)*2)*$L51*1.3,IF((X$9/$M51)>1,($I51/1000)/(($L51)*2)*$L51*(0.7/($L51-1)))),IF($K51=2,($I51/1000)/$L51,IF($K51=3,IF((X$9/$N51)=1,($I51/1000)/(($L51)*2)*$L51*1.3,IF((X$9/$N51)<1,($I51/1000)/(($L51)*2)*$L51*(0.7/($L51-1))))))))) -> 4050
C52: NP | D52: 5.10 | E52: Suministro e Instalacion de tachon reflectivo 8x15x40 cm | F52: und | G52: =MC!C483 -> 778 | H52: ='5.10'!G42 -> 40358 | I52: =+G52*H52 -> 31398524 | K52: 3 | L52: 2 | M52: 9 | N52: =IF(L52="","",M52+L52-1) -> 10 | O52: =IF($L52="","",IF(OR(O$9<$M52,O$9>$N52),"",IF($K52=1,IF((O$9/$M52)=1,($I52/1000)/(($L52)*2)*$L52*1.3,IF((O$9/$M52)>1,($I52/1000)/(($L52)*2)*$L52*(0.7/($L52-1)))),IF($K52=2,($I52/1000)/$L52,IF($K52=3,IF((O$9/$N52)=1,($I52/1000)/(($L52)*2)*$L52*1.3,IF((O$9/$N52)<1,($I52/1000)/(($L52)*2)*$L52*(0.7/($L52-1))))))))) | P52: =IF($L52="","",IF(OR(P$9<$M52,P$9>$N52),"",IF($K52=1,IF((P$9/$M52)=1,($I52/1000)/(($L52)*2)*$L52*1.3,IF((P$9/$M52)>1,($I52/1000)/(($L52)*2)*$L52*(0.7/($L52-1)))),IF($K52=2,($I52/1000)/$L52,IF($K52=3,IF((P$9/$N52)=1,($I52/1000)/(($L52)*2)*$L52*1.3,IF((P$9/$N52)<1,($I52/1000)/(($L52)*2)*$L52*(0.7/($L52-1))))))))) | Q52: =IF($L52="","",IF(OR(Q$9<$M52,Q$9>$N52),"",IF($K52=1,IF((Q$9/$M52)=1,($I52/1000)/(($L52)*2)*$L52*1.3,IF((Q$9/$M52)>1,($I52/1000)/(($L52)*2)*$L52*(0.7/($L52-1)))),IF($K52=2,($I52/1000)/$L52,IF($K52=3,IF((Q$9/$N52)=1,($I52/1000)/(($L52)*2)*$L52*1.3,IF((Q$9/$N52)<1,($I52/1000)/(($L52)*2)*$L52*(0.7/($L52-1))))))))) | R52: =IF($L52="","",IF(OR(R$9<$M52,R$9>$N52),"",IF($K52=1,IF((R$9/$M52)=1,($I52/1000)/(($L52)*2)*$L52*1.3,IF((R$9/$M52)>1,($I52/1000)/(($L52)*2)*$L52*(0.7/($L52-1)))),IF($K52=2,($I52/1000)/$L52,IF($K52=3,IF((R$9/$N52)=1,($I52/1000)/(($L52)*2)*$L52*1.3,IF((R$9/$N52)<1,($I52/1000)/(($L52)*2)*$L52*(0.7/($L52-1))))))))) | S52: =IF($L52="","",IF(OR(S$9<$M52,S$9>$N52),"",IF($K52=1,IF((S$9/$M52)=1,($I52/1000)/(($L52)*2)*$L52*1.3,IF((S$9/$M52)>1,($I52/1000)/(($L52)*2)*$L52*(0.7/($L52-1)))),IF($K52=2,($I52/1000)/$L52,IF($K52=3,IF((S$9/$N52)=1,($I52/1000)/(($L52)*2)*$L52*1.3,IF((S$9/$N52)<1,($I52/1000)/(($L52)*2)*$L52*(0.7/($L52-1))))))))) | T52: =IF($L52="","",IF(OR(T$9<$M52,T$9>$N52),"",IF($K52=1,IF((T$9/$M52)=1,($I52/1000)/(($L52)*2)*$L52*1.3,IF((T$9/$M52)>1,($I52/1000)/(($L52)*2)*$L52*(0.7/($L52-1)))),IF($K52=2,($I52/1000)/$L52,IF($K52=3,IF((T$9/$N52)=1,($I52/1000)/(($L52)*2)*$L52*1.3,IF((T$9/$N52)<1,($I52/1000)/(($L52)*2)*$L52*(0.7/($L52-1))))))))) | U52: =IF($L52="","",IF(OR(U$9<$M52,U$9>$N52),"",IF($K52=1,IF((U$9/$M52)=1,($I52/1000)/(($L52)*2)*$L52*1.3,IF((U$9/$M52)>1,($I52/1000)/(($L52)*2)*$L52*(0.7/($L52-1)))),IF($K52=2,($I52/1000)/$L52,IF($K52=3,IF((U$9/$N52)=1,($I52/1000)/(($L52)*2)*$L52*1.3,IF((U$9/$N52)<1,($I52/1000)/(($L52)*2)*$L52*(0.7/($L52-1))))))))) | V52: =IF($L52="","",IF(OR(V$9<$M52,V$9>$N52),"",IF($K52=1,IF((V$9/$M52)=1,($I52/1000)/(($L52)*2)*$L52*1.3,IF((V$9/$M52)>1,($I52/1000)/(($L52)*2)*$L52*(0.7/($L52-1)))),IF($K52=2,($I52/1000)/$L52,IF($K52=3,IF((V$9/$N52)=1,($I52/1000)/(($L52)*2)*$L52*1.3,IF((V$9/$N52)<1,($I52/1000)/(($L52)*2)*$L52*(0.7/($L52-1))))))))) | ... X52: =IF($L52="","",IF(OR(X$9<$M52,X$9>$N52),"",IF($K52=1,IF((X$9/$M52)=1,($I52/1000)/(($L52)*2)*$L52*1.3,IF((X$9/$M52)>1,($I52/1000)/(($L52)*2)*$L52*(0.7/($L52-1)))),IF($K52=2,($I52/1000)/$L52,IF($K52=3,IF((X$9/$N52)=1,($I52/1000)/(($L52)*2)*$L52*1.3,IF((X$9/$N52)<1,($I52/1000)/(($L52)*2)*$L52*(0.7/($L52-1))))))))) -> 20409
D53: =CONCATENATE("SUBTOTAL ",E42) -> SUBTOTAL SEÑALIZACION Y DEMARCACIONES | I53: =SUM(I43:I52) -> 221150117 | K53: 2 | N53: =IF(L53="","",M53+L53-1) | O53: =IF($L53="","",IF(OR(O$9<$M53,O$9>$N53),"",IF($K53=1,IF((O$9/$M53)=1,($I53/1000)/(($L53)*2)*$L53*1.3,IF((O$9/$M53)>1,($I53/1000)/(($L53)*2)*$L53*(0.7/($L53-1)))),IF($K53=2,($I53/1000)/$L53,IF($K53=3,IF((O$9/$N53)=1,($I53/1000)/(($L53)*2)*$L53*1.3,IF((O$9/$N53)<1,($I53/1000)/(($L53)*2)*$L53*(0.7/($L53-1))))))))) | P53: =IF($L53="","",IF(OR(P$9<$M53,P$9>$N53),"",IF($K53=1,IF((P$9/$M53)=1,($I53/1000)/(($L53)*2)*$L53*1.3,IF((P$9/$M53)>1,($I53/1000)/(($L53)*2)*$L53*(0.7/($L53-1)))),IF($K53=2,($I53/1000)/$L53,IF($K53=3,IF((P$9/$N53)=1,($I53/1000)/(($L53)*2)*$L53*1.3,IF((P$9/$N53)<1,($I53/1000)/(($L53)*2)*$L53*(0.7/($L53-1))))))))) | Q53: =IF($L53="","",IF(OR(Q$9<$M53,Q$9>$N53),"",IF($K53=1,IF((Q$9/$M53)=1,($I53/1000)/(($L53)*2)*$L53*1.3,IF((Q$9/$M53)>1,($I53/1000)/(($L53)*2)*$L53*(0.7/($L53-1)))),IF($K53=2,($I53/1000)/$L53,IF($K53=3,IF((Q$9/$N53)=1,($I53/1000)/(($L53)*2)*$L53*1.3,IF((Q$9/$N53)<1,($I53/1000)/(($L53)*2)*$L53*(0.7/($L53-1))))))))) | R53: =IF($L53="","",IF(OR(R$9<$M53,R$9>$N53),"",IF($K53=1,IF((R$9/$M53)=1,($I53/1000)/(($L53)*2)*$L53*1.3,IF((R$9/$M53)>1,($I53/1000)/(($L53)*2)*$L53*(0.7/($L53-1)))),IF($K53=2,($I53/1000)/$L53,IF($K53=3,IF((R$9/$N53)=1,($I53/1000)/(($L53)*2)*$L53*1.3,IF((R$9/$N53)<1,($I53/1000)/(($L53)*2)*$L53*(0.7/($L53-1))))))))) | S53: =IF($L53="","",IF(OR(S$9<$M53,S$9>$N53),"",IF($K53=1,IF((S$9/$M53)=1,($I53/1000)/(($L53)*2)*$L53*1.3,IF((S$9/$M53)>1,($I53/1000)/(($L53)*2)*$L53*(0.7/($L53-1)))),IF($K53=2,($I53/1000)/$L53,IF($K53=3,IF((S$9/$N53)=1,($I53/1000)/(($L53)*2)*$L53*1.3,IF((S$9/$N53)<1,($I53/1000)/(($L53)*2)*$L53*(0.7/($L53-1))))))))) | T53: =IF($L53="","",IF(OR(T$9<$M53,T$9>$N53),"",IF($K53=1,IF((T$9/$M53)=1,($I53/1000)/(($L53)*2)*$L53*1.3,IF((T$9/$M53)>1,($I53/1000)/(($L53)*2)*$L53*(0.7/($L53-1)))),IF($K53=2,($I53/1000)/$L53,IF($K53=3,IF((T$9/$N53)=1,($I53/1000)/(($L53)*2)*$L53*1.3,IF((T$9/$N53)<1,($I53/1000)/(($L53)*2)*$L53*(0.7/($L53-1))))))))) | U53: =IF($L53="","",IF(OR(U$9<$M53,U$9>$N53),"",IF($K53=1,IF((U$9/$M53)=1,($I53/1000)/(($L53)*2)*$L53*1.3,IF((U$9/$M53)>1,($I53/1000)/(($L53)*2)*$L53*(0.7/($L53-1)))),IF($K53=2,($I53/1000)/$L53,IF($K53=3,IF((U$9/$N53)=1,($I53/1000)/(($L53)*2)*$L53*1.3,IF((U$9/$N53)<1,($I53/1000)/(($L53)*2)*$L53*(0.7/($L53-1))))))))) | V53: =IF($L53="","",IF(OR(V$9<$M53,V$9>$N53),"",IF($K53=1,IF((V$9/$M53)=1,($I53/1000)/(($L53)*2)*$L53*1.3,IF((V$9/$M53)>1,($I53/1000)/(($L53)*2)*$L53*(0.7/($L53-1)))),IF($K53=2,($I53/1000)/$L53,IF($K53=3,IF((V$9/$N53)=1,($I53/1000)/(($L53)*2)*$L53*1.3,IF((V$9/$N53)<1,($I53/1000)/(($L53)*2)*$L53*(0.7/($L53-1))))))))) | ... X53: =IF($L53="","",IF(OR(X$9<$M53,X$9>$N53),"",IF($K53=1,IF((X$9/$M53)=1,($I53/1000)/(($L53)*2)*$L53*1.3,IF((X$9/$M53)>1,($I53/1000)/(($L53)*2)*$L53*(0.7/($L53-1)))),IF($K53=2,($I53/1000)/$L53,IF($K53=3,IF((X$9/$N53)=1,($I53/1000)/(($L53)*2)*$L53*1.3,IF((X$9/$N53)<1,($I53/1000)/(($L53)*2)*$L53*(0.7/($L53-1)))))))))
D54: 6 | E54: SISTEMAS HIDROSANITARIOS | K54: 2 | N54: =IF(L54="","",M54+L54-1) | O54: =IF($L54="","",IF(OR(O$9<$M54,O$9>$N54),"",IF($K54=1,IF((O$9/$M54)=1,($I54/1000)/(($L54)*2)*$L54*1.3,IF((O$9/$M54)>1,($I54/1000)/(($L54)*2)*$L54*(0.7/($L54-1)))),IF($K54=2,($I54/1000)/$L54,IF($K54=3,IF((O$9/$N54)=1,($I54/1000)/(($L54)*2)*$L54*1.3,IF((O$9/$N54)<1,($I54/1000)/(($L54)*2)*$L54*(0.7/($L54-1))))))))) | P54: =IF($L54="","",IF(OR(P$9<$M54,P$9>$N54),"",IF($K54=1,IF((P$9/$M54)=1,($I54/1000)/(($L54)*2)*$L54*1.3,IF((P$9/$M54)>1,($I54/1000)/(($L54)*2)*$L54*(0.7/($L54-1)))),IF($K54=2,($I54/1000)/$L54,IF($K54=3,IF((P$9/$N54)=1,($I54/1000)/(($L54)*2)*$L54*1.3,IF((P$9/$N54)<1,($I54/1000)/(($L54)*2)*$L54*(0.7/($L54-1))))))))) | Q54: =IF($L54="","",IF(OR(Q$9<$M54,Q$9>$N54),"",IF($K54=1,IF((Q$9/$M54)=1,($I54/1000)/(($L54)*2)*$L54*1.3,IF((Q$9/$M54)>1,($I54/1000)/(($L54)*2)*$L54*(0.7/($L54-1)))),IF($K54=2,($I54/1000)/$L54,IF($K54=3,IF((Q$9/$N54)=1,($I54/1000)/(($L54)*2)*$L54*1.3,IF((Q$9/$N54)<1,($I54/1000)/(($L54)*2)*$L54*(0.7/($L54-1))))))))) | R54: =IF($L54="","",IF(OR(R$9<$M54,R$9>$N54),"",IF($K54=1,IF((R$9/$M54)=1,($I54/1000)/(($L54)*2)*$L54*1.3,IF((R$9/$M54)>1,($I54/1000)/(($L54)*2)*$L54*(0.7/($L54-1)))),IF($K54=2,($I54/1000)/$L54,IF($K54=3,IF((R$9/$N54)=1,($I54/1000)/(($L54)*2)*$L54*1.3,IF((R$9/$N54)<1,($I54/1000)/(($L54)*2)*$L54*(0.7/($L54-1))))))))) | S54: =IF($L54="","",IF(OR(S$9<$M54,S$9>$N54),"",IF($K54=1,IF((S$9/$M54)=1,($I54/1000)/(($L54)*2)*$L54*1.3,IF((S$9/$M54)>1,($I54/1000)/(($L54)*2)*$L54*(0.7/($L54-1)))),IF($K54=2,($I54/1000)/$L54,IF($K54=3,IF((S$9/$N54)=1,($I54/1000)/(($L54)*2)*$L54*1.3,IF((S$9/$N54)<1,($I54/1000)/(($L54)*2)*$L54*(0.7/($L54-1))))))))) | T54: =IF($L54="","",IF(OR(T$9<$M54,T$9>$N54),"",IF($K54=1,IF((T$9/$M54)=1,($I54/1000)/(($L54)*2)*$L54*1.3,IF((T$9/$M54)>1,($I54/1000)/(($L54)*2)*$L54*(0.7/($L54-1)))),IF($K54=2,($I54/1000)/$L54,IF($K54=3,IF((T$9/$N54)=1,($I54/1000)/(($L54)*2)*$L54*1.3,IF((T$9/$N54)<1,($I54/1000)/(($L54)*2)*$L54*(0.7/($L54-1))))))))) | U54: =IF($L54="","",IF(OR(U$9<$M54,U$9>$N54),"",IF($K54=1,IF((U$9/$M54)=1,($I54/1000)/(($L54)*2)*$L54*1.3,IF((U$9/$M54)>1,($I54/1000)/(($L54)*2)*$L54*(0.7/($L54-1)))),IF($K54=2,($I54/1000)/$L54,IF($K54=3,IF((U$9/$N54)=1,($I54/1000)/(($L54)*2)*$L54*1.3,IF((U$9/$N54)<1,($I54/1000)/(($L54)*2)*$L54*(0.7/($L54-1))))))))) | V54: =IF($L54="","",IF(OR(V$9<$M54,V$9>$N54),"",IF($K54=1,IF((V$9/$M54)=1,($I54/1000)/(($L54)*2)*$L54*1.3,IF((V$9/$M54)>1,($I54/1000)/(($L54)*2)*$L54*(0.7/($L54-1)))),IF($K54=2,($I54/1000)/$L54,IF($K54=3,IF((V$9/$N54)=1,($I54/1000)/(($L54)*2)*$L54*1.3,IF((V$9/$N54)<1,($I54/1000)/(($L54)*2)*$L54*(0.7/($L54-1))))))))) | ... X54: =IF($L54="","",IF(OR(X$9<$M54,X$9>$N54),"",IF($K54=1,IF((X$9/$M54)=1,($I54/1000)/(($L54)*2)*$L54*1.3,IF((X$9/$M54)>1,($I54/1000)/(($L54)*2)*$L54*(0.7/($L54-1)))),IF($K54=2,($I54/1000)/$L54,IF($K54=3,IF((X$9/$N54)=1,($I54/1000)/(($L54)*2)*$L54*1.3,IF((X$9/$N54)<1,($I54/1000)/(($L54)*2)*$L54*(0.7/($L54-1)))))))))
E55: SISTEMAS ALCANTARILLADO | K55: 2 | N55: =IF(L55="","",M55+L55-1) | O55: =IF($L55="","",IF(OR(O$9<$M55,O$9>$N55),"",IF($K55=1,IF((O$9/$M55)=1,($I55/1000)/(($L55)*2)*$L55*1.3,IF((O$9/$M55)>1,($I55/1000)/(($L55)*2)*$L55*(0.7/($L55-1)))),IF($K55=2,($I55/1000)/$L55,IF($K55=3,IF((O$9/$N55)=1,($I55/1000)/(($L55)*2)*$L55*1.3,IF((O$9/$N55)<1,($I55/1000)/(($L55)*2)*$L55*(0.7/($L55-1))))))))) | P55: =IF($L55="","",IF(OR(P$9<$M55,P$9>$N55),"",IF($K55=1,IF((P$9/$M55)=1,($I55/1000)/(($L55)*2)*$L55*1.3,IF((P$9/$M55)>1,($I55/1000)/(($L55)*2)*$L55*(0.7/($L55-1)))),IF($K55=2,($I55/1000)/$L55,IF($K55=3,IF((P$9/$N55)=1,($I55/1000)/(($L55)*2)*$L55*1.3,IF((P$9/$N55)<1,($I55/1000)/(($L55)*2)*$L55*(0.7/($L55-1))))))))) | Q55: =IF($L55="","",IF(OR(Q$9<$M55,Q$9>$N55),"",IF($K55=1,IF((Q$9/$M55)=1,($I55/1000)/(($L55)*2)*$L55*1.3,IF((Q$9/$M55)>1,($I55/1000)/(($L55)*2)*$L55*(0.7/($L55-1)))),IF($K55=2,($I55/1000)/$L55,IF($K55=3,IF((Q$9/$N55)=1,($I55/1000)/(($L55)*2)*$L55*1.3,IF((Q$9/$N55)<1,($I55/1000)/(($L55)*2)*$L55*(0.7/($L55-1))))))))) | R55: =IF($L55="","",IF(OR(R$9<$M55,R$9>$N55),"",IF($K55=1,IF((R$9/$M55)=1,($I55/1000)/(($L55)*2)*$L55*1.3,IF((R$9/$M55)>1,($I55/1000)/(($L55)*2)*$L55*(0.7/($L55-1)))),IF($K55=2,($I55/1000)/$L55,IF($K55=3,IF((R$9/$N55)=1,($I55/1000)/(($L55)*2)*$L55*1.3,IF((R$9/$N55)<1,($I55/1000)/(($L55)*2)*$L55*(0.7/($L55-1))))))))) | S55: =IF($L55="","",IF(OR(S$9<$M55,S$9>$N55),"",IF($K55=1,IF((S$9/$M55)=1,($I55/1000)/(($L55)*2)*$L55*1.3,IF((S$9/$M55)>1,($I55/1000)/(($L55)*2)*$L55*(0.7/($L55-1)))),IF($K55=2,($I55/1000)/$L55,IF($K55=3,IF((S$9/$N55)=1,($I55/1000)/(($L55)*2)*$L55*1.3,IF((S$9/$N55)<1,($I55/1000)/(($L55)*2)*$L55*(0.7/($L55-1))))))))) | T55: =IF($L55="","",IF(OR(T$9<$M55,T$9>$N55),"",IF($K55=1,IF((T$9/$M55)=1,($I55/1000)/(($L55)*2)*$L55*1.3,IF((T$9/$M55)>1,($I55/1000)/(($L55)*2)*$L55*(0.7/($L55-1)))),IF($K55=2,($I55/1000)/$L55,IF($K55=3,IF((T$9/$N55)=1,($I55/1000)/(($L55)*2)*$L55*1.3,IF((T$9/$N55)<1,($I55/1000)/(($L55)*2)*$L55*(0.7/($L55-1))))))))) | U55: =IF($L55="","",IF(OR(U$9<$M55,U$9>$N55),"",IF($K55=1,IF((U$9/$M55)=1,($I55/1000)/(($L55)*2)*$L55*1.3,IF((U$9/$M55)>1,($I55/1000)/(($L55)*2)*$L55*(0.7/($L55-1)))),IF($K55=2,($I55/1000)/$L55,IF($K55=3,IF((U$9/$N55)=1,($I55/1000)/(($L55)*2)*$L55*1.3,IF((U$9/$N55)<1,($I55/1000)/(($L55)*2)*$L55*(0.7/($L55-1))))))))) | V55: =IF($L55="","",IF(OR(V$9<$M55,V$9>$N55),"",IF($K55=1,IF((V$9/$M55)=1,($I55/1000)/(($L55)*2)*$L55*1.3,IF((V$9/$M55)>1,($I55/1000)/(($L55)*2)*$L55*(0.7/($L55-1)))),IF($K55=2,($I55/1000)/$L55,IF($K55=3,IF((V$9/$N55)=1,($I55/1000)/(($L55)*2)*$L55*1.3,IF((V$9/$N55)<1,($I55/1000)/(($L55)*2)*$L55*(0.7/($L55-1))))))))) | ... X55: =IF($L55="","",IF(OR(X$9<$M55,X$9>$N55),"",IF($K55=1,IF((X$9/$M55)=1,($I55/1000)/(($L55)*2)*$L55*1.3,IF((X$9/$M55)>1,($I55/1000)/(($L55)*2)*$L55*(0.7/($L55-1)))),IF($K55=2,($I55/1000)/$L55,IF($K55=3,IF((X$9/$N55)=1,($I55/1000)/(($L55)*2)*$L55*1.3,IF((X$9/$N55)<1,($I55/1000)/(($L55)*2)*$L55*(0.7/($L55-1)))))))))
B56: TUBERÍA DE CONCRETO REFORZADO 21 MPA DE 900 MM DE DIAMETRO INTERIOR | C56: 661.1 | D56: =D54+0.1 -> 6.1 | E56: Suministro e instalacion tuberia en concreto de Ø 36" | F56: m | G56: =MC!C175 -> 0 | H56: =+'6.1'!$G$42 -> 517342 | I56: =+G56*H56 -> 0 | K56: 3 | L56: 4 | M56: 1 | N56: =IF(L56="","",M56+L56-1) -> 4 | O56: =IF($L56="","",IF(OR(O$9<$M56,O$9>$N56),"",IF($K56=1,IF((O$9/$M56)=1,($I56/1000)/(($L56)*2)*$L56*1.3,IF((O$9/$M56)>1,($I56/1000)/(($L56)*2)*$L56*(0.7/($L56-1)))),IF($K56=2,($I56/1000)/$L56,IF($K56=3,IF((O$9/$N56)=1,($I56/1000)/(($L56)*2)*$L56*1.3,IF((O$9/$N56)<1,($I56/1000)/(($L56)*2)*$L56*(0.7/($L56-1))))))))) -> 0 | P56: =IF($L56="","",IF(OR(P$9<$M56,P$9>$N56),"",IF($K56=1,IF((P$9/$M56)=1,($I56/1000)/(($L56)*2)*$L56*1.3,IF((P$9/$M56)>1,($I56/1000)/(($L56)*2)*$L56*(0.7/($L56-1)))),IF($K56=2,($I56/1000)/$L56,IF($K56=3,IF((P$9/$N56)=1,($I56/1000)/(($L56)*2)*$L56*1.3,IF((P$9/$N56)<1,($I56/1000)/(($L56)*2)*$L56*(0.7/($L56-1))))))))) -> 0 | Q56: =IF($L56="","",IF(OR(Q$9<$M56,Q$9>$N56),"",IF($K56=1,IF((Q$9/$M56)=1,($I56/1000)/(($L56)*2)*$L56*1.3,IF((Q$9/$M56)>1,($I56/1000)/(($L56)*2)*$L56*(0.7/($L56-1)))),IF($K56=2,($I56/1000)/$L56,IF($K56=3,IF((Q$9/$N56)=1,($I56/1000)/(($L56)*2)*$L56*1.3,IF((Q$9/$N56)<1,($I56/1000)/(($L56)*2)*$L56*(0.7/($L56-1))))))))) -> 0 | R56: =IF($L56="","",IF(OR(R$9<$M56,R$9>$N56),"",IF($K56=1,IF((R$9/$M56)=1,($I56/1000)/(($L56)*2)*$L56*1.3,IF((R$9/$M56)>1,($I56/1000)/(($L56)*2)*$L56*(0.7/($L56-1)))),IF($K56=2,($I56/1000)/$L56,IF($K56=3,IF((R$9/$N56)=1,($I56/1000)/(($L56)*2)*$L56*1.3,IF((R$9/$N56)<1,($I56/1000)/(($L56)*2)*$L56*(0.7/($L56-1))))))))) -> 0 | S56: =IF($L56="","",IF(OR(S$9<$M56,S$9>$N56),"",IF($K56=1,IF((S$9/$M56)=1,($I56/1000)/(($L56)*2)*$L56*1.3,IF((S$9/$M56)>1,($I56/1000)/(($L56)*2)*$L56*(0.7/($L56-1)))),IF($K56=2,($I56/1000)/$L56,IF($K56=3,IF((S$9/$N56)=1,($I56/1000)/(($L56)*2)*$L56*1.3,IF((S$9/$N56)<1,($I56/1000)/(($L56)*2)*$L56*(0.7/($L56-1))))))))) | T56: =IF($L56="","",IF(OR(T$9<$M56,T$9>$N56),"",IF($K56=1,IF((T$9/$M56)=1,($I56/1000)/(($L56)*2)*$L56*1.3,IF((T$9/$M56)>1,($I56/1000)/(($L56)*2)*$L56*(0.7/($L56-1)))),IF($K56=2,($I56/1000)/$L56,IF($K56=3,IF((T$9/$N56)=1,($I56/1000)/(($L56)*2)*$L56*1.3,IF((T$9/$N56)<1,($I56/1000)/(($L56)*2)*$L56*(0.7/($L56-1))))))))) | U56: =IF($L56="","",IF(OR(U$9<$M56,U$9>$N56),"",IF($K56=1,IF((U$9/$M56)=1,($I56/1000)/(($L56)*2)*$L56*1.3,IF((U$9/$M56)>1,($I56/1000)/(($L56)*2)*$L56*(0.7/($L56-1)))),IF($K56=2,($I56/1000)/$L56,IF($K56=3,IF((U$9/$N56)=1,($I56/1000)/(($L56)*2)*$L56*1.3,IF((U$9/$N56)<1,($I56/1000)/(($L56)*2)*$L56*(0.7/($L56-1))))))))) | V56: =IF($L56="","",IF(OR(V$9<$M56,V$9>$N56),"",IF($K56=1,IF((V$9/$M56)=1,($I56/1000)/(($L56)*2)*$L56*1.3,IF((V$9/$M56)>1,($I56/1000)/(($L56)*2)*$L56*(0.7/($L56-1)))),IF($K56=2,($I56/1000)/$L56,IF($K56=3,IF((V$9/$N56)=1,($I56/1000)/(($L56)*2)*$L56*1.3,IF((V$9/$N56)<1,($I56/1000)/(($L56)*2)*$L56*(0.7/($L56-1))))))))) | ... X56: =IF($L56="","",IF(OR(X$9<$M56,X$9>$N56),"",IF($K56=1,IF((X$9/$M56)=1,($I56/1000)/(($L56)*2)*$L56*1.3,IF((X$9/$M56)>1,($I56/1000)/(($L56)*2)*$L56*(0.7/($L56-1)))),IF($K56=2,($I56/1000)/$L56,IF($K56=3,IF((X$9/$N56)=1,($I56/1000)/(($L56)*2)*$L56*1.3,IF((X$9/$N56)<1,($I56/1000)/(($L56)*2)*$L56*(0.7/($L56-1)))))))))
B57: TUBERÍA DE CONCRETO REFORZADO 21 MPA DE 900 MM DE DIAMETRO INTERIOR | C57: 661.1 | D57: =D56+0.1 -> 6.2 | E57: Suministro e instalacion tuberia en concreto de Ø 48" | F57: m | G57: =MC!C174+MC!C34 -> 98 | H57: ='6.2'!$G$42 -> 1183132 | I57: =+G57*H57 -> 115946936 | K57: 3 | L57: 4 | M57: 1 | N57: =IF(L57="","",M57+L57-1) -> 4 | O57: =IF($L57="","",IF(OR(O$9<$M57,O$9>$N57),"",IF($K57=1,IF((O$9/$M57)=1,($I57/1000)/(($L57)*2)*$L57*1.3,IF((O$9/$M57)>1,($I57/1000)/(($L57)*2)*$L57*(0.7/($L57-1)))),IF($K57=2,($I57/1000)/$L57,IF($K57=3,IF((O$9/$N57)=1,($I57/1000)/(($L57)*2)*$L57*1.3,IF((O$9/$N57)<1,($I57/1000)/(($L57)*2)*$L57*(0.7/($L57-1))))))))) -> 13527 | P57: =IF($L57="","",IF(OR(P$9<$M57,P$9>$N57),"",IF($K57=1,IF((P$9/$M57)=1,($I57/1000)/(($L57)*2)*$L57*1.3,IF((P$9/$M57)>1,($I57/1000)/(($L57)*2)*$L57*(0.7/($L57-1)))),IF($K57=2,($I57/1000)/$L57,IF($K57=3,IF((P$9/$N57)=1,($I57/1000)/(($L57)*2)*$L57*1.3,IF((P$9/$N57)<1,($I57/1000)/(($L57)*2)*$L57*(0.7/($L57-1))))))))) -> 13527 | Q57: =IF($L57="","",IF(OR(Q$9<$M57,Q$9>$N57),"",IF($K57=1,IF((Q$9/$M57)=1,($I57/1000)/(($L57)*2)*$L57*1.3,IF((Q$9/$M57)>1,($I57/1000)/(($L57)*2)*$L57*(0.7/($L57-1)))),IF($K57=2,($I57/1000)/$L57,IF($K57=3,IF((Q$9/$N57)=1,($I57/1000)/(($L57)*2)*$L57*1.3,IF((Q$9/$N57)<1,($I57/1000)/(($L57)*2)*$L57*(0.7/($L57-1))))))))) -> 13527 | R57: =IF($L57="","",IF(OR(R$9<$M57,R$9>$N57),"",IF($K57=1,IF((R$9/$M57)=1,($I57/1000)/(($L57)*2)*$L57*1.3,IF((R$9/$M57)>1,($I57/1000)/(($L57)*2)*$L57*(0.7/($L57-1)))),IF($K57=2,($I57/1000)/$L57,IF($K57=3,IF((R$9/$N57)=1,($I57/1000)/(($L57)*2)*$L57*1.3,IF((R$9/$N57)<1,($I57/1000)/(($L57)*2)*$L57*(0.7/($L57-1))))))))) -> 75366 | S57: =IF($L57="","",IF(OR(S$9<$M57,S$9>$N57),"",IF($K57=1,IF((S$9/$M57)=1,($I57/1000)/(($L57)*2)*$L57*1.3,IF((S$9/$M57)>1,($I57/1000)/(($L57)*2)*$L57*(0.7/($L57-1)))),IF($K57=2,($I57/1000)/$L57,IF($K57=3,IF((S$9/$N57)=1,($I57/1000)/(($L57)*2)*$L57*1.3,IF((S$9/$N57)<1,($I57/1000)/(($L57)*2)*$L57*(0.7/($L57-1))))))))) | T57: =IF($L57="","",IF(OR(T$9<$M57,T$9>$N57),"",IF($K57=1,IF((T$9/$M57)=1,($I57/1000)/(($L57)*2)*$L57*1.3,IF((T$9/$M57)>1,($I57/1000)/(($L57)*2)*$L57*(0.7/($L57-1)))),IF($K57=2,($I57/1000)/$L57,IF($K57=3,IF((T$9/$N57)=1,($I57/1000)/(($L57)*2)*$L57*1.3,IF((T$9/$N57)<1,($I57/1000)/(($L57)*2)*$L57*(0.7/($L57-1))))))))) | U57: =IF($L57="","",IF(OR(U$9<$M57,U$9>$N57),"",IF($K57=1,IF((U$9/$M57)=1,($I57/1000)/(($L57)*2)*$L57*1.3,IF((U$9/$M57)>1,($I57/1000)/(($L57)*2)*$L57*(0.7/($L57-1)))),IF($K57=2,($I57/1000)/$L57,IF($K57=3,IF((U$9/$N57)=1,($I57/1000)/(($L57)*2)*$L57*1.3,IF((U$9/$N57)<1,($I57/1000)/(($L57)*2)*$L57*(0.7/($L57-1))))))))) | V57: =IF($L57="","",IF(OR(V$9<$M57,V$9>$N57),"",IF($K57=1,IF((V$9/$M57)=1,($I57/1000)/(($L57)*2)*$L57*1.3,IF((V$9/$M57)>1,($I57/1000)/(($L57)*2)*$L57*(0.7/($L57-1)))),IF($K57=2,($I57/1000)/$L57,IF($K57=3,IF((V$9/$N57)=1,($I57/1000)/(($L57)*2)*$L57*1.3,IF((V$9/$N57)<1,($I57/1000)/(($L57)*2)*$L57*(0.7/($L57-1))))))))) | ... X57: =IF($L57="","",IF(OR(X$9<$M57,X$9>$N57),"",IF($K57=1,IF((X$9/$M57)=1,($I57/1000)/(($L57)*2)*$L57*1.3,IF((X$9/$M57)>1,($I57/1000)/(($L57)*2)*$L57*(0.7/($L57-1)))),IF($K57=2,($I57/1000)/$L57,IF($K57=3,IF((X$9/$N57)=1,($I57/1000)/(($L57)*2)*$L57*1.3,IF((X$9/$N57)<1,($I57/1000)/(($L57)*2)*$L57*(0.7/($L57-1)))))))))
D58: =D57+0.1 -> 6.3 | E58: Suministro e instalacion tuberia en PVC Novafort 8" | F58: m | G58: =MC!C497 -> 2025.12 | H58: ='6.3'!$G$42 -> 55764 | I58: =+G58*H58 -> 112928792 | K58: 3 | L58: 4 | M58: 1 | N58: =IF(L58="","",M58+L58-1) -> 4 | O58: =IF($L58="","",IF(OR(O$9<$M58,O$9>$N58),"",IF($K58=1,IF((O$9/$M58)=1,($I58/1000)/(($L58)*2)*$L58*1.3,IF((O$9/$M58)>1,($I58/1000)/(($L58)*2)*$L58*(0.7/($L58-1)))),IF($K58=2,($I58/1000)/$L58,IF($K58=3,IF((O$9/$N58)=1,($I58/1000)/(($L58)*2)*$L58*1.3,IF((O$9/$N58)<1,($I58/1000)/(($L58)*2)*$L58*(0.7/($L58-1))))))))) -> 13175 | P58: =IF($L58="","",IF(OR(P$9<$M58,P$9>$N58),"",IF($K58=1,IF((P$9/$M58)=1,($I58/1000)/(($L58)*2)*$L58*1.3,IF((P$9/$M58)>1,($I58/1000)/(($L58)*2)*$L58*(0.7/($L58-1)))),IF($K58=2,($I58/1000)/$L58,IF($K58=3,IF((P$9/$N58)=1,($I58/1000)/(($L58)*2)*$L58*1.3,IF((P$9/$N58)<1,($I58/1000)/(($L58)*2)*$L58*(0.7/($L58-1))))))))) -> 13175 | Q58: =IF($L58="","",IF(OR(Q$9<$M58,Q$9>$N58),"",IF($K58=1,IF((Q$9/$M58)=1,($I58/1000)/(($L58)*2)*$L58*1.3,IF((Q$9/$M58)>1,($I58/1000)/(($L58)*2)*$L58*(0.7/($L58-1)))),IF($K58=2,($I58/1000)/$L58,IF($K58=3,IF((Q$9/$N58)=1,($I58/1000)/(($L58)*2)*$L58*1.3,IF((Q$9/$N58)<1,($I58/1000)/(($L58)*2)*$L58*(0.7/($L58-1))))))))) -> 13175 | R58: =IF($L58="","",IF(OR(R$9<$M58,R$9>$N58),"",IF($K58=1,IF((R$9/$M58)=1,($I58/1000)/(($L58)*2)*$L58*1.3,IF((R$9/$M58)>1,($I58/1000)/(($L58)*2)*$L58*(0.7/($L58-1)))),IF($K58=2,($I58/1000)/$L58,IF($K58=3,IF((R$9/$N58)=1,($I58/1000)/(($L58)*2)*$L58*1.3,IF((R$9/$N58)<1,($I58/1000)/(($L58)*2)*$L58*(0.7/($L58-1))))))))) -> 73404 | S58: =IF($L58="","",IF(OR(S$9<$M58,S$9>$N58),"",IF($K58=1,IF((S$9/$M58)=1,($I58/1000)/(($L58)*2)*$L58*1.3,IF((S$9/$M58)>1,($I58/1000)/(($L58)*2)*$L58*(0.7/($L58-1)))),IF($K58=2,($I58/1000)/$L58,IF($K58=3,IF((S$9/$N58)=1,($I58/1000)/(($L58)*2)*$L58*1.3,IF((S$9/$N58)<1,($I58/1000)/(($L58)*2)*$L58*(0.7/($L58-1))))))))) | T58: =IF($L58="","",IF(OR(T$9<$M58,T$9>$N58),"",IF($K58=1,IF((T$9/$M58)=1,($I58/1000)/(($L58)*2)*$L58*1.3,IF((T$9/$M58)>1,($I58/1000)/(($L58)*2)*$L58*(0.7/($L58-1)))),IF($K58=2,($I58/1000)/$L58,IF($K58=3,IF((T$9/$N58)=1,($I58/1000)/(($L58)*2)*$L58*1.3,IF((T$9/$N58)<1,($I58/1000)/(($L58)*2)*$L58*(0.7/($L58-1))))))))) | U58: =IF($L58="","",IF(OR(U$9<$M58,U$9>$N58),"",IF($K58=1,IF((U$9/$M58)=1,($I58/1000)/(($L58)*2)*$L58*1.3,IF((U$9/$M58)>1,($I58/1000)/(($L58)*2)*$L58*(0.7/($L58-1)))),IF($K58=2,($I58/1000)/$L58,IF($K58=3,IF((U$9/$N58)=1,($I58/1000)/(($L58)*2)*$L58*1.3,IF((U$9/$N58)<1,($I58/1000)/(($L58)*2)*$L58*(0.7/($L58-1))))))))) | V58: =IF($L58="","",IF(OR(V$9<$M58,V$9>$N58),"",IF($K58=1,IF((V$9/$M58)=1,($I58/1000)/(($L58)*2)*$L58*1.3,IF((V$9/$M58)>1,($I58/1000)/(($L58)*2)*$L58*(0.7/($L58-1)))),IF($K58=2,($I58/1000)/$L58,IF($K58=3,IF((V$9/$N58)=1,($I58/1000)/(($L58)*2)*$L58*1.3,IF((V$9/$N58)<1,($I58/1000)/(($L58)*2)*$L58*(0.7/($L58-1))))))))) | ... X58: =IF($L58="","",IF(OR(X$9<$M58,X$9>$N58),"",IF($K58=1,IF((X$9/$M58)=1,($I58/1000)/(($L58)*2)*$L58*1.3,IF((X$9/$M58)>1,($I58/1000)/(($L58)*2)*$L58*(0.7/($L58-1)))),IF($K58=2,($I58/1000)/$L58,IF($K58=3,IF((X$9/$N58)=1,($I58/1000)/(($L58)*2)*$L58*1.3,IF((X$9/$N58)<1,($I58/1000)/(($L58)*2)*$L58*(0.7/($L58-1)))))))))
D59: =D58+0.1 -> 6.4 | E59: Suministro e instalacion tuberia en PVC Novafort 10" | F59: m | G59: =MC!C501 -> 252.5 | H59: ='6.4'!$G$42 -> 75504 | I59: =+G59*H59 -> 19064760 | K59: 3 | L59: 4 | M59: 1 | N59: =IF(L59="","",M59+L59-1) -> 4 | O59: =IF($L59="","",IF(OR(O$9<$M59,O$9>$N59),"",IF($K59=1,IF((O$9/$M59)=1,($I59/1000)/(($L59)*2)*$L59*1.3,IF((O$9/$M59)>1,($I59/1000)/(($L59)*2)*$L59*(0.7/($L59-1)))),IF($K59=2,($I59/1000)/$L59,IF($K59=3,IF((O$9/$N59)=1,($I59/1000)/(($L59)*2)*$L59*1.3,IF((O$9/$N59)<1,($I59/1000)/(($L59)*2)*$L59*(0.7/($L59-1))))))))) -> 2224 | P59: =IF($L59="","",IF(OR(P$9<$M59,P$9>$N59),"",IF($K59=1,IF((P$9/$M59)=1,($I59/1000)/(($L59)*2)*$L59*1.3,IF((P$9/$M59)>1,($I59/1000)/(($L59)*2)*$L59*(0.7/($L59-1)))),IF($K59=2,($I59/1000)/$L59,IF($K59=3,IF((P$9/$N59)=1,($I59/1000)/(($L59)*2)*$L59*1.3,IF((P$9/$N59)<1,($I59/1000)/(($L59)*2)*$L59*(0.7/($L59-1))))))))) -> 2224 | Q59: =IF($L59="","",IF(OR(Q$9<$M59,Q$9>$N59),"",IF($K59=1,IF((Q$9/$M59)=1,($I59/1000)/(($L59)*2)*$L59*1.3,IF((Q$9/$M59)>1,($I59/1000)/(($L59)*2)*$L59*(0.7/($L59-1)))),IF($K59=2,($I59/1000)/$L59,IF($K59=3,IF((Q$9/$N59)=1,($I59/1000)/(($L59)*2)*$L59*1.3,IF((Q$9/$N59)<1,($I59/1000)/(($L59)*2)*$L59*(0.7/($L59-1))))))))) -> 2224 | R59: =IF($L59="","",IF(OR(R$9<$M59,R$9>$N59),"",IF($K59=1,IF((R$9/$M59)=1,($I59/1000)/(($L59)*2)*$L59*1.3,IF((R$9/$M59)>1,($I59/1000)/(($L59)*2)*$L59*(0.7/($L59-1)))),IF($K59=2,($I59/1000)/$L59,IF($K59=3,IF((R$9/$N59)=1,($I59/1000)/(($L59)*2)*$L59*1.3,IF((R$9/$N59)<1,($I59/1000)/(($L59)*2)*$L59*(0.7/($L59-1))))))))) -> 12392 | S59: =IF($L59="","",IF(OR(S$9<$M59,S$9>$N59),"",IF($K59=1,IF((S$9/$M59)=1,($I59/1000)/(($L59)*2)*$L59*1.3,IF((S$9/$M59)>1,($I59/1000)/(($L59)*2)*$L59*(0.7/($L59-1)))),IF($K59=2,($I59/1000)/$L59,IF($K59=3,IF((S$9/$N59)=1,($I59/1000)/(($L59)*2)*$L59*1.3,IF((S$9/$N59)<1,($I59/1000)/(($L59)*2)*$L59*(0.7/($L59-1))))))))) | T59: =IF($L59="","",IF(OR(T$9<$M59,T$9>$N59),"",IF($K59=1,IF((T$9/$M59)=1,($I59/1000)/(($L59)*2)*$L59*1.3,IF((T$9/$M59)>1,($I59/1000)/(($L59)*2)*$L59*(0.7/($L59-1)))),IF($K59=2,($I59/1000)/$L59,IF($K59=3,IF((T$9/$N59)=1,($I59/1000)/(($L59)*2)*$L59*1.3,IF((T$9/$N59)<1,($I59/1000)/(($L59)*2)*$L59*(0.7/($L59-1))))))))) | U59: =IF($L59="","",IF(OR(U$9<$M59,U$9>$N59),"",IF($K59=1,IF((U$9/$M59)=1,($I59/1000)/(($L59)*2)*$L59*1.3,IF((U$9/$M59)>1,($I59/1000)/(($L59)*2)*$L59*(0.7/($L59-1)))),IF($K59=2,($I59/1000)/$L59,IF($K59=3,IF((U$9/$N59)=1,($I59/1000)/(($L59)*2)*$L59*1.3,IF((U$9/$N59)<1,($I59/1000)/(($L59)*2)*$L59*(0.7/($L59-1))))))))) | V59: =IF($L59="","",IF(OR(V$9<$M59,V$9>$N59),"",IF($K59=1,IF((V$9/$M59)=1,($I59/1000)/(($L59)*2)*$L59*1.3,IF((V$9/$M59)>1,($I59/1000)/(($L59)*2)*$L59*(0.7/($L59-1)))),IF($K59=2,($I59/1000)/$L59,IF($K59=3,IF((V$9/$N59)=1,($I59/1000)/(($L59)*2)*$L59*1.3,IF((V$9/$N59)<1,($I59/1000)/(($L59)*2)*$L59*(0.7/($L59-1))))))))) | ... X59: =IF($L59="","",IF(OR(X$9<$M59,X$9>$N59),"",IF($K59=1,IF((X$9/$M59)=1,($I59/1000)/(($L59)*2)*$L59*1.3,IF((X$9/$M59)>1,($I59/1000)/(($L59)*2)*$L59*(0.7/($L59-1)))),IF($K59=2,($I59/1000)/$L59,IF($K59=3,IF((X$9/$N59)=1,($I59/1000)/(($L59)*2)*$L59*1.3,IF((X$9/$N59)<1,($I59/1000)/(($L59)*2)*$L59*(0.7/($L59-1)))))))))
D60: =D59+0.1 -> 6.5 | E60: Suministro e instalacion tuberia en PVC Novafort 12" | F60: m | G60: =MC!C505+MC!C48 -> 276.82 | H60: ='6.5'!$G$42 -> 110330 | I60: =+G60*H60 -> 30541551 | K60: 3 | L60: 4 | M60: 1 | N60: =IF(L60="","",M60+L60-1) -> 4 | O60: =IF($L60="","",IF(OR(O$9<$M60,O$9>$N60),"",IF($K60=1,IF((O$9/$M60)=1,($I60/1000)/(($L60)*2)*$L60*1.3,IF((O$9/$M60)>1,($I60/1000)/(($L60)*2)*$L60*(0.7/($L60-1)))),IF($K60=2,($I60/1000)/$L60,IF($K60=3,IF((O$9/$N60)=1,($I60/1000)/(($L60)*2)*$L60*1.3,IF((O$9/$N60)<1,($I60/1000)/(($L60)*2)*$L60*(0.7/($L60-1))))))))) -> 3563 | P60: =IF($L60="","",IF(OR(P$9<$M60,P$9>$N60),"",IF($K60=1,IF((P$9/$M60)=1,($I60/1000)/(($L60)*2)*$L60*1.3,IF((P$9/$M60)>1,($I60/1000)/(($L60)*2)*$L60*(0.7/($L60-1)))),IF($K60=2,($I60/1000)/$L60,IF($K60=3,IF((P$9/$N60)=1,($I60/1000)/(($L60)*2)*$L60*1.3,IF((P$9/$N60)<1,($I60/1000)/(($L60)*2)*$L60*(0.7/($L60-1))))))))) -> 3563 | Q60: =IF($L60="","",IF(OR(Q$9<$M60,Q$9>$N60),"",IF($K60=1,IF((Q$9/$M60)=1,($I60/1000)/(($L60)*2)*$L60*1.3,IF((Q$9/$M60)>1,($I60/1000)/(($L60)*2)*$L60*(0.7/($L60-1)))),IF($K60=2,($I60/1000)/$L60,IF($K60=3,IF((Q$9/$N60)=1,($I60/1000)/(($L60)*2)*$L60*1.3,IF((Q$9/$N60)<1,($I60/1000)/(($L60)*2)*$L60*(0.7/($L60-1))))))))) -> 3563 | R60: =IF($L60="","",IF(OR(R$9<$M60,R$9>$N60),"",IF($K60=1,IF((R$9/$M60)=1,($I60/1000)/(($L60)*2)*$L60*1.3,IF((R$9/$M60)>1,($I60/1000)/(($L60)*2)*$L60*(0.7/($L60-1)))),IF($K60=2,($I60/1000)/$L60,IF($K60=3,IF((R$9/$N60)=1,($I60/1000)/(($L60)*2)*$L60*1.3,IF((R$9/$N60)<1,($I60/1000)/(($L60)*2)*$L60*(0.7/($L60-1))))))))) -> 19852 | S60: =IF($L60="","",IF(OR(S$9<$M60,S$9>$N60),"",IF($K60=1,IF((S$9/$M60)=1,($I60/1000)/(($L60)*2)*$L60*1.3,IF((S$9/$M60)>1,($I60/1000)/(($L60)*2)*$L60*(0.7/($L60-1)))),IF($K60=2,($I60/1000)/$L60,IF($K60=3,IF((S$9/$N60)=1,($I60/1000)/(($L60)*2)*$L60*1.3,IF((S$9/$N60)<1,($I60/1000)/(($L60)*2)*$L60*(0.7/($L60-1))))))))) | T60: =IF($L60="","",IF(OR(T$9<$M60,T$9>$N60),"",IF($K60=1,IF((T$9/$M60)=1,($I60/1000)/(($L60)*2)*$L60*1.3,IF((T$9/$M60)>1,($I60/1000)/(($L60)*2)*$L60*(0.7/($L60-1)))),IF($K60=2,($I60/1000)/$L60,IF($K60=3,IF((T$9/$N60)=1,($I60/1000)/(($L60)*2)*$L60*1.3,IF((T$9/$N60)<1,($I60/1000)/(($L60)*2)*$L60*(0.7/($L60-1))))))))) | U60: =IF($L60="","",IF(OR(U$9<$M60,U$9>$N60),"",IF($K60=1,IF((U$9/$M60)=1,($I60/1000)/(($L60)*2)*$L60*1.3,IF((U$9/$M60)>1,($I60/1000)/(($L60)*2)*$L60*(0.7/($L60-1)))),IF($K60=2,($I60/1000)/$L60,IF($K60=3,IF((U$9/$N60)=1,($I60/1000)/(($L60)*2)*$L60*1.3,IF((U$9/$N60)<1,($I60/1000)/(($L60)*2)*$L60*(0.7/($L60-1))))))))) | V60: =IF($L60="","",IF(OR(V$9<$M60,V$9>$N60),"",IF($K60=1,IF((V$9/$M60)=1,($I60/1000)/(($L60)*2)*$L60*1.3,IF((V$9/$M60)>1,($I60/1000)/(($L60)*2)*$L60*(0.7/($L60-1)))),IF($K60=2,($I60/1000)/$L60,IF($K60=3,IF((V$9/$N60)=1,($I60/1000)/(($L60)*2)*$L60*1.3,IF((V$9/$N60)<1,($I60/1000)/(($L60)*2)*$L60*(0.7/($L60-1))))))))) | ... X60: =IF($L60="","",IF(OR(X$9<$M60,X$9>$N60),"",IF($K60=1,IF((X$9/$M60)=1,($I60/1000)/(($L60)*2)*$L60*1.3,IF((X$9/$M60)>1,($I60/1000)/(($L60)*2)*$L60*(0.7/($L60-1)))),IF($K60=2,($I60/1000)/$L60,IF($K60=3,IF((X$9/$N60)=1,($I60/1000)/(($L60)*2)*$L60*1.3,IF((X$9/$N60)<1,($I60/1000)/(($L60)*2)*$L60*(0.7/($L60-1)))))))))
D61: =D60+0.1 -> 6.6 | E61: Suministro e instalacion tuberia en PVC Novafort 14" | F61: m | G61: =MC!C509 -> 334.98 | H61: ='6.6'!$G$42 -> 144695 | I61: =+G61*H61 -> 48469931 | K61: 3 | L61: 4 | M61: 1 | N61: =IF(L61="","",M61+L61-1) -> 4 | O61: =IF($L61="","",IF(OR(O$9<$M61,O$9>$N61),"",IF($K61=1,IF((O$9/$M61)=1,($I61/1000)/(($L61)*2)*$L61*1.3,IF((O$9/$M61)>1,($I61/1000)/(($L61)*2)*$L61*(0.7/($L61-1)))),IF($K61=2,($I61/1000)/$L61,IF($K61=3,IF((O$9/$N61)=1,($I61/1000)/(($L61)*2)*$L61*1.3,IF((O$9/$N61)<1,($I61/1000)/(($L61)*2)*$L61*(0.7/($L61-1))))))))) -> 5655 | P61: =IF($L61="","",IF(OR(P$9<$M61,P$9>$N61),"",IF($K61=1,IF((P$9/$M61)=1,($I61/1000)/(($L61)*2)*$L61*1.3,IF((P$9/$M61)>1,($I61/1000)/(($L61)*2)*$L61*(0.7/($L61-1)))),IF($K61=2,($I61/1000)/$L61,IF($K61=3,IF((P$9/$N61)=1,($I61/1000)/(($L61)*2)*$L61*1.3,IF((P$9/$N61)<1,($I61/1000)/(($L61)*2)*$L61*(0.7/($L61-1))))))))) -> 5655 | Q61: =IF($L61="","",IF(OR(Q$9<$M61,Q$9>$N61),"",IF($K61=1,IF((Q$9/$M61)=1,($I61/1000)/(($L61)*2)*$L61*1.3,IF((Q$9/$M61)>1,($I61/1000)/(($L61)*2)*$L61*(0.7/($L61-1)))),IF($K61=2,($I61/1000)/$L61,IF($K61=3,IF((Q$9/$N61)=1,($I61/1000)/(($L61)*2)*$L61*1.3,IF((Q$9/$N61)<1,($I61/1000)/(($L61)*2)*$L61*(0.7/($L61-1))))))))) -> 5655 | R61: =IF($L61="","",IF(OR(R$9<$M61,R$9>$N61),"",IF($K61=1,IF((R$9/$M61)=1,($I61/1000)/(($L61)*2)*$L61*1.3,IF((R$9/$M61)>1,($I61/1000)/(($L61)*2)*$L61*(0.7/($L61-1)))),IF($K61=2,($I61/1000)/$L61,IF($K61=3,IF((R$9/$N61)=1,($I61/1000)/(($L61)*2)*$L61*1.3,IF((R$9/$N61)<1,($I61/1000)/(($L61)*2)*$L61*(0.7/($L61-1))))))))) -> 31505 | S61: =IF($L61="","",IF(OR(S$9<$M61,S$9>$N61),"",IF($K61=1,IF((S$9/$M61)=1,($I61/1000)/(($L61)*2)*$L61*1.3,IF((S$9/$M61)>1,($I61/1000)/(($L61)*2)*$L61*(0.7/($L61-1)))),IF($K61=2,($I61/1000)/$L61,IF($K61=3,IF((S$9/$N61)=1,($I61/1000)/(($L61)*2)*$L61*1.3,IF((S$9/$N61)<1,($I61/1000)/(($L61)*2)*$L61*(0.7/($L61-1))))))))) | T61: =IF($L61="","",IF(OR(T$9<$M61,T$9>$N61),"",IF($K61=1,IF((T$9/$M61)=1,($I61/1000)/(($L61)*2)*$L61*1.3,IF((T$9/$M61)>1,($I61/1000)/(($L61)*2)*$L61*(0.7/($L61-1)))),IF($K61=2,($I61/1000)/$L61,IF($K61=3,IF((T$9/$N61)=1,($I61/1000)/(($L61)*2)*$L61*1.3,IF((T$9/$N61)<1,($I61/1000)/(($L61)*2)*$L61*(0.7/($L61-1))))))))) | U61: =IF($L61="","",IF(OR(U$9<$M61,U$9>$N61),"",IF($K61=1,IF((U$9/$M61)=1,($I61/1000)/(($L61)*2)*$L61*1.3,IF((U$9/$M61)>1,($I61/1000)/(($L61)*2)*$L61*(0.7/($L61-1)))),IF($K61=2,($I61/1000)/$L61,IF($K61=3,IF((U$9/$N61)=1,($I61/1000)/(($L61)*2)*$L61*1.3,IF((U$9/$N61)<1,($I61/1000)/(($L61)*2)*$L61*(0.7/($L61-1))))))))) | V61: =IF($L61="","",IF(OR(V$9<$M61,V$9>$N61),"",IF($K61=1,IF((V$9/$M61)=1,($I61/1000)/(($L61)*2)*$L61*1.3,IF((V$9/$M61)>1,($I61/1000)/(($L61)*2)*$L61*(0.7/($L61-1)))),IF($K61=2,($I61/1000)/$L61,IF($K61=3,IF((V$9/$N61)=1,($I61/1000)/(($L61)*2)*$L61*1.3,IF((V$9/$N61)<1,($I61/1000)/(($L61)*2)*$L61*(0.7/($L61-1))))))))) | ... X61: =IF($L61="","",IF(OR(X$9<$M61,X$9>$N61),"",IF($K61=1,IF((X$9/$M61)=1,($I61/1000)/(($L61)*2)*$L61*1.3,IF((X$9/$M61)>1,($I61/1000)/(($L61)*2)*$L61*(0.7/($L61-1)))),IF($K61=2,($I61/1000)/$L61,IF($K61=3,IF((X$9/$N61)=1,($I61/1000)/(($L61)*2)*$L61*1.3,IF((X$9/$N61)<1,($I61/1000)/(($L61)*2)*$L61*(0.7/($L61-1)))))))))
D62: =D61+0.1 -> 6.7 | E62: Suministro e instalacion tuberia en PVC Novafort 16" | F62: m | G62: =MC!C513 -> 368.02 | H62: ='6.7'!$G$42 -> 177798 | I62: =+G62*H62 -> 65433220 | K62: 3 | L62: 4 | M62: 1 | N62: =IF(L62="","",M62+L62-1) -> 4 | O62: =IF($L62="","",IF(OR(O$9<$M62,O$9>$N62),"",IF($K62=1,IF((O$9/$M62)=1,($I62/1000)/(($L62)*2)*$L62*1.3,IF((O$9/$M62)>1,($I62/1000)/(($L62)*2)*$L62*(0.7/($L62-1)))),IF($K62=2,($I62/1000)/$L62,IF($K62=3,IF((O$9/$N62)=1,($I62/1000)/(($L62)*2)*$L62*1.3,IF((O$9/$N62)<1,($I62/1000)/(($L62)*2)*$L62*(0.7/($L62-1))))))))) -> 7634 | P62: =IF($L62="","",IF(OR(P$9<$M62,P$9>$N62),"",IF($K62=1,IF((P$9/$M62)=1,($I62/1000)/(($L62)*2)*$L62*1.3,IF((P$9/$M62)>1,($I62/1000)/(($L62)*2)*$L62*(0.7/($L62-1)))),IF($K62=2,($I62/1000)/$L62,IF($K62=3,IF((P$9/$N62)=1,($I62/1000)/(($L62)*2)*$L62*1.3,IF((P$9/$N62)<1,($I62/1000)/(($L62)*2)*$L62*(0.7/($L62-1))))))))) -> 7634 | Q62: =IF($L62="","",IF(OR(Q$9<$M62,Q$9>$N62),"",IF($K62=1,IF((Q$9/$M62)=1,($I62/1000)/(($L62)*2)*$L62*1.3,IF((Q$9/$M62)>1,($I62/1000)/(($L62)*2)*$L62*(0.7/($L62-1)))),IF($K62=2,($I62/1000)/$L62,IF($K62=3,IF((Q$9/$N62)=1,($I62/1000)/(($L62)*2)*$L62*1.3,IF((Q$9/$N62)<1,($I62/1000)/(($L62)*2)*$L62*(0.7/($L62-1))))))))) -> 7634 | R62: =IF($L62="","",IF(OR(R$9<$M62,R$9>$N62),"",IF($K62=1,IF((R$9/$M62)=1,($I62/1000)/(($L62)*2)*$L62*1.3,IF((R$9/$M62)>1,($I62/1000)/(($L62)*2)*$L62*(0.7/($L62-1)))),IF($K62=2,($I62/1000)/$L62,IF($K62=3,IF((R$9/$N62)=1,($I62/1000)/(($L62)*2)*$L62*1.3,IF((R$9/$N62)<1,($I62/1000)/(($L62)*2)*$L62*(0.7/($L62-1))))))))) -> 42532 | S62: =IF($L62="","",IF(OR(S$9<$M62,S$9>$N62),"",IF($K62=1,IF((S$9/$M62)=1,($I62/1000)/(($L62)*2)*$L62*1.3,IF((S$9/$M62)>1,($I62/1000)/(($L62)*2)*$L62*(0.7/($L62-1)))),IF($K62=2,($I62/1000)/$L62,IF($K62=3,IF((S$9/$N62)=1,($I62/1000)/(($L62)*2)*$L62*1.3,IF((S$9/$N62)<1,($I62/1000)/(($L62)*2)*$L62*(0.7/($L62-1))))))))) | T62: =IF($L62="","",IF(OR(T$9<$M62,T$9>$N62),"",IF($K62=1,IF((T$9/$M62)=1,($I62/1000)/(($L62)*2)*$L62*1.3,IF((T$9/$M62)>1,($I62/1000)/(($L62)*2)*$L62*(0.7/($L62-1)))),IF($K62=2,($I62/1000)/$L62,IF($K62=3,IF((T$9/$N62)=1,($I62/1000)/(($L62)*2)*$L62*1.3,IF((T$9/$N62)<1,($I62/1000)/(($L62)*2)*$L62*(0.7/($L62-1))))))))) | U62: =IF($L62="","",IF(OR(U$9<$M62,U$9>$N62),"",IF($K62=1,IF((U$9/$M62)=1,($I62/1000)/(($L62)*2)*$L62*1.3,IF((U$9/$M62)>1,($I62/1000)/(($L62)*2)*$L62*(0.7/($L62-1)))),IF($K62=2,($I62/1000)/$L62,IF($K62=3,IF((U$9/$N62)=1,($I62/1000)/(($L62)*2)*$L62*1.3,IF((U$9/$N62)<1,($I62/1000)/(($L62)*2)*$L62*(0.7/($L62-1))))))))) | V62: =IF($L62="","",IF(OR(V$9<$M62,V$9>$N62),"",IF($K62=1,IF((V$9/$M62)=1,($I62/1000)/(($L62)*2)*$L62*1.3,IF((V$9/$M62)>1,($I62/1000)/(($L62)*2)*$L62*(0.7/($L62-1)))),IF($K62=2,($I62/1000)/$L62,IF($K62=3,IF((V$9/$N62)=1,($I62/1000)/(($L62)*2)*$L62*1.3,IF((V$9/$N62)<1,($I62/1000)/(($L62)*2)*$L62*(0.7/($L62-1))))))))) | ... X62: =IF($L62="","",IF(OR(X$9<$M62,X$9>$N62),"",IF($K62=1,IF((X$9/$M62)=1,($I62/1000)/(($L62)*2)*$L62*1.3,IF((X$9/$M62)>1,($I62/1000)/(($L62)*2)*$L62*(0.7/($L62-1)))),IF($K62=2,($I62/1000)/$L62,IF($K62=3,IF((X$9/$N62)=1,($I62/1000)/(($L62)*2)*$L62*1.3,IF((X$9/$N62)<1,($I62/1000)/(($L62)*2)*$L62*(0.7/($L62-1)))))))))
D63: =D62+0.1 -> 6.8 | E63: Suministro e instalacion tuberia en PVC Novafort 18" | F63: m | G63: =MC!C517 -> 27.72 | H63: ='6.8'!$G$42 -> 226416 | I63: =+G63*H63 -> 6276252 | K63: 3 | L63: 4 | M63: 1 | N63: =IF(L63="","",M63+L63-1) -> 4 | O63: =IF($L63="","",IF(OR(O$9<$M63,O$9>$N63),"",IF($K63=1,IF((O$9/$M63)=1,($I63/1000)/(($L63)*2)*$L63*1.3,IF((O$9/$M63)>1,($I63/1000)/(($L63)*2)*$L63*(0.7/($L63-1)))),IF($K63=2,($I63/1000)/$L63,IF($K63=3,IF((O$9/$N63)=1,($I63/1000)/(($L63)*2)*$L63*1.3,IF((O$9/$N63)<1,($I63/1000)/(($L63)*2)*$L63*(0.7/($L63-1))))))))) -> 732 | P63: =IF($L63="","",IF(OR(P$9<$M63,P$9>$N63),"",IF($K63=1,IF((P$9/$M63)=1,($I63/1000)/(($L63)*2)*$L63*1.3,IF((P$9/$M63)>1,($I63/1000)/(($L63)*2)*$L63*(0.7/($L63-1)))),IF($K63=2,($I63/1000)/$L63,IF($K63=3,IF((P$9/$N63)=1,($I63/1000)/(($L63)*2)*$L63*1.3,IF((P$9/$N63)<1,($I63/1000)/(($L63)*2)*$L63*(0.7/($L63-1))))))))) -> 732 | Q63: =IF($L63="","",IF(OR(Q$9<$M63,Q$9>$N63),"",IF($K63=1,IF((Q$9/$M63)=1,($I63/1000)/(($L63)*2)*$L63*1.3,IF((Q$9/$M63)>1,($I63/1000)/(($L63)*2)*$L63*(0.7/($L63-1)))),IF($K63=2,($I63/1000)/$L63,IF($K63=3,IF((Q$9/$N63)=1,($I63/1000)/(($L63)*2)*$L63*1.3,IF((Q$9/$N63)<1,($I63/1000)/(($L63)*2)*$L63*(0.7/($L63-1))))))))) -> 732 | R63: =IF($L63="","",IF(OR(R$9<$M63,R$9>$N63),"",IF($K63=1,IF((R$9/$M63)=1,($I63/1000)/(($L63)*2)*$L63*1.3,IF((R$9/$M63)>1,($I63/1000)/(($L63)*2)*$L63*(0.7/($L63-1)))),IF($K63=2,($I63/1000)/$L63,IF($K63=3,IF((R$9/$N63)=1,($I63/1000)/(($L63)*2)*$L63*1.3,IF((R$9/$N63)<1,($I63/1000)/(($L63)*2)*$L63*(0.7/($L63-1))))))))) -> 4080 | S63: =IF($L63="","",IF(OR(S$9<$M63,S$9>$N63),"",IF($K63=1,IF((S$9/$M63)=1,($I63/1000)/(($L63)*2)*$L63*1.3,IF((S$9/$M63)>1,($I63/1000)/(($L63)*2)*$L63*(0.7/($L63-1)))),IF($K63=2,($I63/1000)/$L63,IF($K63=3,IF((S$9/$N63)=1,($I63/1000)/(($L63)*2)*$L63*1.3,IF((S$9/$N63)<1,($I63/1000)/(($L63)*2)*$L63*(0.7/($L63-1))))))))) | T63: =IF($L63="","",IF(OR(T$9<$M63,T$9>$N63),"",IF($K63=1,IF((T$9/$M63)=1,($I63/1000)/(($L63)*2)*$L63*1.3,IF((T$9/$M63)>1,($I63/1000)/(($L63)*2)*$L63*(0.7/($L63-1)))),IF($K63=2,($I63/1000)/$L63,IF($K63=3,IF((T$9/$N63)=1,($I63/1000)/(($L63)*2)*$L63*1.3,IF((T$9/$N63)<1,($I63/1000)/(($L63)*2)*$L63*(0.7/($L63-1))))))))) | U63: =IF($L63="","",IF(OR(U$9<$M63,U$9>$N63),"",IF($K63=1,IF((U$9/$M63)=1,($I63/1000)/(($L63)*2)*$L63*1.3,IF((U$9/$M63)>1,($I63/1000)/(($L63)*2)*$L63*(0.7/($L63-1)))),IF($K63=2,($I63/1000)/$L63,IF($K63=3,IF((U$9/$N63)=1,($I63/1000)/(($L63)*2)*$L63*1.3,IF((U$9/$N63)<1,($I63/1000)/(($L63)*2)*$L63*(0.7/($L63-1))))))))) | V63: =IF($L63="","",IF(OR(V$9<$M63,V$9>$N63),"",IF($K63=1,IF((V$9/$M63)=1,($I63/1000)/(($L63)*2)*$L63*1.3,IF((V$9/$M63)>1,($I63/1000)/(($L63)*2)*$L63*(0.7/($L63-1)))),IF($K63=2,($I63/1000)/$L63,IF($K63=3,IF((V$9/$N63)=1,($I63/1000)/(($L63)*2)*$L63*1.3,IF((V$9/$N63)<1,($I63/1000)/(($L63)*2)*$L63*(0.7/($L63-1))))))))) | ... X63: =IF($L63="","",IF(OR(X$9<$M63,X$9>$N63),"",IF($K63=1,IF((X$9/$M63)=1,($I63/1000)/(($L63)*2)*$L63*1.3,IF((X$9/$M63)>1,($I63/1000)/(($L63)*2)*$L63*(0.7/($L63-1)))),IF($K63=2,($I63/1000)/$L63,IF($K63=3,IF((X$9/$N63)=1,($I63/1000)/(($L63)*2)*$L63*1.3,IF((X$9/$N63)<1,($I63/1000)/(($L63)*2)*$L63*(0.7/($L63-1)))))))))
D64: =D63+0.1 -> 6.9 | E64: Suministro e instalacion tuberia en PVC Novafort 20" | F64: m | G64: =MC!C521 -> 433.58 | H64: ='6.9'!$G$42 -> 292773 | I64: =+G64*H64 -> 126940517 | K64: 3 | L64: 4 | M64: 1 | N64: =IF(L64="","",M64+L64-1) -> 4 | O64: =IF($L64="","",IF(OR(O$9<$M64,O$9>$N64),"",IF($K64=1,IF((O$9/$M64)=1,($I64/1000)/(($L64)*2)*$L64*1.3,IF((O$9/$M64)>1,($I64/1000)/(($L64)*2)*$L64*(0.7/($L64-1)))),IF($K64=2,($I64/1000)/$L64,IF($K64=3,IF((O$9/$N64)=1,($I64/1000)/(($L64)*2)*$L64*1.3,IF((O$9/$N64)<1,($I64/1000)/(($L64)*2)*$L64*(0.7/($L64-1))))))))) -> 14810 | P64: =IF($L64="","",IF(OR(P$9<$M64,P$9>$N64),"",IF($K64=1,IF((P$9/$M64)=1,($I64/1000)/(($L64)*2)*$L64*1.3,IF((P$9/$M64)>1,($I64/1000)/(($L64)*2)*$L64*(0.7/($L64-1)))),IF($K64=2,($I64/1000)/$L64,IF($K64=3,IF((P$9/$N64)=1,($I64/1000)/(($L64)*2)*$L64*1.3,IF((P$9/$N64)<1,($I64/1000)/(($L64)*2)*$L64*(0.7/($L64-1))))))))) -> 14810 | Q64: =IF($L64="","",IF(OR(Q$9<$M64,Q$9>$N64),"",IF($K64=1,IF((Q$9/$M64)=1,($I64/1000)/(($L64)*2)*$L64*1.3,IF((Q$9/$M64)>1,($I64/1000)/(($L64)*2)*$L64*(0.7/($L64-1)))),IF($K64=2,($I64/1000)/$L64,IF($K64=3,IF((Q$9/$N64)=1,($I64/1000)/(($L64)*2)*$L64*1.3,IF((Q$9/$N64)<1,($I64/1000)/(($L64)*2)*$L64*(0.7/($L64-1))))))))) -> 14810 | R64: =IF($L64="","",IF(OR(R$9<$M64,R$9>$N64),"",IF($K64=1,IF((R$9/$M64)=1,($I64/1000)/(($L64)*2)*$L64*1.3,IF((R$9/$M64)>1,($I64/1000)/(($L64)*2)*$L64*(0.7/($L64-1)))),IF($K64=2,($I64/1000)/$L64,IF($K64=3,IF((R$9/$N64)=1,($I64/1000)/(($L64)*2)*$L64*1.3,IF((R$9/$N64)<1,($I64/1000)/(($L64)*2)*$L64*(0.7/($L64-1))))))))) -> 82511 | S64: =IF($L64="","",IF(OR(S$9<$M64,S$9>$N64),"",IF($K64=1,IF((S$9/$M64)=1,($I64/1000)/(($L64)*2)*$L64*1.3,IF((S$9/$M64)>1,($I64/1000)/(($L64)*2)*$L64*(0.7/($L64-1)))),IF($K64=2,($I64/1000)/$L64,IF($K64=3,IF((S$9/$N64)=1,($I64/1000)/(($L64)*2)*$L64*1.3,IF((S$9/$N64)<1,($I64/1000)/(($L64)*2)*$L64*(0.7/($L64-1))))))))) | T64: =IF($L64="","",IF(OR(T$9<$M64,T$9>$N64),"",IF($K64=1,IF((T$9/$M64)=1,($I64/1000)/(($L64)*2)*$L64*1.3,IF((T$9/$M64)>1,($I64/1000)/(($L64)*2)*$L64*(0.7/($L64-1)))),IF($K64=2,($I64/1000)/$L64,IF($K64=3,IF((T$9/$N64)=1,($I64/1000)/(($L64)*2)*$L64*1.3,IF((T$9/$N64)<1,($I64/1000)/(($L64)*2)*$L64*(0.7/($L64-1))))))))) | U64: =IF($L64="","",IF(OR(U$9<$M64,U$9>$N64),"",IF($K64=1,IF((U$9/$M64)=1,($I64/1000)/(($L64)*2)*$L64*1.3,IF((U$9/$M64)>1,($I64/1000)/(($L64)*2)*$L64*(0.7/($L64-1)))),IF($K64=2,($I64/1000)/$L64,IF($K64=3,IF((U$9/$N64)=1,($I64/1000)/(($L64)*2)*$L64*1.3,IF((U$9/$N64)<1,($I64/1000)/(($L64)*2)*$L64*(0.7/($L64-1))))))))) | V64: =IF($L64="","",IF(OR(V$9<$M64,V$9>$N64),"",IF($K64=1,IF((V$9/$M64)=1,($I64/1000)/(($L64)*2)*$L64*1.3,IF((V$9/$M64)>1,($I64/1000)/(($L64)*2)*$L64*(0.7/($L64-1)))),IF($K64=2,($I64/1000)/$L64,IF($K64=3,IF((V$9/$N64)=1,($I64/1000)/(($L64)*2)*$L64*1.3,IF((V$9/$N64)<1,($I64/1000)/(($L64)*2)*$L64*(0.7/($L64-1))))))))) | ... X64: =IF($L64="","",IF(OR(X$9<$M64,X$9>$N64),"",IF($K64=1,IF((X$9/$M64)=1,($I64/1000)/(($L64)*2)*$L64*1.3,IF((X$9/$M64)>1,($I64/1000)/(($L64)*2)*$L64*(0.7/($L64-1)))),IF($K64=2,($I64/1000)/$L64,IF($K64=3,IF((X$9/$N64)=1,($I64/1000)/(($L64)*2)*$L64*1.3,IF((X$9/$N64)<1,($I64/1000)/(($L64)*2)*$L64*(0.7/($L64-1)))))))))
D65: 6,10 | E65: Suministro e instalacion tuberia en PVC Novafort 24" | F65: m | G65: =MC!C525 -> 0 | H65: ='6.10'!$G$42 -> 432757 | I65: =+G65*H65 -> 0 | K65: 3 | L65: 4 | M65: 1 | N65: =IF(L65="","",M65+L65-1) -> 4 | O65: =IF($L65="","",IF(OR(O$9<$M65,O$9>$N65),"",IF($K65=1,IF((O$9/$M65)=1,($I65/1000)/(($L65)*2)*$L65*1.3,IF((O$9/$M65)>1,($I65/1000)/(($L65)*2)*$L65*(0.7/($L65-1)))),IF($K65=2,($I65/1000)/$L65,IF($K65=3,IF((O$9/$N65)=1,($I65/1000)/(($L65)*2)*$L65*1.3,IF((O$9/$N65)<1,($I65/1000)/(($L65)*2)*$L65*(0.7/($L65-1))))))))) -> 0 | P65: =IF($L65="","",IF(OR(P$9<$M65,P$9>$N65),"",IF($K65=1,IF((P$9/$M65)=1,($I65/1000)/(($L65)*2)*$L65*1.3,IF((P$9/$M65)>1,($I65/1000)/(($L65)*2)*$L65*(0.7/($L65-1)))),IF($K65=2,($I65/1000)/$L65,IF($K65=3,IF((P$9/$N65)=1,($I65/1000)/(($L65)*2)*$L65*1.3,IF((P$9/$N65)<1,($I65/1000)/(($L65)*2)*$L65*(0.7/($L65-1))))))))) -> 0 | Q65: =IF($L65="","",IF(OR(Q$9<$M65,Q$9>$N65),"",IF($K65=1,IF((Q$9/$M65)=1,($I65/1000)/(($L65)*2)*$L65*1.3,IF((Q$9/$M65)>1,($I65/1000)/(($L65)*2)*$L65*(0.7/($L65-1)))),IF($K65=2,($I65/1000)/$L65,IF($K65=3,IF((Q$9/$N65)=1,($I65/1000)/(($L65)*2)*$L65*1.3,IF((Q$9/$N65)<1,($I65/1000)/(($L65)*2)*$L65*(0.7/($L65-1))))))))) -> 0 | R65: =IF($L65="","",IF(OR(R$9<$M65,R$9>$N65),"",IF($K65=1,IF((R$9/$M65)=1,($I65/1000)/(($L65)*2)*$L65*1.3,IF((R$9/$M65)>1,($I65/1000)/(($L65)*2)*$L65*(0.7/($L65-1)))),IF($K65=2,($I65/1000)/$L65,IF($K65=3,IF((R$9/$N65)=1,($I65/1000)/(($L65)*2)*$L65*1.3,IF((R$9/$N65)<1,($I65/1000)/(($L65)*2)*$L65*(0.7/($L65-1))))))))) -> 0 | S65: =IF($L65="","",IF(OR(S$9<$M65,S$9>$N65),"",IF($K65=1,IF((S$9/$M65)=1,($I65/1000)/(($L65)*2)*$L65*1.3,IF((S$9/$M65)>1,($I65/1000)/(($L65)*2)*$L65*(0.7/($L65-1)))),IF($K65=2,($I65/1000)/$L65,IF($K65=3,IF((S$9/$N65)=1,($I65/1000)/(($L65)*2)*$L65*1.3,IF((S$9/$N65)<1,($I65/1000)/(($L65)*2)*$L65*(0.7/($L65-1))))))))) | T65: =IF($L65="","",IF(OR(T$9<$M65,T$9>$N65),"",IF($K65=1,IF((T$9/$M65)=1,($I65/1000)/(($L65)*2)*$L65*1.3,IF((T$9/$M65)>1,($I65/1000)/(($L65)*2)*$L65*(0.7/($L65-1)))),IF($K65=2,($I65/1000)/$L65,IF($K65=3,IF((T$9/$N65)=1,($I65/1000)/(($L65)*2)*$L65*1.3,IF((T$9/$N65)<1,($I65/1000)/(($L65)*2)*$L65*(0.7/($L65-1))))))))) | U65: =IF($L65="","",IF(OR(U$9<$M65,U$9>$N65),"",IF($K65=1,IF((U$9/$M65)=1,($I65/1000)/(($L65)*2)*$L65*1.3,IF((U$9/$M65)>1,($I65/1000)/(($L65)*2)*$L65*(0.7/($L65-1)))),IF($K65=2,($I65/1000)/$L65,IF($K65=3,IF((U$9/$N65)=1,($I65/1000)/(($L65)*2)*$L65*1.3,IF((U$9/$N65)<1,($I65/1000)/(($L65)*2)*$L65*(0.7/($L65-1))))))))) | V65: =IF($L65="","",IF(OR(V$9<$M65,V$9>$N65),"",IF($K65=1,IF((V$9/$M65)=1,($I65/1000)/(($L65)*2)*$L65*1.3,IF((V$9/$M65)>1,($I65/1000)/(($L65)*2)*$L65*(0.7/($L65-1)))),IF($K65=2,($I65/1000)/$L65,IF($K65=3,IF((V$9/$N65)=1,($I65/1000)/(($L65)*2)*$L65*1.3,IF((V$9/$N65)<1,($I65/1000)/(($L65)*2)*$L65*(0.7/($L65-1))))))))) | ... X65: =IF($L65="","",IF(OR(X$9<$M65,X$9>$N65),"",IF($K65=1,IF((X$9/$M65)=1,($I65/1000)/(($L65)*2)*$L65*1.3,IF((X$9/$M65)>1,($I65/1000)/(($L65)*2)*$L65*(0.7/($L65-1)))),IF($K65=2,($I65/1000)/$L65,IF($K65=3,IF((X$9/$N65)=1,($I65/1000)/(($L65)*2)*$L65*1.3,IF((X$9/$N65)<1,($I65/1000)/(($L65)*2)*$L65*(0.7/($L65-1)))))))))
D66: =D65+0.01 -> 6.11 | E66: Suministro e instalacion tuberia en PVC Novafort 27" | F66: m | G66: =MC!C529 -> 0 | H66: ='6.11'!$G$42 -> 481197 | I66: =+G66*H66 -> 0 | K66: 3 | L66: 4 | M66: 1 | N66: =IF(L66="","",M66+L66-1) -> 4 | O66: =IF($L66="","",IF(OR(O$9<$M66,O$9>$N66),"",IF($K66=1,IF((O$9/$M66)=1,($I66/1000)/(($L66)*2)*$L66*1.3,IF((O$9/$M66)>1,($I66/1000)/(($L66)*2)*$L66*(0.7/($L66-1)))),IF($K66=2,($I66/1000)/$L66,IF($K66=3,IF((O$9/$N66)=1,($I66/1000)/(($L66)*2)*$L66*1.3,IF((O$9/$N66)<1,($I66/1000)/(($L66)*2)*$L66*(0.7/($L66-1))))))))) -> 0 | P66: =IF($L66="","",IF(OR(P$9<$M66,P$9>$N66),"",IF($K66=1,IF((P$9/$M66)=1,($I66/1000)/(($L66)*2)*$L66*1.3,IF((P$9/$M66)>1,($I66/1000)/(($L66)*2)*$L66*(0.7/($L66-1)))),IF($K66=2,($I66/1000)/$L66,IF($K66=3,IF((P$9/$N66)=1,($I66/1000)/(($L66)*2)*$L66*1.3,IF((P$9/$N66)<1,($I66/1000)/(($L66)*2)*$L66*(0.7/($L66-1))))))))) -> 0 | Q66: =IF($L66="","",IF(OR(Q$9<$M66,Q$9>$N66),"",IF($K66=1,IF((Q$9/$M66)=1,($I66/1000)/(($L66)*2)*$L66*1.3,IF((Q$9/$M66)>1,($I66/1000)/(($L66)*2)*$L66*(0.7/($L66-1)))),IF($K66=2,($I66/1000)/$L66,IF($K66=3,IF((Q$9/$N66)=1,($I66/1000)/(($L66)*2)*$L66*1.3,IF((Q$9/$N66)<1,($I66/1000)/(($L66)*2)*$L66*(0.7/($L66-1))))))))) -> 0 | R66: =IF($L66="","",IF(OR(R$9<$M66,R$9>$N66),"",IF($K66=1,IF((R$9/$M66)=1,($I66/1000)/(($L66)*2)*$L66*1.3,IF((R$9/$M66)>1,($I66/1000)/(($L66)*2)*$L66*(0.7/($L66-1)))),IF($K66=2,($I66/1000)/$L66,IF($K66=3,IF((R$9/$N66)=1,($I66/1000)/(($L66)*2)*$L66*1.3,IF((R$9/$N66)<1,($I66/1000)/(($L66)*2)*$L66*(0.7/($L66-1))))))))) -> 0 | S66: =IF($L66="","",IF(OR(S$9<$M66,S$9>$N66),"",IF($K66=1,IF((S$9/$M66)=1,($I66/1000)/(($L66)*2)*$L66*1.3,IF((S$9/$M66)>1,($I66/1000)/(($L66)*2)*$L66*(0.7/($L66-1)))),IF($K66=2,($I66/1000)/$L66,IF($K66=3,IF((S$9/$N66)=1,($I66/1000)/(($L66)*2)*$L66*1.3,IF((S$9/$N66)<1,($I66/1000)/(($L66)*2)*$L66*(0.7/($L66-1))))))))) | T66: =IF($L66="","",IF(OR(T$9<$M66,T$9>$N66),"",IF($K66=1,IF((T$9/$M66)=1,($I66/1000)/(($L66)*2)*$L66*1.3,IF((T$9/$M66)>1,($I66/1000)/(($L66)*2)*$L66*(0.7/($L66-1)))),IF($K66=2,($I66/1000)/$L66,IF($K66=3,IF((T$9/$N66)=1,($I66/1000)/(($L66)*2)*$L66*1.3,IF((T$9/$N66)<1,($I66/1000)/(($L66)*2)*$L66*(0.7/($L66-1))))))))) | U66: =IF($L66="","",IF(OR(U$9<$M66,U$9>$N66),"",IF($K66=1,IF((U$9/$M66)=1,($I66/1000)/(($L66)*2)*$L66*1.3,IF((U$9/$M66)>1,($I66/1000)/(($L66)*2)*$L66*(0.7/($L66-1)))),IF($K66=2,($I66/1000)/$L66,IF($K66=3,IF((U$9/$N66)=1,($I66/1000)/(($L66)*2)*$L66*1.3,IF((U$9/$N66)<1,($I66/1000)/(($L66)*2)*$L66*(0.7/($L66-1))))))))) | V66: =IF($L66="","",IF(OR(V$9<$M66,V$9>$N66),"",IF($K66=1,IF((V$9/$M66)=1,($I66/1000)/(($L66)*2)*$L66*1.3,IF((V$9/$M66)>1,($I66/1000)/(($L66)*2)*$L66*(0.7/($L66-1)))),IF($K66=2,($I66/1000)/$L66,IF($K66=3,IF((V$9/$N66)=1,($I66/1000)/(($L66)*2)*$L66*1.3,IF((V$9/$N66)<1,($I66/1000)/(($L66)*2)*$L66*(0.7/($L66-1))))))))) | ... X66: =IF($L66="","",IF(OR(X$9<$M66,X$9>$N66),"",IF($K66=1,IF((X$9/$M66)=1,($I66/1000)/(($L66)*2)*$L66*1.3,IF((X$9/$M66)>1,($I66/1000)/(($L66)*2)*$L66*(0.7/($L66-1)))),IF($K66=2,($I66/1000)/$L66,IF($K66=3,IF((X$9/$N66)=1,($I66/1000)/(($L66)*2)*$L66*1.3,IF((X$9/$N66)<1,($I66/1000)/(($L66)*2)*$L66*(0.7/($L66-1)))))))))
D67: =D66+0.01 -> 6.12 | E67: Suministro e instalacion tuberia en PVC Novafort 30" | F67: m | G67: =MC!C533 -> 0 | H67: ='6.12'!$G$42 -> 658159 | I67: =+G67*H67 -> 0 | K67: 3 | L67: 4 | M67: 1 | N67: =IF(L67="","",M67+L67-1) -> 4 | O67: =IF($L67="","",IF(OR(O$9<$M67,O$9>$N67),"",IF($K67=1,IF((O$9/$M67)=1,($I67/1000)/(($L67)*2)*$L67*1.3,IF((O$9/$M67)>1,($I67/1000)/(($L67)*2)*$L67*(0.7/($L67-1)))),IF($K67=2,($I67/1000)/$L67,IF($K67=3,IF((O$9/$N67)=1,($I67/1000)/(($L67)*2)*$L67*1.3,IF((O$9/$N67)<1,($I67/1000)/(($L67)*2)*$L67*(0.7/($L67-1))))))))) -> 0 | P67: =IF($L67="","",IF(OR(P$9<$M67,P$9>$N67),"",IF($K67=1,IF((P$9/$M67)=1,($I67/1000)/(($L67)*2)*$L67*1.3,IF((P$9/$M67)>1,($I67/1000)/(($L67)*2)*$L67*(0.7/($L67-1)))),IF($K67=2,($I67/1000)/$L67,IF($K67=3,IF((P$9/$N67)=1,($I67/1000)/(($L67)*2)*$L67*1.3,IF((P$9/$N67)<1,($I67/1000)/(($L67)*2)*$L67*(0.7/($L67-1))))))))) -> 0 | Q67: =IF($L67="","",IF(OR(Q$9<$M67,Q$9>$N67),"",IF($K67=1,IF((Q$9/$M67)=1,($I67/1000)/(($L67)*2)*$L67*1.3,IF((Q$9/$M67)>1,($I67/1000)/(($L67)*2)*$L67*(0.7/($L67-1)))),IF($K67=2,($I67/1000)/$L67,IF($K67=3,IF((Q$9/$N67)=1,($I67/1000)/(($L67)*2)*$L67*1.3,IF((Q$9/$N67)<1,($I67/1000)/(($L67)*2)*$L67*(0.7/($L67-1))))))))) -> 0 | R67: =IF($L67="","",IF(OR(R$9<$M67,R$9>$N67),"",IF($K67=1,IF((R$9/$M67)=1,($I67/1000)/(($L67)*2)*$L67*1.3,IF((R$9/$M67)>1,($I67/1000)/(($L67)*2)*$L67*(0.7/($L67-1)))),IF($K67=2,($I67/1000)/$L67,IF($K67=3,IF((R$9/$N67)=1,($I67/1000)/(($L67)*2)*$L67*1.3,IF((R$9/$N67)<1,($I67/1000)/(($L67)*2)*$L67*(0.7/($L67-1))))))))) -> 0 | S67: =IF($L67="","",IF(OR(S$9<$M67,S$9>$N67),"",IF($K67=1,IF((S$9/$M67)=1,($I67/1000)/(($L67)*2)*$L67*1.3,IF((S$9/$M67)>1,($I67/1000)/(($L67)*2)*$L67*(0.7/($L67-1)))),IF($K67=2,($I67/1000)/$L67,IF($K67=3,IF((S$9/$N67)=1,($I67/1000)/(($L67)*2)*$L67*1.3,IF((S$9/$N67)<1,($I67/1000)/(($L67)*2)*$L67*(0.7/($L67-1))))))))) | T67: =IF($L67="","",IF(OR(T$9<$M67,T$9>$N67),"",IF($K67=1,IF((T$9/$M67)=1,($I67/1000)/(($L67)*2)*$L67*1.3,IF((T$9/$M67)>1,($I67/1000)/(($L67)*2)*$L67*(0.7/($L67-1)))),IF($K67=2,($I67/1000)/$L67,IF($K67=3,IF((T$9/$N67)=1,($I67/1000)/(($L67)*2)*$L67*1.3,IF((T$9/$N67)<1,($I67/1000)/(($L67)*2)*$L67*(0.7/($L67-1))))))))) | U67: =IF($L67="","",IF(OR(U$9<$M67,U$9>$N67),"",IF($K67=1,IF((U$9/$M67)=1,($I67/1000)/(($L67)*2)*$L67*1.3,IF((U$9/$M67)>1,($I67/1000)/(($L67)*2)*$L67*(0.7/($L67-1)))),IF($K67=2,($I67/1000)/$L67,IF($K67=3,IF((U$9/$N67)=1,($I67/1000)/(($L67)*2)*$L67*1.3,IF((U$9/$N67)<1,($I67/1000)/(($L67)*2)*$L67*(0.7/($L67-1))))))))) | V67: =IF($L67="","",IF(OR(V$9<$M67,V$9>$N67),"",IF($K67=1,IF((V$9/$M67)=1,($I67/1000)/(($L67)*2)*$L67*1.3,IF((V$9/$M67)>1,($I67/1000)/(($L67)*2)*$L67*(0.7/($L67-1)))),IF($K67=2,($I67/1000)/$L67,IF($K67=3,IF((V$9/$N67)=1,($I67/1000)/(($L67)*2)*$L67*1.3,IF((V$9/$N67)<1,($I67/1000)/(($L67)*2)*$L67*(0.7/($L67-1))))))))) | ... X67: =IF($L67="","",IF(OR(X$9<$M67,X$9>$N67),"",IF($K67=1,IF((X$9/$M67)=1,($I67/1000)/(($L67)*2)*$L67*1.3,IF((X$9/$M67)>1,($I67/1000)/(($L67)*2)*$L67*(0.7/($L67-1)))),IF($K67=2,($I67/1000)/$L67,IF($K67=3,IF((X$9/$N67)=1,($I67/1000)/(($L67)*2)*$L67*1.3,IF((X$9/$N67)<1,($I67/1000)/(($L67)*2)*$L67*(0.7/($L67-1)))))))))
D68: =D67+0.01 -> 6.13 | E68: Suministro e instalacion tuberia en PVC Novafort 33" | F68: m | G68: =MC!C537 -> 0 | H68: ='6.13'!$G$42 -> 832470 | I68: =+G68*H68 -> 0 | K68: 3 | L68: 4 | M68: 1 | N68: =IF(L68="","",M68+L68-1) -> 4 | O68: =IF($L68="","",IF(OR(O$9<$M68,O$9>$N68),"",IF($K68=1,IF((O$9/$M68)=1,($I68/1000)/(($L68)*2)*$L68*1.3,IF((O$9/$M68)>1,($I68/1000)/(($L68)*2)*$L68*(0.7/($L68-1)))),IF($K68=2,($I68/1000)/$L68,IF($K68=3,IF((O$9/$N68)=1,($I68/1000)/(($L68)*2)*$L68*1.3,IF((O$9/$N68)<1,($I68/1000)/(($L68)*2)*$L68*(0.7/($L68-1))))))))) -> 0 | P68: =IF($L68="","",IF(OR(P$9<$M68,P$9>$N68),"",IF($K68=1,IF((P$9/$M68)=1,($I68/1000)/(($L68)*2)*$L68*1.3,IF((P$9/$M68)>1,($I68/1000)/(($L68)*2)*$L68*(0.7/($L68-1)))),IF($K68=2,($I68/1000)/$L68,IF($K68=3,IF((P$9/$N68)=1,($I68/1000)/(($L68)*2)*$L68*1.3,IF((P$9/$N68)<1,($I68/1000)/(($L68)*2)*$L68*(0.7/($L68-1))))))))) -> 0 | Q68: =IF($L68="","",IF(OR(Q$9<$M68,Q$9>$N68),"",IF($K68=1,IF((Q$9/$M68)=1,($I68/1000)/(($L68)*2)*$L68*1.3,IF((Q$9/$M68)>1,($I68/1000)/(($L68)*2)*$L68*(0.7/($L68-1)))),IF($K68=2,($I68/1000)/$L68,IF($K68=3,IF((Q$9/$N68)=1,($I68/1000)/(($L68)*2)*$L68*1.3,IF((Q$9/$N68)<1,($I68/1000)/(($L68)*2)*$L68*(0.7/($L68-1))))))))) -> 0 | R68: =IF($L68="","",IF(OR(R$9<$M68,R$9>$N68),"",IF($K68=1,IF((R$9/$M68)=1,($I68/1000)/(($L68)*2)*$L68*1.3,IF((R$9/$M68)>1,($I68/1000)/(($L68)*2)*$L68*(0.7/($L68-1)))),IF($K68=2,($I68/1000)/$L68,IF($K68=3,IF((R$9/$N68)=1,($I68/1000)/(($L68)*2)*$L68*1.3,IF((R$9/$N68)<1,($I68/1000)/(($L68)*2)*$L68*(0.7/($L68-1))))))))) -> 0 | S68: =IF($L68="","",IF(OR(S$9<$M68,S$9>$N68),"",IF($K68=1,IF((S$9/$M68)=1,($I68/1000)/(($L68)*2)*$L68*1.3,IF((S$9/$M68)>1,($I68/1000)/(($L68)*2)*$L68*(0.7/($L68-1)))),IF($K68=2,($I68/1000)/$L68,IF($K68=3,IF((S$9/$N68)=1,($I68/1000)/(($L68)*2)*$L68*1.3,IF((S$9/$N68)<1,($I68/1000)/(($L68)*2)*$L68*(0.7/($L68-1))))))))) | T68: =IF($L68="","",IF(OR(T$9<$M68,T$9>$N68),"",IF($K68=1,IF((T$9/$M68)=1,($I68/1000)/(($L68)*2)*$L68*1.3,IF((T$9/$M68)>1,($I68/1000)/(($L68)*2)*$L68*(0.7/($L68-1)))),IF($K68=2,($I68/1000)/$L68,IF($K68=3,IF((T$9/$N68)=1,($I68/1000)/(($L68)*2)*$L68*1.3,IF((T$9/$N68)<1,($I68/1000)/(($L68)*2)*$L68*(0.7/($L68-1))))))))) | U68: =IF($L68="","",IF(OR(U$9<$M68,U$9>$N68),"",IF($K68=1,IF((U$9/$M68)=1,($I68/1000)/(($L68)*2)*$L68*1.3,IF((U$9/$M68)>1,($I68/1000)/(($L68)*2)*$L68*(0.7/($L68-1)))),IF($K68=2,($I68/1000)/$L68,IF($K68=3,IF((U$9/$N68)=1,($I68/1000)/(($L68)*2)*$L68*1.3,IF((U$9/$N68)<1,($I68/1000)/(($L68)*2)*$L68*(0.7/($L68-1))))))))) | V68: =IF($L68="","",IF(OR(V$9<$M68,V$9>$N68),"",IF($K68=1,IF((V$9/$M68)=1,($I68/1000)/(($L68)*2)*$L68*1.3,IF((V$9/$M68)>1,($I68/1000)/(($L68)*2)*$L68*(0.7/($L68-1)))),IF($K68=2,($I68/1000)/$L68,IF($K68=3,IF((V$9/$N68)=1,($I68/1000)/(($L68)*2)*$L68*1.3,IF((V$9/$N68)<1,($I68/1000)/(($L68)*2)*$L68*(0.7/($L68-1))))))))) | ... X68: =IF($L68="","",IF(OR(X$9<$M68,X$9>$N68),"",IF($K68=1,IF((X$9/$M68)=1,($I68/1000)/(($L68)*2)*$L68*1.3,IF((X$9/$M68)>1,($I68/1000)/(($L68)*2)*$L68*(0.7/($L68-1)))),IF($K68=2,($I68/1000)/$L68,IF($K68=3,IF((X$9/$N68)=1,($I68/1000)/(($L68)*2)*$L68*1.3,IF((X$9/$N68)<1,($I68/1000)/(($L68)*2)*$L68*(0.7/($L68-1)))))))))
D69: =D68+0.01 -> 6.14 | E69: Suministro e instalacion tuberia en PVC Novafort 36" | F69: m | G69: =MC!C541 -> 0 | H69: ='6.14'!$G$42 -> 1217610 | I69: =+G69*H69 -> 0 | K69: 3 | L69: 4 | M69: 1 | N69: =IF(L69="","",M69+L69-1) -> 4 | O69: =IF($L69="","",IF(OR(O$9<$M69,O$9>$N69),"",IF($K69=1,IF((O$9/$M69)=1,($I69/1000)/(($L69)*2)*$L69*1.3,IF((O$9/$M69)>1,($I69/1000)/(($L69)*2)*$L69*(0.7/($L69-1)))),IF($K69=2,($I69/1000)/$L69,IF($K69=3,IF((O$9/$N69)=1,($I69/1000)/(($L69)*2)*$L69*1.3,IF((O$9/$N69)<1,($I69/1000)/(($L69)*2)*$L69*(0.7/($L69-1))))))))) -> 0 | P69: =IF($L69="","",IF(OR(P$9<$M69,P$9>$N69),"",IF($K69=1,IF((P$9/$M69)=1,($I69/1000)/(($L69)*2)*$L69*1.3,IF((P$9/$M69)>1,($I69/1000)/(($L69)*2)*$L69*(0.7/($L69-1)))),IF($K69=2,($I69/1000)/$L69,IF($K69=3,IF((P$9/$N69)=1,($I69/1000)/(($L69)*2)*$L69*1.3,IF((P$9/$N69)<1,($I69/1000)/(($L69)*2)*$L69*(0.7/($L69-1))))))))) -> 0 | Q69: =IF($L69="","",IF(OR(Q$9<$M69,Q$9>$N69),"",IF($K69=1,IF((Q$9/$M69)=1,($I69/1000)/(($L69)*2)*$L69*1.3,IF((Q$9/$M69)>1,($I69/1000)/(($L69)*2)*$L69*(0.7/($L69-1)))),IF($K69=2,($I69/1000)/$L69,IF($K69=3,IF((Q$9/$N69)=1,($I69/1000)/(($L69)*2)*$L69*1.3,IF((Q$9/$N69)<1,($I69/1000)/(($L69)*2)*$L69*(0.7/($L69-1))))))))) -> 0 | R69: =IF($L69="","",IF(OR(R$9<$M69,R$9>$N69),"",IF($K69=1,IF((R$9/$M69)=1,($I69/1000)/(($L69)*2)*$L69*1.3,IF((R$9/$M69)>1,($I69/1000)/(($L69)*2)*$L69*(0.7/($L69-1)))),IF($K69=2,($I69/1000)/$L69,IF($K69=3,IF((R$9/$N69)=1,($I69/1000)/(($L69)*2)*$L69*1.3,IF((R$9/$N69)<1,($I69/1000)/(($L69)*2)*$L69*(0.7/($L69-1))))))))) -> 0 | S69: =IF($L69="","",IF(OR(S$9<$M69,S$9>$N69),"",IF($K69=1,IF((S$9/$M69)=1,($I69/1000)/(($L69)*2)*$L69*1.3,IF((S$9/$M69)>1,($I69/1000)/(($L69)*2)*$L69*(0.7/($L69-1)))),IF($K69=2,($I69/1000)/$L69,IF($K69=3,IF((S$9/$N69)=1,($I69/1000)/(($L69)*2)*$L69*1.3,IF((S$9/$N69)<1,($I69/1000)/(($L69)*2)*$L69*(0.7/($L69-1))))))))) | T69: =IF($L69="","",IF(OR(T$9<$M69,T$9>$N69),"",IF($K69=1,IF((T$9/$M69)=1,($I69/1000)/(($L69)*2)*$L69*1.3,IF((T$9/$M69)>1,($I69/1000)/(($L69)*2)*$L69*(0.7/($L69-1)))),IF($K69=2,($I69/1000)/$L69,IF($K69=3,IF((T$9/$N69)=1,($I69/1000)/(($L69)*2)*$L69*1.3,IF((T$9/$N69)<1,($I69/1000)/(($L69)*2)*$L69*(0.7/($L69-1))))))))) | U69: =IF($L69="","",IF(OR(U$9<$M69,U$9>$N69),"",IF($K69=1,IF((U$9/$M69)=1,($I69/1000)/(($L69)*2)*$L69*1.3,IF((U$9/$M69)>1,($I69/1000)/(($L69)*2)*$L69*(0.7/($L69-1)))),IF($K69=2,($I69/1000)/$L69,IF($K69=3,IF((U$9/$N69)=1,($I69/1000)/(($L69)*2)*$L69*1.3,IF((U$9/$N69)<1,($I69/1000)/(($L69)*2)*$L69*(0.7/($L69-1))))))))) | V69: =IF($L69="","",IF(OR(V$9<$M69,V$9>$N69),"",IF($K69=1,IF((V$9/$M69)=1,($I69/1000)/(($L69)*2)*$L69*1.3,IF((V$9/$M69)>1,($I69/1000)/(($L69)*2)*$L69*(0.7/($L69-1)))),IF($K69=2,($I69/1000)/$L69,IF($K69=3,IF((V$9/$N69)=1,($I69/1000)/(($L69)*2)*$L69*1.3,IF((V$9/$N69)<1,($I69/1000)/(($L69)*2)*$L69*(0.7/($L69-1))))))))) | ... X69: =IF($L69="","",IF(OR(X$9<$M69,X$9>$N69),"",IF($K69=1,IF((X$9/$M69)=1,($I69/1000)/(($L69)*2)*$L69*1.3,IF((X$9/$M69)>1,($I69/1000)/(($L69)*2)*$L69*(0.7/($L69-1)))),IF($K69=2,($I69/1000)/$L69,IF($K69=3,IF((X$9/$N69)=1,($I69/1000)/(($L69)*2)*$L69*1.3,IF((X$9/$N69)<1,($I69/1000)/(($L69)*2)*$L69*(0.7/($L69-1)))))))))
D70: =D69+0.01 -> 6.15 | E70: Suministro e instalacion tuberia en PVC Novafort 39" | F70: m | G70: =MC!C545 -> 0 | H70: ='6.15'!$G$42 -> 1600613 | I70: =+G70*H70 -> 0 | K70: 3 | L70: 4 | M70: 1 | N70: =IF(L70="","",M70+L70-1) -> 4 | O70: =IF($L70="","",IF(OR(O$9<$M70,O$9>$N70),"",IF($K70=1,IF((O$9/$M70)=1,($I70/1000)/(($L70)*2)*$L70*1.3,IF((O$9/$M70)>1,($I70/1000)/(($L70)*2)*$L70*(0.7/($L70-1)))),IF($K70=2,($I70/1000)/$L70,IF($K70=3,IF((O$9/$N70)=1,($I70/1000)/(($L70)*2)*$L70*1.3,IF((O$9/$N70)<1,($I70/1000)/(($L70)*2)*$L70*(0.7/($L70-1))))))))) -> 0 | P70: =IF($L70="","",IF(OR(P$9<$M70,P$9>$N70),"",IF($K70=1,IF((P$9/$M70)=1,($I70/1000)/(($L70)*2)*$L70*1.3,IF((P$9/$M70)>1,($I70/1000)/(($L70)*2)*$L70*(0.7/($L70-1)))),IF($K70=2,($I70/1000)/$L70,IF($K70=3,IF((P$9/$N70)=1,($I70/1000)/(($L70)*2)*$L70*1.3,IF((P$9/$N70)<1,($I70/1000)/(($L70)*2)*$L70*(0.7/($L70-1))))))))) -> 0 | Q70: =IF($L70="","",IF(OR(Q$9<$M70,Q$9>$N70),"",IF($K70=1,IF((Q$9/$M70)=1,($I70/1000)/(($L70)*2)*$L70*1.3,IF((Q$9/$M70)>1,($I70/1000)/(($L70)*2)*$L70*(0.7/($L70-1)))),IF($K70=2,($I70/1000)/$L70,IF($K70=3,IF((Q$9/$N70)=1,($I70/1000)/(($L70)*2)*$L70*1.3,IF((Q$9/$N70)<1,($I70/1000)/(($L70)*2)*$L70*(0.7/($L70-1))))))))) -> 0 | R70: =IF($L70="","",IF(OR(R$9<$M70,R$9>$N70),"",IF($K70=1,IF((R$9/$M70)=1,($I70/1000)/(($L70)*2)*$L70*1.3,IF((R$9/$M70)>1,($I70/1000)/(($L70)*2)*$L70*(0.7/($L70-1)))),IF($K70=2,($I70/1000)/$L70,IF($K70=3,IF((R$9/$N70)=1,($I70/1000)/(($L70)*2)*$L70*1.3,IF((R$9/$N70)<1,($I70/1000)/(($L70)*2)*$L70*(0.7/($L70-1))))))))) -> 0 | S70: =IF($L70="","",IF(OR(S$9<$M70,S$9>$N70),"",IF($K70=1,IF((S$9/$M70)=1,($I70/1000)/(($L70)*2)*$L70*1.3,IF((S$9/$M70)>1,($I70/1000)/(($L70)*2)*$L70*(0.7/($L70-1)))),IF($K70=2,($I70/1000)/$L70,IF($K70=3,IF((S$9/$N70)=1,($I70/1000)/(($L70)*2)*$L70*1.3,IF((S$9/$N70)<1,($I70/1000)/(($L70)*2)*$L70*(0.7/($L70-1))))))))) | T70: =IF($L70="","",IF(OR(T$9<$M70,T$9>$N70),"",IF($K70=1,IF((T$9/$M70)=1,($I70/1000)/(($L70)*2)*$L70*1.3,IF((T$9/$M70)>1,($I70/1000)/(($L70)*2)*$L70*(0.7/($L70-1)))),IF($K70=2,($I70/1000)/$L70,IF($K70=3,IF((T$9/$N70)=1,($I70/1000)/(($L70)*2)*$L70*1.3,IF((T$9/$N70)<1,($I70/1000)/(($L70)*2)*$L70*(0.7/($L70-1))))))))) | U70: =IF($L70="","",IF(OR(U$9<$M70,U$9>$N70),"",IF($K70=1,IF((U$9/$M70)=1,($I70/1000)/(($L70)*2)*$L70*1.3,IF((U$9/$M70)>1,($I70/1000)/(($L70)*2)*$L70*(0.7/($L70-1)))),IF($K70=2,($I70/1000)/$L70,IF($K70=3,IF((U$9/$N70)=1,($I70/1000)/(($L70)*2)*$L70*1.3,IF((U$9/$N70)<1,($I70/1000)/(($L70)*2)*$L70*(0.7/($L70-1))))))))) | V70: =IF($L70="","",IF(OR(V$9<$M70,V$9>$N70),"",IF($K70=1,IF((V$9/$M70)=1,($I70/1000)/(($L70)*2)*$L70*1.3,IF((V$9/$M70)>1,($I70/1000)/(($L70)*2)*$L70*(0.7/($L70-1)))),IF($K70=2,($I70/1000)/$L70,IF($K70=3,IF((V$9/$N70)=1,($I70/1000)/(($L70)*2)*$L70*1.3,IF((V$9/$N70)<1,($I70/1000)/(($L70)*2)*$L70*(0.7/($L70-1))))))))) | ... X70: =IF($L70="","",IF(OR(X$9<$M70,X$9>$N70),"",IF($K70=1,IF((X$9/$M70)=1,($I70/1000)/(($L70)*2)*$L70*1.3,IF((X$9/$M70)>1,($I70/1000)/(($L70)*2)*$L70*(0.7/($L70-1)))),IF($K70=2,($I70/1000)/$L70,IF($K70=3,IF((X$9/$N70)=1,($I70/1000)/(($L70)*2)*$L70*1.3,IF((X$9/$N70)<1,($I70/1000)/(($L70)*2)*$L70*(0.7/($L70-1)))))))))
